Workbook
Name _ftn1: 【解説】BS貸借対照表!$E$18
Name _ftn1: BS貸借対照表!$E$18
Name _ftn2: 【解説】BS貸借対照表!#REF!
Name _ftn2: BS貸借対照表!#REF!
Name _ftnref1: 【解説】BS貸借対照表!#REF!
Name _ftnref1: BS貸借対照表!#REF!
Name _ftnref2: 【解説】BS貸借対照表!#REF!
Name _ftnref2: BS貸借対照表!#REF!
Name a: #REF!
Name b: #REF!
Name Webページ: #REF!
Name クラウド利用費_A: #REF!
Name クラウド利用費_B: #REF!
Name クラウド利用費_C: #REF!
Name グローバル展開_インバウンド市場開拓: #REF!
Name グローバル展開_海外市場開拓: #REF!
Name グローバル展開_海外事業者との共同事業: #REF!
Name グローバル展開_事業転換: #REF!
Name グローバル展開の類型_変更理由: #REF!
Name サブタイトル: #REF!
Name その他支援者１_契約期間: #REF!
Name その他支援者１_支援者名: #REF!
Name その他支援者１_支店名: #REF!
Name その他支援者１_担当者名等: #REF!
Name その他支援者１_報酬: #REF!
Name その他支援者１_本店・支店: #REF!
Name その他支援者２_契約期間: #REF!
Name その他支援者２_支援者名: #REF!
Name その他支援者２_支店名: #REF!
Name その他支援者２_担当者名等: #REF!
Name その他支援者２_報酬: #REF!
Name その他支援者２_本店・支店: #REF!
Name その他支援者３_契約期間: #REF!
Name その他支援者３_支援者名: #REF!
Name その他支援者３_支店名: #REF!
Name その他支援者３_担当者名等: #REF!
Name その他支援者３_報酬: #REF!
Name その他支援者３_本店・支店: #REF!
Name その他支援者４_契約期間: #REF!
Name その他支援者４_支援者名: #REF!
Name その他支援者４_支店名: #REF!
Name その他支援者４_担当者名等: #REF!
Name その他支援者４_報酬: #REF!
Name その他支援者４_本店・支店: #REF!
Name その他支援者５_契約期間: #REF!
Name その他支援者５_支援者名: #REF!
Name その他支援者５_支店名: #REF!
Name その他支援者５_担当者名等: #REF!
Name その他支援者５_報酬: #REF!
Name その他支援者５_本店・支店: #REF!
Name その他事業実施場所_変更理由: #REF!
Name タイトル: #REF!
Name 運搬費_A: #REF!
Name 運搬費_B: #REF!
Name 運搬費_C: #REF!
Name 加点１: #REF!
Name 加点２: #REF!
Name 課税所得額_１５億円以下: #REF!
Name 課税所得額_１５億円超: #REF!
Name 課税所得額_２年前: #REF!

Sheet はじめに
AH2: ver. | AI2: 1.0 | AJ2: .2
C3: 1. 本ファイルの目的
D5: 本補助金の応募申請では、事業計画関連の申請内容を以下4種類のファイル(応募申請画面インポート用フォーマット)に記入していただきます。
D7: 本ファイルは「財務情報・収益計画」の情報を記入いただくフォーマットとなりますので、「3. 本ファイルの利用方法」に従い作成のうえ、
D8: 応募申請時に電子申請システムに添付してください。
E11: ➊ 応募申請画面インポート用フォーマット(事業計画)
E12: ・ | F12: 会社概要、経営戦略及び補助事業計画を入力するフォーマットです。
E14: ❷ 応募申請画面インポート用フォーマット(財務情報・収益計画)
E15: ・ | F15: 直近の貸借対照表・損益計算書の内容及び本補助金の要件を満たす収益計画を入力するフォーマットです。
E17: ❸ 応募申請画面インポート用フォーマット(資金調達表・補助対象予定経費)
E18: ・ | F18: 補助事業の実施にあたり見込まれる補助対象経費の具体的な内容及び金額、必要な資金の調達方法及び金額等を入力する
F19: フォーマットです。
E21: ❹ 応募申請画面インポート用フォーマット(スケジュール_補助事業実施期間・事業計画期間)
E22: ・ | F22: 補助事業実施期間及び事業計画期間の補助事業の実施スケジュールを入力するフォーマットです。
C26: 2. 各シートの概要
D28: シート名 | L28: 主な内容・役割
D29: はじめに | L29: (※本シート) 本ファイルの目的、各シートの入力方法等について説明しています。
D30: BS貸借対照表 | L30: 直近3期分の貸借対照表(BS)の内容を入力します。
D31: PL損益計算書・収益計画 | L31: 直近3期分の損益計算書(PL)に加えて、「付加価値額要件」、「賃上げ要件」、「賃上げ特例要件(賃上げ特例の適用を受ける場合のみ)」を満たす収益計画を作成し、内容を入力します。
D32: 【解説】BS貸借対照表 | L32: 貸借対照表の各項目や自動計算の対象項目について解説しています。
D33: 【解説】PL損益計算書・収益計画 | L33: 損益計算書及び収益計画の各項目や自動計算の対象項目について解説しています。
C36: 3. 本ファイルの利用方法
D38: 凡例
H40: ：要入力(黒太枠で囲われているセルに値を入力してください)
H42: ：入力不要(入力内容に応じ、不要な項目はグレーアウトされます)
E44: XXXX | H44: ：入力不可(関数で自動入力されます)
E46: - | H46: ：入力不可(入力不要です)
D48: ① 「BS貸借対照表」シートの入力
E50: ❶ | F50: 「補助対象事業枠」(Q3)をプルダウンから選択してください。
E52: ❷ | F52: 「決算書等の提出可能期数」(Q4)をプルダウンから選択してください。
F53: ・ | G53: 提出可能な決算書の期数と合わせてプルダウンから選択してください。
F54: ・ | G54: 新規設立・創業後1年に満たない事業者(革新的新製品・サービス枠及びグローバル枠で申請する場合)で
G55: 決算書が1期もない場合は「0期分」を選択してください。
F56: ・ | G56: 電子申請システムの応募申請画面で、直近3期分の決算書の提出が必要です。
G57: 直近3期分の提出ができない場合は、今期までの決算書の提出が必要です。
E59: ❸ | F59: 「直近の事業年度の決算期間の月数」(Q5)をプルダウンから選択してください。
F60: ・ | G60: 直近の事業年度の決算書の対象が何か月分なのか選択してください。
G61: ※ | H61: ❷で0期分を選択した事業者は本項目は選択不要です。
E63: ❹ | F63: 直近3期分の貸借対照表(BS)をもとに、値を入力してください。
F64: ・ | G64: 「【解説】BS貸借対照表」シートを確認してから、値を入力してください。
E66: ❺ | F66: シート右上にある「提出可否」(Q7)が"OK"になっていることを確認してください。
F67: ・ | G67: 入力内容に不備がある場合は"NG"になりますので、以下を参考に入力内容を修正してください。
G68: ・ | H68: 「補助対象事業枠」、「決算書等の提出可能期数」、「直近の事業年度の決算期間の月数」が選択されているか
G69: ・ | H69: すべての項目に値が入力されているか(0円の場合も"0"を入力)
G70: ・ | H70: 金額の桁数が合っているか
G71: ・ | H71: 金額に小数が入力されていないか
H72: ※ | I72: 小数を入力していても、セルの表示は小数点第1位が四捨五入された整数になります。
I73: 小数になっているかどうかは、確認したいセルを選択し、画面上部の数式バーからご確認ください。
G87: ・ | H87: 「資産の総合計」と「負債・純資産の総合計」の値が等しくなっているか
F89: ＜入力イメージ＞
D109: ② 「PL損益計算書・収益計画」シートの入力
E111: ❶ | F111: シート右上にある「事業計画期間」(Q5)、「賃上げ特例要件適用有無」(Q6)を、それぞれプルダウンから選択してください。
E113: ❷ | F113: 「直近の事業年度の2期前」(E3)、「直近の事業年度の1期前」(F3)及び「直近の事業年度」(G3)をプルダウンから選択してください。
E115: ❸ | F115: 「申請時の事業年度」(H3)をプルダウンから選択してください。
F116: ・ | G116: 応募申請締切日(2026年10月30日)が属する月の末日を含む事業年度を選択してください。
G117: 自身の決算月に基づいて、以下を参考にプルダウンから選択してください。
F120: 💡 | G120: 決算月×申請時の事業年度の早見表
H122: 決算月 | K122: 申請時の事業年度 | Q122: 対象範囲(応募申請締切日が含まれる)
J123: 1月 | K123: 46388 | Q123: 46054 | V123: ～ | Y123: 46418
J124: 2月 | K124: 46419 | Q124: 46082 | V124: ～ | Y124: 46446
J125: 3月 | K125: 46447 | Q125: 46113 | V125: ～ | Y125: 46477
J126: 4月 | K126: 46478 | Q126: 46143 | V126: ～ | Y126: 46507
J127: 5月 | K127: 46508 | Q127: 46174 | V127: ～ | Y127: 46538
J128: 6月 | K128: 46539 | Q128: 46204 | V128: ～ | Y128: 46568
J129: 7月 | K129: 46569 | Q129: 46235 | V129: ～ | Y129: 46599
J130: 8月 | K130: 46600 | Q130: 46266 | V130: ～ | Y130: 46630
J131: 9月 | K131: 46631 | Q131: 46296 | V131: ～ | Y131: 46660
J132: *10月 | K132: 46296 | Q132: 45962 | V132: ～ | Y132: 46326
J133: 11月 | K133: 46327 | Q133: 45992 | V133: ～ | Y133: 46356
J134: 12月 | K134: 46357 | Q134: 46023 | V134: ～ | Y134: 46387
H136: * | I136: 決算日が2027年10月1日～10月30日の事業者は、申請時の事業年度は「2027年10月」を選択してください。
H137: * | I137: 決算日が2027年10月31日の事業者は、申請時の事業年度は「2026年10月」を選択してください。
E140: ❹ | F140: 「補助事業終了年度(基準年度)」(I3)をプルダウンから選択してください。
F141: ・ | G141: 補助事業実施期間によっては、「申請時の事業年度」と「補助事業終了年度(基準年度)」が同じ年度になる場合もあります。
G142: その場合は、当該項目の年度は同じ年度をプルダウンから選択してください。
F143: ※ | G143: 「補助事業終了年度(基準年度)」に応じて、「1年度目」以降の年度が自動入力されます。
F144: ※ | G144: 「申請時の事業年度」と「補助事業終了年度(基準年度)」が同じ年度になる場合は、各入力項目のH列とI列は同じ値を入力してください。
E146: ❺ | F146: 本シートは大きく4つの要素で構成されています。「【解説】PL損益計算書・収益計画」シートを確認してから、値を入力してください。
F147: ・ | G147: PL損益計算書
F148: ・ | G148: 付加価値情報
F149: ・ | G149: 雇用・賃金情報
F150: ・ | G150: 投資計画
F151: ※ | G151: 記入項目は正の値で入力してください。(過払いの戻入れ等でマイナスになる場合は負の値を入力してください。)
F152: ※ | G152: 創業後間もない場合や、決算月変更等の理由により、当該事業期間が12か月に満たない場合、12か月換算するのではなく
G153: 決算書上の数字をそのまま入力してください。
E155: ➏ | F155: シート右側にある各補助対象要件のチェック欄が"OK"になっていることを確認してください。
F156: ※ | G156: 要件を満たしていない場合は"NG"になりますので、以下を参考に入力内容を修正してください。
F159: 💡 | G159: 補助対象要件のチェック欄が"NG"の時の対応方法
F161: ▶ | G161: 「賃上げ要件」が"NG"の場合
G163: ＜確認対象項目＞
G164: A | H164: 事業計画期間最終年度の「1人当たり給与支給総額の年平均成長率」(L54～N54)
H165: ※ | I165: 事業計画期間最終年度の「1人当たり給与支給総額の年平均成長率」(L54～N54)=
I166: {(事業計画期間最終年度の「1人当たり給与支給総額」(L53～N53) / 基準年度の「1人当たり給与支給総額」(I53))
I167: ^(1/事業計画年数(Q5))-1}×100
H168: ※ | I168: 「^」はべき乗を示します。
H169: ※ | I169: 「1人当たり給与支給総額の年平均成長率」は、小数点第2位以下を切り捨てし、自動計算で算出します。
H170: ※ | I170: 「1人当たりの給与支給総額」(L53～N53)=「給与支給総額」(L51～N51)÷「従業員数」(L49～N49)
G172: ＜確認観点(要件)＞
H173: 補助事業終了後3～5年の事業計画期間において、1人当たり給与支給総額の年平均成長率(A)が
H174: 3.5%以上増加する見込みの計画となっているか。
...

Sheet BS貸借対照表
G2: 金額(円) | N2: 金額(円) | S2: 形式チェック | Y2: 必須チェック | AE2: 数値チェック | AH2: 不要箇所チェック
B3: 科目 | E3: 直近の事業年度の 2期前 | F3: 直近の事業年度の 1期前 | G3: 直近の事業年度 | I3: 科目 | L3: 直近の事業年度の 2期前 | M3: 直近の事業年度の 1期前 | N3: 直近の事業年度 | P3: 補助対象事業枠 | S3: - | T3: - | U3: - | V3: - | W3: - | X3: - | Y3: =IF($Q$4=リスト!$B$6, IF(AND($Q$3<>"",$Q$4<>""), "OK", "NG"), IF(AND($Q$3<>"",$Q$4<>"",$Q$5<>""), "OK", "NG") ) -> NG | Z3: - | AA3: - | AB3: - | AC3: - | AD3: - | AE3: - | AF3: - | AG3: - | AH3: =IF($Q$4=リスト!$B$6, IF($Q$5<>"", "NG", "OK"), "-") -> - | AI3: - | AJ3: - | AK3: - | AL3: - | AM3: -
B4: 資産の部 | I4: 負債の部 | P4: 決算書等の提出可能期数 | S4: - | T4: - | U4: - | V4: - | W4: - | X4: - | Y4: - | Z4: - | AA4: - | AB4: - | AC4: - | AD4: - | AE4: - | AF4: - | AG4: - | AH4: - | AI4: - | AJ4: - | AK4: - | AL4: - | AM4: -
B5: 流動資産 | E5: =SUM(E6:E10) -> 0 | F5: =SUM(F6:F10) -> 0 | G5: =SUM(G6:G10) -> 0 | I5: 流動負債 | L5: =SUM(L6:L10) -> 0 | M5: =SUM(M6:M10) -> 0 | N5: =SUM(N6:N10) -> 0 | P5: 直近の事業年度の 決算期間の月数 | S5: =IF(E5="", "-", IFERROR(IF(AND(ISNUMBER(E5),E5=INT(E5),E5>=0,LEN(E5)<=12),"OK","NG"),"NG")) -> OK | T5: =IF(F5="", "-", IFERROR(IF(AND(ISNUMBER(F5),F5=INT(F5),F5>=0,LEN(F5)<=12),"OK","NG"),"NG")) -> OK | U5: =IF(G5="", "-", IFERROR(IF(AND(ISNUMBER(G5),G5=INT(G5),G5>=0,LEN(G5)<=12),"OK","NG"),"NG")) -> OK | V5: =IF(L5="", "-", IFERROR(IF(AND(ISNUMBER(L5),L5=INT(L5),L5>=0,LEN(L5)<=12),"OK","NG"),"NG")) -> OK | W5: =IF(M5="", "-", IFERROR(IF(AND(ISNUMBER(M5),M5=INT(M5),M5>=0,LEN(M5)<=12),"OK","NG"),"NG")) -> OK | X5: =IF(N5="", "-", IFERROR(IF(AND(ISNUMBER(N5),N5=INT(N5),N5>=0,LEN(N5)<=12),"OK","NG"),"NG")) -> OK | Y5: - | Z5: - | AA5: - | AB5: - | AC5: - | AD5: - | AE5: - | AF5: - | AG5: - | AH5: - | AI5: - | AJ5: - | AK5: - | AL5: - | AM5: -
C6: 現金及び預金 | J6: 支払手形*2 | S6: =IF(E6="", "-", IFERROR(IF(AND(ISNUMBER(E6),E6=INT(E6),LEN(ABS(E6))<=12),"OK","NG"),"NG")) -> - | T6: =IF(F6="", "-", IFERROR(IF(AND(ISNUMBER(F6),F6=INT(F6),LEN(ABS(F6))<=12),"OK","NG"),"NG")) -> - | U6: =IF(G6="", "-", IFERROR(IF(AND(ISNUMBER(G6),G6=INT(G6),LEN(ABS(G6))<=12),"OK","NG"),"NG")) -> - | V6: =IF(L6="", "-", IFERROR(IF(AND(ISNUMBER(L6),L6=INT(L6),LEN(ABS(L6))<=12),"OK","NG"),"NG")) -> - | W6: =IF(M6="", "-", IFERROR(IF(AND(ISNUMBER(M6),M6=INT(M6),LEN(ABS(M6))<=12),"OK","NG"),"NG")) -> - | X6: =IF(N6="", "-", IFERROR(IF(AND(ISNUMBER(N6),N6=INT(N6),LEN(ABS(N6))<=12),"OK","NG"),"NG")) -> - | Y6: =IF($Q$4=リスト!$B$3, IF(E6="","NG","OK"), "-") -> - | Z6: =IF(OR($Q$4=リスト!$B$3,$Q$4=リスト!$B$4), IF(F6="","NG","OK"), "-") -> - | AA6: =IF(OR($Q$4=リスト!$B$3,$Q$4=リスト!$B$4,$Q$4=リスト!$B$5), IF(G6="","NG","OK"), "-") -> - | AB6: =IF($Q$4=リスト!$B$3, IF(L6="","NG","OK"), "-") -> - | AC6: =IF(OR($Q$4=リスト!$B$3,$Q$4=リスト!$B$4), IF(M6="","NG","OK"), "-") -> - | AD6: =IF(OR($Q$4=リスト!$B$3,$Q$4=リスト!$B$4,$Q$4=リスト!$B$5), IF(N6="","NG","OK"), "-") -> - | AE6: - | AF6: - | AG6: - | AH6: =IF(OR($Q$4=リスト!$B$4,$Q$4=リスト!$B$5,$Q$4=リスト!$B$6), IF(E6<>"","NG","OK"), "-") -> - | AI6: =IF(OR($Q$4=リスト!$B$5,$Q$4=リスト!$B$6), IF(F6<>"","NG","OK"), "-") -> - | AJ6: =IF($Q$4=リスト!$B$6, IF(G6<>"","NG","OK"), "-") -> - | AK6: =IF(OR($Q$4=リスト!$B$4,$Q$4=リスト!$B$5,$Q$4=リスト!$B$6), IF(L6<>"","NG","OK"), "-") -> - | AL6: =IF(OR($Q$4=リスト!$B$5,$Q$4=リスト!$B$6), IF(M6<>"","NG","OK"), "-") -> - | AM6: =IF($Q$4=リスト!$B$6, IF(N6<>"","NG","OK"), "-") -> -
C7: 受取手形*1 | J7: 買掛金 | P7: 提出可否 | Q7: =IF(COUNTIF(S3:AM22,"NG")>0,"NG","OK") -> NG | S7: =IF(E7="", "-", IFERROR(IF(AND(ISNUMBER(E7),E7=INT(E7),LEN(ABS(E7))<=12),"OK","NG"),"NG")) -> - | T7: =IF(F7="", "-", IFERROR(IF(AND(ISNUMBER(F7),F7=INT(F7),LEN(ABS(F7))<=12),"OK","NG"),"NG")) -> - | U7: =IF(G7="", "-", IFERROR(IF(AND(ISNUMBER(G7),G7=INT(G7),LEN(ABS(G7))<=12),"OK","NG"),"NG")) -> - | V7: =IF(L7="", "-", IFERROR(IF(AND(ISNUMBER(L7),L7=INT(L7),LEN(ABS(L7))<=12),"OK","NG"),"NG")) -> - | W7: =IF(M7="", "-", IFERROR(IF(AND(ISNUMBER(M7),M7=INT(M7),LEN(ABS(M7))<=12),"OK","NG"),"NG")) -> - | X7: =IF(N7="", "-", IFERROR(IF(AND(ISNUMBER(N7),N7=INT(N7),LEN(ABS(N7))<=12),"OK","NG"),"NG")) -> - | Y7: =IF($Q$4=リスト!$B$3, IF(E7="","NG","OK"), "-") -> - | Z7: =IF(OR($Q$4=リスト!$B$3,$Q$4=リスト!$B$4), IF(F7="","NG","OK"), "-") -> - | AA7: =IF(OR($Q$4=リスト!$B$3,$Q$4=リスト!$B$4,$Q$4=リスト!$B$5), IF(G7="","NG","OK"), "-") -> - | AB7: =IF($Q$4=リスト!$B$3, IF(L7="","NG","OK"), "-") -> - | AC7: =IF(OR($Q$4=リスト!$B$3,$Q$4=リスト!$B$4), IF(M7="","NG","OK"), "-") -> - | AD7: =IF(OR($Q$4=リスト!$B$3,$Q$4=リスト!$B$4,$Q$4=リスト!$B$5), IF(N7="","NG","OK"), "-") -> - | AE7: - | AF7: - | AG7: - | AH7: =IF(OR($Q$4=リスト!$B$4,$Q$4=リスト!$B$5,$Q$4=リスト!$B$6), IF(E7<>"","NG","OK"), "-") -> - | AI7: =IF(OR($Q$4=リスト!$B$5,$Q$4=リスト!$B$6), IF(F7<>"","NG","OK"), "-") -> - | AJ7: =IF($Q$4=リスト!$B$6, IF(G7<>"","NG","OK"), "-") -> - | AK7: =IF(OR($Q$4=リスト!$B$4,$Q$4=リスト!$B$5,$Q$4=リスト!$B$6), IF(L7<>"","NG","OK"), "-") -> - | AL7: =IF(OR($Q$4=リスト!$B$5,$Q$4=リスト!$B$6), IF(M7<>"","NG","OK"), "-") -> - | AM7: =IF($Q$4=リスト!$B$6, IF(N7<>"","NG","OK"), "-") -> -
C8: 売掛金 | J8: 短期借入金 | P8: =IF($Q$7="NG","※「はじめに」シートの3.①.❺をご確認の上、入力内容に誤りがないかをご確認ください。","") -> ※「はじめに」シートの3.①.❺をご確認の上、入力内容に誤りがないかをご確認ください。 | S8: =IF(E8="", "-", IFERROR(IF(AND(ISNUMBER(E8),E8=INT(E8),LEN(ABS(E8))<=12),"OK","NG"),"NG")) -> - | T8: =IF(F8="", "-", IFERROR(IF(AND(ISNUMBER(F8),F8=INT(F8),LEN(ABS(F8))<=12),"OK","NG"),"NG")) -> - | U8: =IF(G8="", "-", IFERROR(IF(AND(ISNUMBER(G8),G8=INT(G8),LEN(ABS(G8))<=12),"OK","NG"),"NG")) -> - | V8: =IF(L8="", "-", IFERROR(IF(AND(ISNUMBER(L8),L8=INT(L8),LEN(ABS(L8))<=12),"OK","NG"),"NG")) -> - | W8: =IF(M8="", "-", IFERROR(IF(AND(ISNUMBER(M8),M8=INT(M8),LEN(ABS(M8))<=12),"OK","NG"),"NG")) -> - | X8: =IF(N8="", "-", IFERROR(IF(AND(ISNUMBER(N8),N8=INT(N8),LEN(ABS(N8))<=12),"OK","NG"),"NG")) -> - | Y8: =IF($Q$4=リスト!$B$3, IF(E8="","NG","OK"), "-") -> - | Z8: =IF(OR($Q$4=リスト!$B$3,$Q$4=リスト!$B$4), IF(F8="","NG","OK"), "-") -> - | AA8: =IF(OR($Q$4=リスト!$B$3,$Q$4=リスト!$B$4,$Q$4=リスト!$B$5), IF(G8="","NG","OK"), "-") -> - | AB8: =IF($Q$4=リスト!$B$3, IF(L8="","NG","OK"), "-") -> - | AC8: =IF(OR($Q$4=リスト!$B$3,$Q$4=リスト!$B$4), IF(M8="","NG","OK"), "-") -> - | AD8: =IF(OR($Q$4=リスト!$B$3,$Q$4=リスト!$B$4,$Q$4=リスト!$B$5), IF(N8="","NG","OK"), "-") -> - | AE8: - | AF8: - | AG8: - | AH8: =IF(OR($Q$4=リスト!$B$4,$Q$4=リスト!$B$5,$Q$4=リスト!$B$6), IF(E8<>"","NG","OK"), "-") -> - | AI8: =IF(OR($Q$4=リスト!$B$5,$Q$4=リスト!$B$6), IF(F8<>"","NG","OK"), "-") -> - | AJ8: =IF($Q$4=リスト!$B$6, IF(G8<>"","NG","OK"), "-") -> - | AK8: =IF(OR($Q$4=リスト!$B$4,$Q$4=リスト!$B$5,$Q$4=リスト!$B$6), IF(L8<>"","NG","OK"), "-") -> - | AL8: =IF(OR($Q$4=リスト!$B$5,$Q$4=リスト!$B$6), IF(M8<>"","NG","OK"), "-") -> - | AM8: =IF($Q$4=リスト!$B$6, IF(N8<>"","NG","OK"), "-") -> -
C9: 棚卸資産 | J9: 1年以内返済長期借入金 | S9: =IF(E9="", "-", IFERROR(IF(AND(ISNUMBER(E9),E9=INT(E9),LEN(ABS(E9))<=12),"OK","NG"),"NG")) -> - | T9: =IF(F9="", "-", IFERROR(IF(AND(ISNUMBER(F9),F9=INT(F9),LEN(ABS(F9))<=12),"OK","NG"),"NG")) -> - | U9: =IF(G9="", "-", IFERROR(IF(AND(ISNUMBER(G9),G9=INT(G9),LEN(ABS(G9))<=12),"OK","NG"),"NG")) -> - | V9: =IF(L9="", "-", IFERROR(IF(AND(ISNUMBER(L9),L9=INT(L9),LEN(ABS(L9))<=12),"OK","NG"),"NG")) -> - | W9: =IF(M9="", "-", IFERROR(IF(AND(ISNUMBER(M9),M9=INT(M9),LEN(ABS(M9))<=12),"OK","NG"),"NG")) -> - | X9: =IF(N9="", "-", IFERROR(IF(AND(ISNUMBER(N9),N9=INT(N9),LEN(ABS(N9))<=12),"OK","NG"),"NG")) -> - | Y9: =IF($Q$4=リスト!$B$3, IF(E9="","NG","OK"), "-") -> - | Z9: =IF(OR($Q$4=リスト!$B$3,$Q$4=リスト!$B$4), IF(F9="","NG","OK"), "-") -> - | AA9: =IF(OR($Q$4=リスト!$B$3,$Q$4=リスト!$B$4,$Q$4=リスト!$B$5), IF(G9="","NG","OK"), "-") -> - | AB9: =IF($Q$4=リスト!$B$3, IF(L9="","NG","OK"), "-") -> - | AC9: =IF(OR($Q$4=リスト!$B$3,$Q$4=リスト!$B$4), IF(M9="","NG","OK"), "-") -> - | AD9: =IF(OR($Q$4=リスト!$B$3,$Q$4=リスト!$B$4,$Q$4=リスト!$B$5), IF(N9="","NG","OK"), "-") -> - | AE9: - | AF9: - | AG9: - | AH9: =IF(OR($Q$4=リスト!$B$4,$Q$4=リスト!$B$5,$Q$4=リスト!$B$6), IF(E9<>"","NG","OK"), "-") -> - | AI9: =IF(OR($Q$4=リスト!$B$5,$Q$4=リスト!$B$6), IF(F9<>"","NG","OK"), "-") -> - | AJ9: =IF($Q$4=リスト!$B$6, IF(G9<>"","NG","OK"), "-") -> - | AK9: =IF(OR($Q$4=リスト!$B$4,$Q$4=リスト!$B$5,$Q$4=リスト!$B$6), IF(L9<>"","NG","OK"), "-") -> - | AL9: =IF(OR($Q$4=リスト!$B$5,$Q$4=リスト!$B$6), IF(M9<>"","NG","OK"), "-") -> - | AM9: =IF($Q$4=リスト!$B$6, IF(N9<>"","NG","OK"), "-") -> -
C10: その他の流動資産 | J10: その他の流動負債 | S10: =IF(E10="", "-", IFERROR(IF(AND(ISNUMBER(E10),E10=INT(E10),LEN(ABS(E10))<=12),"OK","NG"),"NG")) -> - | T10: =IF(F10="", "-", IFERROR(IF(AND(ISNUMBER(F10),F10=INT(F10),LEN(ABS(F10))<=12),"OK","NG"),"NG")) -> - | U10: =IF(G10="", "-", IFERROR(IF(AND(ISNUMBER(G10),G10=INT(G10),LEN(ABS(G10))<=12),"OK","NG"),"NG")) -> - | V10: =IF(L10="", "-", IFERROR(IF(AND(ISNUMBER(L10),L10=INT(L10),LEN(ABS(L10))<=12),"OK","NG"),"NG")) -> - | W10: =IF(M10="", "-", IFERROR(IF(AND(ISNUMBER(M10),M10=INT(M10),LEN(ABS(M10))<=12),"OK","NG"),"NG")) -> - | X10: =IF(N10="", "-", IFERROR(IF(AND(ISNUMBER(N10),N10=INT(N10),LEN(ABS(N10))<=12),"OK","NG"),"NG")) -> - | Y10: =IF($Q$4=リスト!$B$3, IF(E10="","NG","OK"), "-") -> - | Z10: =IF(OR($Q$4=リスト!$B$3,$Q$4=リスト!$B$4), IF(F10="","NG","OK"), "-") -> - | AA10: =IF(OR($Q$4=リスト!$B$3,$Q$4=リスト!$B$4,$Q$4=リスト!$B$5), IF(G10="","NG","OK"), "-") -> - | AB10: =IF($Q$4=リスト!$B$3, IF(L10="","NG","OK"), "-") -> - | AC10: =IF(OR($Q$4=リスト!$B$3,$Q$4=リスト!$B$4), IF(M10="","NG","OK"), "-") -> - | AD10: =IF(OR($Q$4=リスト!$B$3,$Q$4=リスト!$B$4,$Q$4=リスト!$B$5), IF(N10="","NG","OK"), "-") -> - | AE10: - | AF10: - | AG10: - | AH10: =IF(OR($Q$4=リスト!$B$4,$Q$4=リスト!$B$5,$Q$4=リスト!$B$6), IF(E10<>"","NG","OK"), "-") -> - | AI10: =IF(OR($Q$4=リスト!$B$5,$Q$4=リスト!$B$6), IF(F10<>"","NG","OK"), "-") -> - | AJ10: =IF($Q$4=リスト!$B$6, IF(G10<>"","NG","OK"), "-") -> - | AK10: =IF(OR($Q$4=リスト!$B$4,$Q$4=リスト!$B$5,$Q$4=リスト!$B$6), IF(L10<>"","NG","OK"), "-") -> - | AL10: =IF(OR($Q$4=リスト!$B$5,$Q$4=リスト!$B$6), IF(M10<>"","NG","OK"), "-") -> - | AM10: =IF($Q$4=リスト!$B$6, IF(N10<>"","NG","OK"), "-") -> -
B11: 固定資産 | E11: =SUM(E12,E16,E18) -> 0 | F11: =SUM(F12,F16,F18) -> 0 | G11: =SUM(G12,G16,G18) -> 0 | I11: 固定負債 | S11: =IF(E11="", "-", IFERROR(IF(AND(ISNUMBER(E11),E11=INT(E11),E11>=0,LEN(E11)<=12),"OK","NG"),"NG")) -> OK | T11: =IF(F11="", "-", IFERROR(IF(AND(ISNUMBER(F11),F11=INT(F11),F11>=0,LEN(F11)<=12),"OK","NG"),"NG")) -> OK | U11: =IF(G11="", "-", IFERROR(IF(AND(ISNUMBER(G11),G11=INT(G11),G11>=0,LEN(G11)<=12),"OK","NG"),"NG")) -> OK | V11: =IF(L11="", "-", IFERROR(IF(AND(ISNUMBER(L11),L11=INT(L11),L11>=0,LEN(L11)<=12),"OK","NG"),"NG")) -> - | W11: =IF(M11="", "-", IFERROR(IF(AND(ISNUMBER(M11),M11=INT(M11),M11>=0,LEN(M11)<=12),"OK","NG"),"NG")) -> - | X11: =IF(N11="", "-", IFERROR(IF(AND(ISNUMBER(N11),N11=INT(N11),N11>=0,LEN(N11)<=12),"OK","NG"),"NG")) -> - | Y11: - | Z11: - | AA11: - | AB11: =IF($Q$4=リスト!$B$3, IF(L11="","NG","OK"), "-") -> - | AC11: =IF(OR($Q$4=リスト!$B$3,$Q$4=リスト!$B$4), IF(M11="","NG","OK"), "-") -> - | AD11: =IF(OR($Q$4=リスト!$B$3,$Q$4=リスト!$B$4,$Q$4=リスト!$B$5), IF(N11="","NG","OK"), "-") -> - | AE11: - | AF11: - | AG11: - | AH11: - | AI11: - | AJ11: - | AK11: =IF(OR($Q$4=リスト!$B$4,$Q$4=リスト!$B$5,$Q$4=リスト!$B$6), IF(L11<>"","NG","OK"), "-") -> - | AL11: =IF(OR($Q$4=リスト!$B$5,$Q$4=リスト!$B$6), IF(M11<>"","NG","OK"), "-") -> - | AM11: =IF($Q$4=リスト!$B$6, IF(N11<>"","NG","OK"), "-") -> -
C12: 有形固定資産 | J12: うち 長期借入金 | S12: =IF(E12="", "-", IFERROR(IF(AND(ISNUMBER(E12),E12=INT(E12),LEN(ABS(E12))<=12),"OK","NG"),"NG")) -> - | T12: =IF(F12="", "-", IFERROR(IF(AND(ISNUMBER(F12),F12=INT(F12),LEN(ABS(F12))<=12),"OK","NG"),"NG")) -> - | U12: =IF(G12="", "-", IFERROR(IF(AND(ISNUMBER(G12),G12=INT(G12),LEN(ABS(G12))<=12),"OK","NG"),"NG")) -> - | V12: =IF(L12="", "-", IFERROR(IF(AND(ISNUMBER(L12),L12=INT(L12),LEN(ABS(L12))<=12),"OK","NG"),"NG")) -> - | W12: =IF(M12="", "-", IFERROR(IF(AND(ISNUMBER(M12),M12=INT(M12),LEN(ABS(M12))<=12),"OK","NG"),"NG")) -> - | X12: =IF(N12="", "-", IFERROR(IF(AND(ISNUMBER(N12),N12=INT(N12),LEN(ABS(N12))<=12),"OK","NG"),"NG")) -> - | Y12: =IF($Q$4=リスト!$B$3, IF(E12="","NG","OK"), "-") -> - | Z12: =IF(OR($Q$4=リスト!$B$3,$Q$4=リスト!$B$4), IF(F12="","NG","OK"), "-") -> - | AA12: =IF(OR($Q$4=リスト!$B$3,$Q$4=リスト!$B$4,$Q$4=リスト!$B$5), IF(G12="","NG","OK"), "-") -> - | AB12: =IF($Q$4=リスト!$B$3, IF(L12="","NG","OK"), "-") -> - | AC12: =IF(OR($Q$4=リスト!$B$3,$Q$4=リスト!$B$4), IF(M12="","NG","OK"), "-") -> - | AD12: =IF(OR($Q$4=リスト!$B$3,$Q$4=リスト!$B$4,$Q$4=リスト!$B$5), IF(N12="","NG","OK"), "-") -> - | AE12: - | AF12: - | AG12: - | AH12: =IF(OR($Q$4=リスト!$B$4,$Q$4=リスト!$B$5,$Q$4=リスト!$B$6), IF(E12<>"","NG","OK"), "-") -> - | AI12: =IF(OR($Q$4=リスト!$B$5,$Q$4=リスト!$B$6), IF(F12<>"","NG","OK"), "-") -> - | AJ12: =IF($Q$4=リスト!$B$6, IF(G12<>"","NG","OK"), "-") -> - | AK12: =IF(OR($Q$4=リスト!$B$4,$Q$4=リスト!$B$5,$Q$4=リスト!$B$6), IF(L12<>"","NG","OK"), "-") -> - | AL12: =IF(OR($Q$4=リスト!$B$5,$Q$4=リスト!$B$6), IF(M12<>"","NG","OK"), "-") -> - | AM12: =IF($Q$4=リスト!$B$6, IF(N12<>"","NG","OK"), "-") -> -
D13: うち 建物及び構築物 | J13: うち 社債 | S13: =IF(E13="", "-", IFERROR(IF(AND(ISNUMBER(E13),E13=INT(E13),LEN(ABS(E13))<=12),"OK","NG"),"NG")) -> - | T13: =IF(F13="", "-", IFERROR(IF(AND(ISNUMBER(F13),F13=INT(F13),LEN(ABS(F13))<=12),"OK","NG"),"NG")) -> - | U13: =IF(G13="", "-", IFERROR(IF(AND(ISNUMBER(G13),G13=INT(G13),LEN(ABS(G13))<=12),"OK","NG"),"NG")) -> - | V13: =IF(L13="", "-", IFERROR(IF(AND(ISNUMBER(L13),L13=INT(L13),LEN(ABS(L13))<=12),"OK","NG"),"NG")) -> - | W13: =IF(M13="", "-", IFERROR(IF(AND(ISNUMBER(M13),M13=INT(M13),LEN(ABS(M13))<=12),"OK","NG"),"NG")) -> - | X13: =IF(N13="", "-", IFERROR(IF(AND(ISNUMBER(N13),N13=INT(N13),LEN(ABS(N13))<=12),"OK","NG"),"NG")) -> - | Y13: =IF($Q$4=リスト!$B$3, IF(E13="","NG","OK"), "-") -> - | Z13: =IF(OR($Q$4=リスト!$B$3,$Q$4=リスト!$B$4), IF(F13="","NG","OK"), "-") -> - | AA13: =IF(OR($Q$4=リスト!$B$3,$Q$4=リスト!$B$4,$Q$4=リスト!$B$5), IF(G13="","NG","OK"), "-") -> - | AB13: =IF($Q$4=リスト!$B$3, IF(L13="","NG","OK"), "-") -> - | AC13: =IF(OR($Q$4=リスト!$B$3,$Q$4=リスト!$B$4), IF(M13="","NG","OK"), "-") -> - | AD13: =IF(OR($Q$4=リスト!$B$3,$Q$4=リスト!$B$4,$Q$4=リスト!$B$5), IF(N13="","NG","OK"), "-") -> - | AE13: - | AF13: - | AG13: - | AH13: =IF(OR($Q$4=リスト!$B$4,$Q$4=リスト!$B$5,$Q$4=リスト!$B$6), IF(E13<>"","NG","OK"), "-") -> - | AI13: =IF(OR($Q$4=リスト!$B$5,$Q$4=リスト!$B$6), IF(F13<>"","NG","OK"), "-") -> - | AJ13: =IF($Q$4=リスト!$B$6, IF(G13<>"","NG","OK"), "-") -> - | AK13: =IF(OR($Q$4=リスト!$B$4,$Q$4=リスト!$B$5,$Q$4=リスト!$B$6), IF(L13<>"","NG","OK"), "-") -> - | AL13: =IF(OR($Q$4=リスト!$B$5,$Q$4=リスト!$B$6), IF(M13<>"","NG","OK"), "-") -> - | AM13: =IF($Q$4=リスト!$B$6, IF(N13<>"","NG","OK"), "-") -> -
D14: うち 機械装置等 | I14: その他(流動負債、固定負債を除くその他の負債) | L14: * | M14: * | N14: * | S14: =IF(E14="", "-", IFERROR(IF(AND(ISNUMBER(E14),E14=INT(E14),LEN(ABS(E14))<=12),"OK","NG"),"NG")) -> - | T14: =IF(F14="", "-", IFERROR(IF(AND(ISNUMBER(F14),F14=INT(F14),LEN(ABS(F14))<=12),"OK","NG"),"NG")) -> - | U14: =IF(G14="", "-", IFERROR(IF(AND(ISNUMBER(G14),G14=INT(G14),LEN(ABS(G14))<=12),"OK","NG"),"NG")) -> - | V14: - | W14: - | X14: - | Y14: =IF($Q$4=リスト!$B$3, IF(E14="","NG","OK"), "-") -> - | Z14: =IF(OR($Q$4=リスト!$B$3,$Q$4=リスト!$B$4), IF(F14="","NG","OK"), "-") -> - | AA14: =IF(OR($Q$4=リスト!$B$3,$Q$4=リスト!$B$4,$Q$4=リスト!$B$5), IF(G14="","NG","OK"), "-") -> - | AB14: - | AC14: - | AD14: - | AE14: - | AF14: - | AG14: - | AH14: =IF(OR($Q$4=リスト!$B$4,$Q$4=リスト!$B$5,$Q$4=リスト!$B$6), IF(E14<>"","NG","OK"), "-") -> - | AI14: =IF(OR($Q$4=リスト!$B$5,$Q$4=リスト!$B$6), IF(F14<>"","NG","OK"), "-") -> - | AJ14: =IF($Q$4=リスト!$B$6, IF(G14<>"","NG","OK"), "-") -> - | AK14: - | AL14: - | AM14: -
D15: うち 土地 | I15: 負債の総合計 | L15: =L5+L11 -> 0 | M15: =M5+M11 -> 0 | N15: =N5+N11 -> 0 | S15: =IF(E15="", "-", IFERROR(IF(AND(ISNUMBER(E15),E15=INT(E15),LEN(ABS(E15))<=12),"OK","NG"),"NG")) -> - | T15: =IF(F15="", "-", IFERROR(IF(AND(ISNUMBER(F15),F15=INT(F15),LEN(ABS(F15))<=12),"OK","NG"),"NG")) -> - | U15: =IF(G15="", "-", IFERROR(IF(AND(ISNUMBER(G15),G15=INT(G15),LEN(ABS(G15))<=12),"OK","NG"),"NG")) -> - | V15: =IF(L15="", "-", IFERROR(IF(AND(ISNUMBER(L15),L15=INT(L15),L15>=0,LEN(L15)<=12),"OK","NG"),"NG")) -> OK | W15: =IF(M15="", "-", IFERROR(IF(AND(ISNUMBER(M15),M15=INT(M15),M15>=0,LEN(M15)<=12),"OK","NG"),"NG")) -> OK | X15: =IF(N15="", "-", IFERROR(IF(AND(ISNUMBER(N15),N15=INT(N15),N15>=0,LEN(N15)<=12),"OK","NG"),"NG")) -> OK | Y15: =IF($Q$4=リスト!$B$3, IF(E15="","NG","OK"), "-") -> - | Z15: =IF(OR($Q$4=リスト!$B$3,$Q$4=リスト!$B$4), IF(F15="","NG","OK"), "-") -> - | AA15: =IF(OR($Q$4=リスト!$B$3,$Q$4=リスト!$B$4,$Q$4=リスト!$B$5), IF(G15="","NG","OK"), "-") -> - | AB15: - | AC15: - | AD15: - | AE15: - | AF15: - | AG15: - | AH15: =IF(OR($Q$4=リスト!$B$4,$Q$4=リスト!$B$5,$Q$4=リスト!$B$6), IF(E15<>"","NG","OK"), "-") -> - | AI15: =IF(OR($Q$4=リスト!$B$5,$Q$4=リスト!$B$6), IF(F15<>"","NG","OK"), "-") -> - | AJ15: =IF($Q$4=リスト!$B$6, IF(G15<>"","NG","OK"), "-") -> - | AK15: - | AL15: - | AM15: -
C16: 無形固定資産 | I16: 純資産の部 | S16: =IF(E16="", "-", IFERROR(IF(AND(ISNUMBER(E16),E16=INT(E16),LEN(ABS(E16))<=12),"OK","NG"),"NG")) -> - | T16: =IF(F16="", "-", IFERROR(IF(AND(ISNUMBER(F16),F16=INT(F16),LEN(ABS(F16))<=12),"OK","NG"),"NG")) -> - | U16: =IF(G16="", "-", IFERROR(IF(AND(ISNUMBER(G16),G16=INT(G16),LEN(ABS(G16))<=12),"OK","NG"),"NG")) -> - | V16: - | W16: - | X16: - | Y16: =IF($Q$4=リスト!$B$3, IF(E16="","NG","OK"), "-") -> - | Z16: =IF(OR($Q$4=リスト!$B$3,$Q$4=リスト!$B$4), IF(F16="","NG","OK"), "-") -> - | AA16: =IF(OR($Q$4=リスト!$B$3,$Q$4=リスト!$B$4,$Q$4=リスト!$B$5), IF(G16="","NG","OK"), "-") -> - | AB16: - | AC16: - | AD16: - | AE16: - | AF16: - | AG16: - | AH16: =IF(OR($Q$4=リスト!$B$4,$Q$4=リスト!$B$5,$Q$4=リスト!$B$6), IF(E16<>"","NG","OK"), "-") -> - | AI16: =IF(OR($Q$4=リスト!$B$5,$Q$4=リスト!$B$6), IF(F16<>"","NG","OK"), "-") -> - | AJ16: =IF($Q$4=リスト!$B$6, IF(G16<>"","NG","OK"), "-") -> - | AK16: - | AL16: - | AM16: -
D17: うち ソフトウェア | I17: 株主資本 | S17: =IF(E17="", "-", IFERROR(IF(AND(ISNUMBER(E17),E17=INT(E17),LEN(ABS(E17))<=12),"OK","NG"),"NG")) -> - | T17: =IF(F17="", "-", IFERROR(IF(AND(ISNUMBER(F17),F17=INT(F17),LEN(ABS(F17))<=12),"OK","NG"),"NG")) -> - | U17: =IF(G17="", "-", IFERROR(IF(AND(ISNUMBER(G17),G17=INT(G17),LEN(ABS(G17))<=12),"OK","NG"),"NG")) -> - | V17: =IF(L17="", "-", IFERROR(IF(AND(ISNUMBER(L17),L17=INT(L17),LEN(ABS(L17))<=12),"OK","NG"),"NG")) -> - | W17: =IF(M17="", "-", IFERROR(IF(AND(ISNUMBER(M17),M17=INT(M17),LEN(ABS(M17))<=12),"OK","NG"),"NG")) -> - | X17: =IF(N17="", "-", IFERROR(IF(AND(ISNUMBER(N17),N17=INT(N17),LEN(ABS(N17))<=12),"OK","NG"),"NG")) -> - | Y17: =IF($Q$4=リスト!$B$3, IF(E17="","NG","OK"), "-") -> - | Z17: =IF(OR($Q$4=リスト!$B$3,$Q$4=リスト!$B$4), IF(F17="","NG","OK"), "-") -> - | AA17: =IF(OR($Q$4=リスト!$B$3,$Q$4=リスト!$B$4,$Q$4=リスト!$B$5), IF(G17="","NG","OK"), "-") -> - | AB17: =IF($Q$4=リスト!$B$3, IF(L17="","NG","OK"), "-") -> - | AC17: =IF(OR($Q$4=リスト!$B$3,$Q$4=リスト!$B$4), IF(M17="","NG","OK"), "-") -> - | AD17: =IF(OR($Q$4=リスト!$B$3,$Q$4=リスト!$B$4,$Q$4=リスト!$B$5), IF(N17="","NG","OK"), "-") -> - | AE17: - | AF17: - | AG17: - | AH17: =IF(OR($Q$4=リスト!$B$4,$Q$4=リスト!$B$5,$Q$4=リスト!$B$6), IF(E17<>"","NG","OK"), "-") -> - | AI17: =IF(OR($Q$4=リスト!$B$5,$Q$4=リスト!$B$6), IF(F17<>"","NG","OK"), "-") -> - | AJ17: =IF($Q$4=リスト!$B$6, IF(G17<>"","NG","OK"), "-") -> - | AK17: =IF(OR($Q$4=リスト!$B$4,$Q$4=リスト!$B$5,$Q$4=リスト!$B$6), IF(L17<>"","NG","OK"), "-") -> - | AL17: =IF(OR($Q$4=リスト!$B$5,$Q$4=リスト!$B$6), IF(M17<>"","NG","OK"), "-") -> - | AM17: =IF($Q$4=リスト!$B$6, IF(N17<>"","NG","OK"), "-") -> -
C18: その他の固定資産 | J18: うち 資本金 | S18: =IF(E18="", "-", IFERROR(IF(AND(ISNUMBER(E18),E18=INT(E18),LEN(ABS(E18))<=12),"OK","NG"),"NG")) -> - | T18: =IF(F18="", "-", IFERROR(IF(AND(ISNUMBER(F18),F18=INT(F18),LEN(ABS(F18))<=12),"OK","NG"),"NG")) -> - | U18: =IF(G18="", "-", IFERROR(IF(AND(ISNUMBER(G18),G18=INT(G18),LEN(ABS(G18))<=12),"OK","NG"),"NG")) -> - | V18: =IF(L18="", "-", IFERROR(IF(AND(ISNUMBER(L18),L18=INT(L18),L18>=0,LEN(L18)<=12),"OK","NG"),"NG")) -> - | W18: =IF(M18="", "-", IFERROR(IF(AND(ISNUMBER(M18),M18=INT(M18),M18>=0,LEN(M18)<=12),"OK","NG"),"NG")) -> - | X18: =IF(N18="", "-", IFERROR(IF(AND(ISNUMBER(N18),N18=INT(N18),N18>=0,LEN(N18)<=12),"OK","NG"),"NG")) -> - | Y18: =IF($Q$4=リスト!$B$3, IF(E18="","NG","OK"), "-") -> - | Z18: =IF(OR($Q$4=リスト!$B$3,$Q$4=リスト!$B$4), IF(F18="","NG","OK"), "-") -> - | AA18: =IF(OR($Q$4=リスト!$B$3,$Q$4=リスト!$B$4,$Q$4=リスト!$B$5), IF(G18="","NG","OK"), "-") -> - | AB18: =IF($Q$4=リスト!$B$3, IF(L18="","NG","OK"), "-") -> - | AC18: =IF(OR($Q$4=リスト!$B$3,$Q$4=リスト!$B$4), IF(M18="","NG","OK"), "-") -> - | AD18: =IF(OR($Q$4=リスト!$B$3,$Q$4=リスト!$B$4,$Q$4=リスト!$B$5), IF(N18="","NG","OK"), "-") -> - | AE18: - | AF18: - | AG18: - | AH18: =IF(OR($Q$4=リスト!$B$4,$Q$4=リスト!$B$5,$Q$4=リスト!$B$6), IF(E18<>"","NG","OK"), "-") -> - | AI18: =IF(OR($Q$4=リスト!$B$5,$Q$4=リスト!$B$6), IF(F18<>"","NG","OK"), "-") -> - | AJ18: =IF($Q$4=リスト!$B$6, IF(G18<>"","NG","OK"), "-") -> - | AK18: =IF(OR($Q$4=リスト!$B$4,$Q$4=リスト!$B$5,$Q$4=リスト!$B$6), IF(L18<>"","NG","OK"), "-") -> - | AL18: =IF(OR($Q$4=リスト!$B$5,$Q$4=リスト!$B$6), IF(M18<>"","NG","OK"), "-") -> - | AM18: =IF($Q$4=リスト!$B$6, IF(N18<>"","NG","OK"), "-") -> -
B19: その他(流動資産、固定資産を除くその他資産) | J19: うち 利益剰余金 | S19: =IF(E19="", "-", IFERROR(IF(AND(ISNUMBER(E19),E19=INT(E19),LEN(ABS(E19))<=12),"OK","NG"),"NG")) -> - | T19: =IF(F19="", "-", IFERROR(IF(AND(ISNUMBER(F19),F19=INT(F19),LEN(ABS(F19))<=12),"OK","NG"),"NG")) -> - | U19: =IF(G19="", "-", IFERROR(IF(AND(ISNUMBER(G19),G19=INT(G19),LEN(ABS(G19))<=12),"OK","NG"),"NG")) -> - | V19: =IF(L19="", "-", IFERROR(IF(AND(ISNUMBER(L19),L19=INT(L19),LEN(ABS(L19))<=12),"OK","NG"),"NG")) -> - | W19: =IF(M19="", "-", IFERROR(IF(AND(ISNUMBER(M19),M19=INT(M19),LEN(ABS(M19))<=12),"OK","NG"),"NG")) -> - | X19: =IF(N19="", "-", IFERROR(IF(AND(ISNUMBER(N19),N19=INT(N19),LEN(ABS(N19))<=12),"OK","NG"),"NG")) -> - | Y19: =IF($Q$4=リスト!$B$3, IF(E19="","NG","OK"), "-") -> - | Z19: =IF(OR($Q$4=リスト!$B$3,$Q$4=リスト!$B$4), IF(F19="","NG","OK"), "-") -> - | AA19: =IF(OR($Q$4=リスト!$B$3,$Q$4=リスト!$B$4,$Q$4=リスト!$B$5), IF(G19="","NG","OK"), "-") -> - | AB19: =IF($Q$4=リスト!$B$3, IF(L19="","NG","OK"), "-") -> - | AC19: =IF(OR($Q$4=リスト!$B$3,$Q$4=リスト!$B$4), IF(M19="","NG","OK"), "-") -> - | AD19: =IF(OR($Q$4=リスト!$B$3,$Q$4=リスト!$B$4,$Q$4=リスト!$B$5), IF(N19="","NG","OK"), "-") -> - | AE19: - | AF19: - | AG19: - | AH19: =IF(OR($Q$4=リスト!$B$4,$Q$4=リスト!$B$5,$Q$4=リスト!$B$6), IF(E19<>"","NG","OK"), "-") -> - | AI19: =IF(OR($Q$4=リスト!$B$5,$Q$4=リスト!$B$6), IF(F19<>"","NG","OK"), "-") -> - | AJ19: =IF($Q$4=リスト!$B$6, IF(G19<>"","NG","OK"), "-") -> - | AK19: =IF(OR($Q$4=リスト!$B$4,$Q$4=リスト!$B$5,$Q$4=リスト!$B$6), IF(L19<>"","NG","OK"), "-") -> - | AL19: =IF(OR($Q$4=リスト!$B$5,$Q$4=リスト!$B$6), IF(M19<>"","NG","OK"), "-") -> - | AM19: =IF($Q$4=リスト!$B$6, IF(N19<>"","NG","OK"), "-") -> -
I20: その他(株主資本を除く純資産) | S20: - | T20: - | U20: - | V20: =IF(L20="", "-", IFERROR(IF(AND(ISNUMBER(L20),L20=INT(L20),LEN(ABS(L20))<=12),"OK","NG"),"NG")) -> - | W20: =IF(M20="", "-", IFERROR(IF(AND(ISNUMBER(M20),M20=INT(M20),LEN(ABS(M20))<=12),"OK","NG"),"NG")) -> - | X20: =IF(N20="", "-", IFERROR(IF(AND(ISNUMBER(N20),N20=INT(N20),LEN(ABS(N20))<=12),"OK","NG"),"NG")) -> - | Y20: - | Z20: - | AA20: - | AB20: =IF($Q$4=リスト!$B$3, IF(L20="","NG","OK"), "-") -> - | AC20: =IF(OR($Q$4=リスト!$B$3,$Q$4=リスト!$B$4), IF(M20="","NG","OK"), "-") -> - | AD20: =IF(OR($Q$4=リスト!$B$3,$Q$4=リスト!$B$4,$Q$4=リスト!$B$5), IF(N20="","NG","OK"), "-") -> - | AE20: - | AF20: - | AG20: - | AH20: - | AI20: - | AJ20: - | AK20: =IF(OR($Q$4=リスト!$B$4,$Q$4=リスト!$B$5,$Q$4=リスト!$B$6), IF(L20<>"","NG","OK"), "-") -> - | AL20: =IF(OR($Q$4=リスト!$B$5,$Q$4=リスト!$B$6), IF(M20<>"","NG","OK"), "-") -> - | AM20: =IF($Q$4=リスト!$B$6, IF(N20<>"","NG","OK"), "-") -> -
I21: 純資産の総合計 | L21: =SUM(L17,L20) -> 0 | M21: =SUM(M17,M20) -> 0 | N21: =SUM(N17,N20) -> 0 | S21: - | T21: - | U21: - | V21: =IF(L21="", "-", IFERROR(IF(AND(ISNUMBER(L21),L21=INT(L21),LEN(ABS(L21))<=12),"OK","NG"),"NG")) -> OK | W21: =IF(M21="", "-", IFERROR(IF(AND(ISNUMBER(M21),M21=INT(M21),LEN(ABS(M21))<=12),"OK","NG"),"NG")) -> OK | X21: =IF(N21="", "-", IFERROR(IF(AND(ISNUMBER(N21),N21=INT(N21),LEN(ABS(N21))<=12),"OK","NG"),"NG")) -> OK | Y21: - | Z21: - | AA21: - | AB21: - | AC21: - | AD21: - | AE21: - | AF21: - | AG21: - | AH21: - | AI21: - | AJ21: - | AK21: - | AL21: - | AM21: -
B22: 資産の総合計 | E22: =SUM(E5,E11,E19) -> 0 | F22: =SUM(F5,F11,F19) -> 0 | G22: =SUM(G5,G11,G19) -> 0 | I22: 負債・純資産の総合計 | L22: =SUM(L15,L21) -> 0 | M22: =SUM(M15,M21) -> 0 | N22: =SUM(N15,N21) -> 0 | S22: =IF(E22="", "-", IFERROR(IF(AND(ISNUMBER(E22),E22=INT(E22),E22>=0,LEN(E22)<=12),"OK","NG"),"NG")) -> OK | T22: =IF(F22="", "-", IFERROR(IF(AND(ISNUMBER(F22),F22=INT(F22),F22>=0,LEN(F22)<=12),"OK","NG"),"NG")) -> OK | U22: =IF(G22="", "-", IFERROR(IF(AND(ISNUMBER(G22),G22=INT(G22),G22>=0,LEN(G22)<=12),"OK","NG"),"NG")) -> OK | V22: =IF(L22="", "-", IFERROR(IF(AND(ISNUMBER(L22),L22=INT(L22),L22>=0,LEN(L22)<=12),"OK","NG"),"NG")) -> OK | W22: =IF(M22="", "-", IFERROR(IF(AND(ISNUMBER(M22),M22=INT(M22),M22>=0,LEN(M22)<=12),"OK","NG"),"NG")) -> OK | X22: =IF(N22="", "-", IFERROR(IF(AND(ISNUMBER(N22),N22=INT(N22),N22>=0,LEN(N22)<=12),"OK","NG"),"NG")) -> OK | Y22: - | Z22: - | AA22: - | AB22: - | AC22: - | AD22: - | AE22: =IF(E22<>L22,"NG","OK") -> OK | AF22: =IF(F22<>M22,"NG","OK") -> OK | AG22: =IF(G22<>N22,"NG","OK") -> OK | AH22: - | AI22: - | AJ22: - | AK22: - | AL22: - | AM22: -
B24: *1 | D24: 受取手形には、割引手形を含めた金額を入力してください。
B25: *2 | D25: 支払手形には、設備支払手形は含めません。

Sheet PL損益計算書・収益計画
E2: 直近の事業年度の 2期前 | F2: 直近の事業年度の 1期前 | G2: 直近の事業年度 | H2: 申請時の事業年度 | I2: 補助事業終了年度 (基準年度) | J2: 1年度目 | K2: 2年度目 | L2: 3年度目 | M2: 4年度目 | N2: 5年度目 | P2: 補助対象事業枠 | Q2: =IF(BS貸借対照表!$Q$3="","",BS貸借対照表!$Q$3) | S2: 形式 チェック | W2: 必須 チェック | AA2: 不要箇所 チェック
B3: 金額項目の単位：円 | J3: =IF($I$3<>"",EDATE($I$3,12),"") | K3: =IF($I$3<>"",EDATE($I$3,24),"") | L3: =IF($I$3<>"",EDATE($I$3,36),"") | M3: =IF($I$3<>"",EDATE($I$3,48),"") | N3: =IF($I$3<>"",EDATE($I$3,60),"") | P3: 決算書等の提出可能期数 | Q3: =IF(BS貸借対照表!$Q$4="","",BS貸借対照表!$Q$4) | S3: - | T3: - | U3: - | V3: - | W3: =IF($Q$3=リスト!$B$3, IF(OR($E3="", $F3="", $G3=""), "NG", "OK"), IF($Q$3=リスト!$B$4, IF(OR($F3="", $G3=""), "NG", "OK"), IF($Q$3=リスト!$B$5, IF($G3="", "NG", "OK"), "-"))) -> - | X3: =IF(H3="", "NG", "OK") -> NG | Y3: =IF(I3="", "NG", "OK") -> NG | Z3: =IF(OR($Q$5="", $Q$6=""), "NG", "OK") -> NG | AA3: =IF($Q$3=リスト!$B$4, IF($E3<>"", "NG", "OK"), IF($Q$3=リスト!$B$5, IF(OR($E3<>"", $F3<>""), "NG", "OK"), IF($Q$3=リスト!$B$6, IF(OR($E3<>"", $F3<>"", $G3<>""), "NG", "OK"), "-"))) -> -
B4: PL損益計算書 | P4: (直近の事業年度) 決算期間の月数 | Q4: =IF(BS貸借対照表!$Q$5="","",BS貸借対照表!$Q$5) | S4: - | T4: - | U4: - | V4: - | W4: - | X4: - | Y4: - | Z4: - | AA4: =IF($Q$3=リスト!$B$4, IF(COUNTA(E6,E9,E11:E12,E18,E20,E22:E23,E29:E30,E32:E33,E35,E46:E51,E56:E60)>0,"NG","OK"), IF($Q$3=リスト!$B$5, IF(COUNTA(E6:F6,E9:F9,E11:F12,E18:F18,E20:F20,E22:F23,E29:F30,E32:F33,E35:F35,E46:F51,E56:F60)>0,"NG","OK"), IF($Q$3=リスト!$B$6, IF(COUNTA(E6:G6,E9:G9,E11:G12,E18:G18,E20:G20,E22:G23,E29:G30,E32:G33,E35:G35,E46:G51,E56:G60)>0,"NG","OK"), "-"))) -> -
B5: 売上高 | E5: =E6+E7 -> 0 | F5: =F6+F7 -> 0 | G5: =G6+G7 -> 0 | H5: =H6+H7 -> 0 | I5: =I6+I7 -> 0 | J5: =J6+J7 -> 0 | K5: =K6+K7 -> 0 | L5: =L6+L7 -> 0 | ... N5: =N6+N7 -> 0 | P5: 事業計画期間 | S5: =IF($Q$3=リスト!$B$3, IFERROR(IF(AND( ISNUMBER(E5), E5=INT(E5), E5>=0, LEN(E5)<=12, ISNUMBER(F5), F5=INT(F5), F5>=0, LEN(F5)<=12, ISNUMBER(G5), G5=INT(G5), G5>=0, LEN(G5)<=12), "OK","NG"),"NG"), IF($Q$3=リスト!$B$4, IFERROR(IF(AND( ISNUMBER(F5), F5=INT(F5), F5>=0, LEN(F5)<=12, ISNUMBER(G5), G5=INT(G5), G5>=0, LEN(G5)<=12), "OK","NG"),"NG"), IF($Q$3=リスト!$B$5, IFERROR(IF(AND( ISNUMBER(G5), G5=INT(G5), G5>=0, LEN(G5)<=12), "OK","NG"),"NG"), "-"))) -> - | T5: =IFERROR(IF(AND( ISNUMBER(H5),H5=INT(H5),H5>=0,LEN(H5)<=12), "OK","NG"),"NG" ) -> OK | U5: =IFERROR(IF(AND( ISNUMBER(I5),I5=INT(I5),I5>=0,LEN(I5)<=12), "OK","NG"),"NG" ) -> OK | V5: =IFERROR(IF($Q$5=リスト!$J$3, IF(AND(ISNUMBER(J5),J5=INT(J5),J5>=0,LEN(J5)<=12, ISNUMBER(K5),K5=INT(K5),K5>=0,LEN(K5)<=12, ISNUMBER(L5),L5=INT(L5),L5>=0,LEN(L5)<=12), "OK","NG"), IF($Q$5=リスト!$J$4, IF(AND(ISNUMBER(J5),J5=INT(J5),J5>=0,LEN(J5)<=12, ISNUMBER(K5),K5=INT(K5),K5>=0,LEN(K5)<=12, ISNUMBER(L5),L5=INT(L5),L5>=0,LEN(L5)<=12, ISNUMBER(M5),M5=INT(M5),M5>=0,LEN(M5)<=12), "OK","NG"), IF($Q$5=リスト!$J$5, IF(AND(ISNUMBER(J5),J5=INT(J5),J5>=0,LEN(J5)<=12, ISNUMBER(K5),K5=INT(K5),K5>=0,LEN(K5)<=12, ISNUMBER(L5),L5=INT(L5),L5>=0,LEN(L5)<=12, ISNUMBER(M5),M5=INT(M5),M5>=0,LEN(M5)<=12, ISNUMBER(N5),N5=INT(N5),N5>=0,LEN(N5)<=12), "OK","NG"), "NG"))),"NG") -> NG | W5: - | X5: - | Y5: - | Z5: - | AA5: =IF($Q$5=リスト!$J$3, IF(COUNTA(M6:N7,M9:N9,M11:N14,M18:N18,M20:N20,M22:N25,M29:N30,M46:N49,M51:N52,M56:N56)>0,"NG","OK"), IF($Q$5=リスト!$J$4, IF(COUNTA(N6:N7,N9,N11:N14,N18,N20,N22:N25,N29:N30,N46:N49,N51:N52,N56)>0,"NG","OK"), "-")) -> -
C6: 既存事業の売上高 | P6: 賃上げ特例要件 適用有無 | S6: =IF($Q$3=リスト!$B$3, IFERROR(IF(AND( ISNUMBER(E6), E6=INT(E6), E6>=0, LEN(E6)<=12, ISNUMBER(F6), F6=INT(F6), F6>=0, LEN(F6)<=12, ISNUMBER(G6), G6=INT(G6), G6>=0, LEN(G6)<=12), "OK","NG"),"NG"), IF($Q$3=リスト!$B$4, IFERROR(IF(AND( ISNUMBER(F6), F6=INT(F6), F6>=0, LEN(F6)<=12, ISNUMBER(G6), G6=INT(G6), G6>=0, LEN(G6)<=12), "OK","NG"),"NG"), IF($Q$3=リスト!$B$5, IFERROR(IF(AND( ISNUMBER(G6), G6=INT(G6), G6>=0, LEN(G6)<=12), "OK","NG"),"NG"), "-"))) -> - | T6: =IFERROR(IF(AND( ISNUMBER(H6),H6=INT(H6),H6>=0,LEN(H6)<=12), "OK","NG"),"NG" ) -> NG | U6: =IFERROR(IF(AND( ISNUMBER(I6),I6=INT(I6),I6>=0,LEN(I6)<=12), "OK","NG"),"NG" ) -> NG | V6: =IFERROR(IF($Q$5=リスト!$J$3, IF(AND(ISNUMBER(J6),J6=INT(J6),J6>=0,LEN(J6)<=12, ISNUMBER(K6),K6=INT(K6),K6>=0,LEN(K6)<=12, ISNUMBER(L6),L6=INT(L6),L6>=0,LEN(L6)<=12), "OK","NG"), IF($Q$5=リスト!$J$4, IF(AND(ISNUMBER(J6),J6=INT(J6),J6>=0,LEN(J6)<=12, ISNUMBER(K6),K6=INT(K6),K6>=0,LEN(K6)<=12, ISNUMBER(L6),L6=INT(L6),L6>=0,LEN(L6)<=12, ISNUMBER(M6),M6=INT(M6),M6>=0,LEN(M6)<=12), "OK","NG"), IF($Q$5=リスト!$J$5, IF(AND(ISNUMBER(J6),J6=INT(J6),J6>=0,LEN(J6)<=12, ISNUMBER(K6),K6=INT(K6),K6>=0,LEN(K6)<=12, ISNUMBER(L6),L6=INT(L6),L6>=0,LEN(L6)<=12, ISNUMBER(M6),M6=INT(M6),M6>=0,LEN(M6)<=12, ISNUMBER(N6),N6=INT(N6),N6>=0,LEN(N6)<=12), "OK","NG"), "NG"))),"NG") -> NG | W6: =IF($Q$3=リスト!$B$3, IF(OR($E6="", $F6="", $G6=""), "NG", "OK"), IF($Q$3=リスト!$B$4, IF(OR($F6="", $G6=""), "NG", "OK"), IF($Q$3=リスト!$B$5, IF($G6="", "NG", "OK"), "-"))) -> - | X6: =IF(H6="", "NG", "OK") -> NG | Y6: =IF(I6="", "NG", "OK") -> NG | Z6: =IF($Q$5=リスト!$J$3, IF(COUNTA($J6:$L6)<3, "NG", "OK"), IF($Q$5=リスト!$J$4, IF(COUNTA($J6:$M6)<4, "NG", "OK"), IF($Q$5=リスト!$J$5, IF(COUNTA($J6:$N6)<5, "NG", "OK"), "NG"))) -> NG | AA6: -
C7: 補助事業の売上高 | S7: - | T7: - | U7: =IFERROR(IF(AND( ISNUMBER(I7),I7=INT(I7),I7>=0,LEN(I7)<=12), "OK","NG"),"NG" ) -> NG | V7: =IFERROR(IF($Q$5=リスト!$J$3, IF(AND(ISNUMBER(J7),J7=INT(J7),J7>=0,LEN(J7)<=12, ISNUMBER(K7),K7=INT(K7),K7>=0,LEN(K7)<=12, ISNUMBER(L7),L7=INT(L7),L7>=0,LEN(L7)<=12), "OK","NG"), IF($Q$5=リスト!$J$4, IF(AND(ISNUMBER(J7),J7=INT(J7),J7>=0,LEN(J7)<=12, ISNUMBER(K7),K7=INT(K7),K7>=0,LEN(K7)<=12, ISNUMBER(L7),L7=INT(L7),L7>=0,LEN(L7)<=12, ISNUMBER(M7),M7=INT(M7),M7>=0,LEN(M7)<=12), "OK","NG"), IF($Q$5=リスト!$J$5, IF(AND(ISNUMBER(J7),J7=INT(J7),J7>=0,LEN(J7)<=12, ISNUMBER(K7),K7=INT(K7),K7>=0,LEN(K7)<=12, ISNUMBER(L7),L7=INT(L7),L7>=0,LEN(L7)<=12, ISNUMBER(M7),M7=INT(M7),M7>=0,LEN(M7)<=12, ISNUMBER(N7),N7=INT(N7),N7>=0,LEN(N7)<=12), "OK","NG"), "NG"))),"NG") -> NG | W7: - | X7: - | Y7: =IF($I7="", "NG", "OK") -> NG | Z7: =IF($Q$5=リスト!$J$3, IF(COUNTA($J7:$L7)<3, "NG", "OK"), IF($Q$5=リスト!$J$4, IF(COUNTA($J7:$M7)<4, "NG", "OK"), IF($Q$5=リスト!$J$5, IF(COUNTA($J7:$N7)<5, "NG", "OK"), "NG"))) -> NG | AA7: -
B8: 売上原価 | E8: =E11+E13 -> 0 | F8: =F11+F13 -> 0 | G8: =G11+G13 -> 0 | H8: =H11+H13 -> 0 | I8: =I11+I13 -> 0 | J8: =J11+J13 -> 0 | K8: =K11+K13 -> 0 | L8: =L11+L13 -> 0 | ... N8: =N11+N13 -> 0 | P8: 提出可否 | Q8: =IF(COUNTIF(S3:AA60, "NG") + COUNTIF(Q11:Q13, "NG") > 0, "NG", "OK") -> NG | S8: =IF($Q$3=リスト!$B$3, IFERROR(IF(AND( ISNUMBER(E8), E8=INT(E8), E8>=0, LEN(E8)<=12, ISNUMBER(F8), F8=INT(F8), F8>=0, LEN(F8)<=12, ISNUMBER(G8), G8=INT(G8), G8>=0, LEN(G8)<=12), "OK","NG"),"NG"), IF($Q$3=リスト!$B$4, IFERROR(IF(AND( ISNUMBER(F8), F8=INT(F8), F8>=0, LEN(F8)<=12, ISNUMBER(G8), G8=INT(G8), G8>=0, LEN(G8)<=12), "OK","NG"),"NG"), IF($Q$3=リスト!$B$5, IFERROR(IF(AND( ISNUMBER(G8), G8=INT(G8), G8>=0, LEN(G8)<=12), "OK","NG"),"NG"), "-"))) -> - | T8: =IFERROR(IF(AND( ISNUMBER(H8),H8=INT(H8),H8>=0,LEN(H8)<=12), "OK","NG"),"NG" ) -> OK | U8: =IFERROR(IF(AND( ISNUMBER(I8),I8=INT(I8),I8>=0,LEN(I8)<=12), "OK","NG"),"NG" ) -> OK | V8: =IFERROR(IF($Q$5=リスト!$J$3, IF(AND(ISNUMBER(J8),J8=INT(J8),J8>=0,LEN(J8)<=12, ISNUMBER(K8),K8=INT(K8),K8>=0,LEN(K8)<=12, ISNUMBER(L8),L8=INT(L8),L8>=0,LEN(L8)<=12), "OK","NG"), IF($Q$5=リスト!$J$4, IF(AND(ISNUMBER(J8),J8=INT(J8),J8>=0,LEN(J8)<=12, ISNUMBER(K8),K8=INT(K8),K8>=0,LEN(K8)<=12, ISNUMBER(L8),L8=INT(L8),L8>=0,LEN(L8)<=12, ISNUMBER(M8),M8=INT(M8),M8>=0,LEN(M8)<=12), "OK","NG"), IF($Q$5=リスト!$J$5, IF(AND(ISNUMBER(J8),J8=INT(J8),J8>=0,LEN(J8)<=12, ISNUMBER(K8),K8=INT(K8),K8>=0,LEN(K8)<=12, ISNUMBER(L8),L8=INT(L8),L8>=0,LEN(L8)<=12, ISNUMBER(M8),M8=INT(M8),M8>=0,LEN(M8)<=12, ISNUMBER(N8),N8=INT(N8),N8>=0,LEN(N8)<=12), "OK","NG"), "NG"))),"NG") -> NG | W8: - | X8: - | Y8: - | Z8: - | AA8: -
C9: うち 労務費*1 | P9: =IF($Q$8="NG","※「はじめに」シートの3.②.❻,❼をご確認の上、入力内容に誤りがないかをご確認ください。","") -> ※「はじめに」シートの3.②.❻,❼をご確認の上、入力内容に誤りがないかをご確認ください。 | S9: =IF($Q$3=リスト!$B$3, IFERROR(IF(AND( ISNUMBER(E9), E9=INT(E9), E9>=0, LEN(E9)<=12, ISNUMBER(F9), F9=INT(F9), F9>=0, LEN(F9)<=12, ISNUMBER(G9), G9=INT(G9), G9>=0, LEN(G9)<=12), "OK","NG"),"NG"), IF($Q$3=リスト!$B$4, IFERROR(IF(AND( ISNUMBER(F9), F9=INT(F9), F9>=0, LEN(F9)<=12, ISNUMBER(G9), G9=INT(G9), G9>=0, LEN(G9)<=12), "OK","NG"),"NG"), IF($Q$3=リスト!$B$5, IFERROR(IF(AND( ISNUMBER(G9), G9=INT(G9), G9>=0, LEN(G9)<=12), "OK","NG"),"NG"), "-"))) -> - | T9: =IFERROR(IF(AND( ISNUMBER(H9),H9=INT(H9),H9>=0,LEN(H9)<=12), "OK","NG"),"NG" ) -> NG | U9: =IFERROR(IF(AND( ISNUMBER(I9),I9=INT(I9),I9>=0,LEN(I9)<=12), "OK","NG"),"NG" ) -> NG | V9: =IFERROR(IF($Q$5=リスト!$J$3, IF(AND(ISNUMBER(J9),J9=INT(J9),J9>=0,LEN(J9)<=12, ISNUMBER(K9),K9=INT(K9),K9>=0,LEN(K9)<=12, ISNUMBER(L9),L9=INT(L9),L9>=0,LEN(L9)<=12), "OK","NG"), IF($Q$5=リスト!$J$4, IF(AND(ISNUMBER(J9),J9=INT(J9),J9>=0,LEN(J9)<=12, ISNUMBER(K9),K9=INT(K9),K9>=0,LEN(K9)<=12, ISNUMBER(L9),L9=INT(L9),L9>=0,LEN(L9)<=12, ISNUMBER(M9),M9=INT(M9),M9>=0,LEN(M9)<=12), "OK","NG"), IF($Q$5=リスト!$J$5, IF(AND(ISNUMBER(J9),J9=INT(J9),J9>=0,LEN(J9)<=12, ISNUMBER(K9),K9=INT(K9),K9>=0,LEN(K9)<=12, ISNUMBER(L9),L9=INT(L9),L9>=0,LEN(L9)<=12, ISNUMBER(M9),M9=INT(M9),M9>=0,LEN(M9)<=12, ISNUMBER(N9),N9=INT(N9),N9>=0,LEN(N9)<=12), "OK","NG"), "NG"))),"NG") -> NG | W9: =IF($Q$3=リスト!$B$3, IF(OR($E9="", $F9="", $G9=""), "NG", "OK"), IF($Q$3=リスト!$B$4, IF(OR($F9="", $G9=""), "NG", "OK"), IF($Q$3=リスト!$B$5, IF($G9="", "NG", "OK"), "-"))) -> - | X9: =IF(H9="", "NG", "OK") -> NG | Y9: =IF(I9="", "NG", "OK") -> NG | Z9: =IF($Q$5=リスト!$J$3, IF(COUNTA($J9:$L9)<3, "NG", "OK"), IF($Q$5=リスト!$J$4, IF(COUNTA($J9:$M9)<4, "NG", "OK"), IF($Q$5=リスト!$J$5, IF(COUNTA($J9:$N9)<5, "NG", "OK"), "NG"))) -> NG | AA9: -
C10: うち 減価償却費 | E10: =E12+E14 -> 0 | F10: =F12+F14 -> 0 | G10: =G12+G14 -> 0 | H10: =H12+H14 -> 0 | I10: =I12+I14 -> 0 | J10: =J12+J14 -> 0 | K10: =K12+K14 -> 0 | L10: =L12+L14 -> 0 | ... N10: =N12+N14 -> 0 | S10: =IF($Q$3=リスト!$B$3, IFERROR(IF(AND( ISNUMBER(E10), E10=INT(E10), E10>=0, LEN(E10)<=12, ISNUMBER(F10), F10=INT(F10), F10>=0, LEN(F10)<=12, ISNUMBER(G10), G10=INT(G10), G10>=0, LEN(G10)<=12), "OK","NG"),"NG"), IF($Q$3=リスト!$B$4, IFERROR(IF(AND( ISNUMBER(F10), F10=INT(F10), F10>=0, LEN(F10)<=12, ISNUMBER(G10), G10=INT(G10), G10>=0, LEN(G10)<=12), "OK","NG"),"NG"), IF($Q$3=リスト!$B$5, IFERROR(IF(AND( ISNUMBER(G10), G10=INT(G10), G10>=0, LEN(G10)<=12), "OK","NG"),"NG"), "-"))) -> - | T10: =IFERROR(IF(AND( ISNUMBER(H10),H10=INT(H10),H10>=0,LEN(H10)<=12), "OK","NG"),"NG" ) -> OK | U10: =IFERROR(IF(AND( ISNUMBER(I10),I10=INT(I10),I10>=0,LEN(I10)<=12), "OK","NG"),"NG" ) -> OK | V10: =IFERROR(IF($Q$5=リスト!$J$3, IF(AND(ISNUMBER(J10),J10=INT(J10),J10>=0,LEN(J10)<=12, ISNUMBER(K10),K10=INT(K10),K10>=0,LEN(K10)<=12, ISNUMBER(L10),L10=INT(L10),L10>=0,LEN(L10)<=12), "OK","NG"), IF($Q$5=リスト!$J$4, IF(AND(ISNUMBER(J10),J10=INT(J10),J10>=0,LEN(J10)<=12, ISNUMBER(K10),K10=INT(K10),K10>=0,LEN(K10)<=12, ISNUMBER(L10),L10=INT(L10),L10>=0,LEN(L10)<=12, ISNUMBER(M10),M10=INT(M10),M10>=0,LEN(M10)<=12), "OK","NG"), IF($Q$5=リスト!$J$5, IF(AND(ISNUMBER(J10),J10=INT(J10),J10>=0,LEN(J10)<=12, ISNUMBER(K10),K10=INT(K10),K10>=0,LEN(K10)<=12, ISNUMBER(L10),L10=INT(L10),L10>=0,LEN(L10)<=12, ISNUMBER(M10),M10=INT(M10),M10>=0,LEN(M10)<=12, ISNUMBER(N10),N10=INT(N10),N10>=0,LEN(N10)<=12), "OK","NG"), "NG"))),"NG") -> NG | W10: - | X10: - | Y10: - | Z10: - | AA10: -
C11: 既存事業の売上原価 | P11: 賃上げ要件 | Q11: =IF(Q5="", "", IF( CHOOSE(MATCH(Q5, {"3年間","4年間","5年間"}, 0), L54, M54, N54) >= 3.5, "OK", "NG")) | S11: =IF($Q$3=リスト!$B$3, IFERROR(IF(AND( ISNUMBER(E11), E11=INT(E11), E11>=0, LEN(E11)<=12, ISNUMBER(F11), F11=INT(F11), F11>=0, LEN(F11)<=12, ISNUMBER(G11), G11=INT(G11), G11>=0, LEN(G11)<=12), "OK","NG"),"NG"), IF($Q$3=リスト!$B$4, IFERROR(IF(AND( ISNUMBER(F11), F11=INT(F11), F11>=0, LEN(F11)<=12, ISNUMBER(G11), G11=INT(G11), G11>=0, LEN(G11)<=12), "OK","NG"),"NG"), IF($Q$3=リスト!$B$5, IFERROR(IF(AND( ISNUMBER(G11), G11=INT(G11), G11>=0, LEN(G11)<=12), "OK","NG"),"NG"), "-"))) -> - | T11: =IFERROR(IF(AND( ISNUMBER(H11),H11=INT(H11),H11>=0,LEN(H11)<=12), "OK","NG"),"NG" ) -> NG | U11: =IFERROR(IF(AND( ISNUMBER(I11),I11=INT(I11),I11>=0,LEN(I11)<=12), "OK","NG"),"NG" ) -> NG | V11: =IFERROR(IF($Q$5=リスト!$J$3, IF(AND(ISNUMBER(J11),J11=INT(J11),J11>=0,LEN(J11)<=12, ISNUMBER(K11),K11=INT(K11),K11>=0,LEN(K11)<=12, ISNUMBER(L11),L11=INT(L11),L11>=0,LEN(L11)<=12), "OK","NG"), IF($Q$5=リスト!$J$4, IF(AND(ISNUMBER(J11),J11=INT(J11),J11>=0,LEN(J11)<=12, ISNUMBER(K11),K11=INT(K11),K11>=0,LEN(K11)<=12, ISNUMBER(L11),L11=INT(L11),L11>=0,LEN(L11)<=12, ISNUMBER(M11),M11=INT(M11),M11>=0,LEN(M11)<=12), "OK","NG"), IF($Q$5=リスト!$J$5, IF(AND(ISNUMBER(J11),J11=INT(J11),J11>=0,LEN(J11)<=12, ISNUMBER(K11),K11=INT(K11),K11>=0,LEN(K11)<=12, ISNUMBER(L11),L11=INT(L11),L11>=0,LEN(L11)<=12, ISNUMBER(M11),M11=INT(M11),M11>=0,LEN(M11)<=12, ISNUMBER(N11),N11=INT(N11),N11>=0,LEN(N11)<=12), "OK","NG"), "NG"))),"NG") -> NG | W11: =IF($Q$3=リスト!$B$3, IF(OR($E11="", $F11="", $G11=""), "NG", "OK"), IF($Q$3=リスト!$B$4, IF(OR($F11="", $G11=""), "NG", "OK"), IF($Q$3=リスト!$B$5, IF($G11="", "NG", "OK"), "-"))) -> - | X11: =IF(H11="", "NG", "OK") -> NG | Y11: =IF(I11="", "NG", "OK") -> NG | Z11: =IF($Q$5=リスト!$J$3, IF(COUNTA($J11:$L11)<3, "NG", "OK"), IF($Q$5=リスト!$J$4, IF(COUNTA($J11:$M11)<4, "NG", "OK"), IF($Q$5=リスト!$J$5, IF(COUNTA($J11:$N11)<5, "NG", "OK"), "NG"))) -> NG | AA11: -
D12: うち 既存事業の減価償却費 | P12: 付加価値額要件 | Q12: =IF(Q5="", "", IF( CHOOSE(MATCH(Q5, {"3年間","4年間","5年間"}, 0), L44, M44, N44) >= 4, "OK", "NG")) | S12: =IF($Q$3=リスト!$B$3, IFERROR(IF(AND( ISNUMBER(E12), E12=INT(E12), E12>=0, LEN(E12)<=12, ISNUMBER(F12), F12=INT(F12), F12>=0, LEN(F12)<=12, ISNUMBER(G12), G12=INT(G12), G12>=0, LEN(G12)<=12), "OK","NG"),"NG"), IF($Q$3=リスト!$B$4, IFERROR(IF(AND( ISNUMBER(F12), F12=INT(F12), F12>=0, LEN(F12)<=12, ISNUMBER(G12), G12=INT(G12), G12>=0, LEN(G12)<=12), "OK","NG"),"NG"), IF($Q$3=リスト!$B$5, IFERROR(IF(AND( ISNUMBER(G12), G12=INT(G12), G12>=0, LEN(G12)<=12), "OK","NG"),"NG"), "-"))) -> - | T12: =IFERROR(IF(AND( ISNUMBER(H12),H12=INT(H12),H12>=0,LEN(H12)<=12), "OK","NG"),"NG" ) -> NG | U12: =IFERROR(IF(AND( ISNUMBER(I12),I12=INT(I12),I12>=0,LEN(I12)<=12), "OK","NG"),"NG" ) -> NG | V12: =IFERROR(IF($Q$5=リスト!$J$3, IF(AND(ISNUMBER(J12),J12=INT(J12),J12>=0,LEN(J12)<=12, ISNUMBER(K12),K12=INT(K12),K12>=0,LEN(K12)<=12, ISNUMBER(L12),L12=INT(L12),L12>=0,LEN(L12)<=12), "OK","NG"), IF($Q$5=リスト!$J$4, IF(AND(ISNUMBER(J12),J12=INT(J12),J12>=0,LEN(J12)<=12, ISNUMBER(K12),K12=INT(K12),K12>=0,LEN(K12)<=12, ISNUMBER(L12),L12=INT(L12),L12>=0,LEN(L12)<=12, ISNUMBER(M12),M12=INT(M12),M12>=0,LEN(M12)<=12), "OK","NG"), IF($Q$5=リスト!$J$5, IF(AND(ISNUMBER(J12),J12=INT(J12),J12>=0,LEN(J12)<=12, ISNUMBER(K12),K12=INT(K12),K12>=0,LEN(K12)<=12, ISNUMBER(L12),L12=INT(L12),L12>=0,LEN(L12)<=12, ISNUMBER(M12),M12=INT(M12),M12>=0,LEN(M12)<=12, ISNUMBER(N12),N12=INT(N12),N12>=0,LEN(N12)<=12), "OK","NG"), "NG"))),"NG") -> NG | W12: =IF($Q$3=リスト!$B$3, IF(OR($E12="", $F12="", $G12=""), "NG", "OK"), IF($Q$3=リスト!$B$4, IF(OR($F12="", $G12=""), "NG", "OK"), IF($Q$3=リスト!$B$5, IF($G12="", "NG", "OK"), "-"))) -> - | X12: =IF(H12="", "NG", "OK") -> NG | Y12: =IF(I12="", "NG", "OK") -> NG | Z12: =IF($Q$5=リスト!$J$3, IF(COUNTA($J12:$L12)<3, "NG", "OK"), IF($Q$5=リスト!$J$4, IF(COUNTA($J12:$M12)<4, "NG", "OK"), IF($Q$5=リスト!$J$5, IF(COUNTA($J12:$N12)<5, "NG", "OK"), "NG"))) -> NG | AA12: -
C13: 補助事業の売上原価 | P13: 賃上げ特例要件 | Q13: =IF(OR(Q5="", Q6=""), "", IF(Q6=リスト!I4, "-", IF(CHOOSE(MATCH(Q5, {"3年間","4年間","5年間"}, 0), L54, M54, N54) >= 6, "OK", "NG" ))) | S13: - | T13: - | U13: =IFERROR(IF(AND( ISNUMBER(I13),I13=INT(I13),I13>=0,LEN(I13)<=12), "OK","NG"),"NG" ) -> NG | V13: =IFERROR(IF($Q$5=リスト!$J$3, IF(AND(ISNUMBER(J13),J13=INT(J13),J13>=0,LEN(J13)<=12, ISNUMBER(K13),K13=INT(K13),K13>=0,LEN(K13)<=12, ISNUMBER(L13),L13=INT(L13),L13>=0,LEN(L13)<=12), "OK","NG"), IF($Q$5=リスト!$J$4, IF(AND(ISNUMBER(J13),J13=INT(J13),J13>=0,LEN(J13)<=12, ISNUMBER(K13),K13=INT(K13),K13>=0,LEN(K13)<=12, ISNUMBER(L13),L13=INT(L13),L13>=0,LEN(L13)<=12, ISNUMBER(M13),M13=INT(M13),M13>=0,LEN(M13)<=12), "OK","NG"), IF($Q$5=リスト!$J$5, IF(AND(ISNUMBER(J13),J13=INT(J13),J13>=0,LEN(J13)<=12, ISNUMBER(K13),K13=INT(K13),K13>=0,LEN(K13)<=12, ISNUMBER(L13),L13=INT(L13),L13>=0,LEN(L13)<=12, ISNUMBER(M13),M13=INT(M13),M13>=0,LEN(M13)<=12, ISNUMBER(N13),N13=INT(N13),N13>=0,LEN(N13)<=12), "OK","NG"), "NG"))),"NG") -> NG | W13: - | X13: - | Y13: =IF($I13="", "NG", "OK") -> NG | Z13: =IF($Q$5=リスト!$J$3, IF(COUNTA($J13:$L13)<3, "NG", "OK"), IF($Q$5=リスト!$J$4, IF(COUNTA($J13:$M13)<4, "NG", "OK"), IF($Q$5=リスト!$J$5, IF(COUNTA($J13:$N13)<5, "NG", "OK"), "NG"))) -> NG | AA13: -
D14: うち 補助事業の減価償却費 | S14: - | T14: - | U14: =IFERROR(IF(AND( ISNUMBER(I14),I14=INT(I14),I14>=0,LEN(I14)<=12), "OK","NG"),"NG" ) -> NG | V14: =IFERROR(IF($Q$5=リスト!$J$3, IF(AND(ISNUMBER(J14),J14=INT(J14),J14>=0,LEN(J14)<=12, ISNUMBER(K14),K14=INT(K14),K14>=0,LEN(K14)<=12, ISNUMBER(L14),L14=INT(L14),L14>=0,LEN(L14)<=12), "OK","NG"), IF($Q$5=リスト!$J$4, IF(AND(ISNUMBER(J14),J14=INT(J14),J14>=0,LEN(J14)<=12, ISNUMBER(K14),K14=INT(K14),K14>=0,LEN(K14)<=12, ISNUMBER(L14),L14=INT(L14),L14>=0,LEN(L14)<=12, ISNUMBER(M14),M14=INT(M14),M14>=0,LEN(M14)<=12), "OK","NG"), IF($Q$5=リスト!$J$5, IF(AND(ISNUMBER(J14),J14=INT(J14),J14>=0,LEN(J14)<=12, ISNUMBER(K14),K14=INT(K14),K14>=0,LEN(K14)<=12, ISNUMBER(L14),L14=INT(L14),L14>=0,LEN(L14)<=12, ISNUMBER(M14),M14=INT(M14),M14>=0,LEN(M14)<=12, ISNUMBER(N14),N14=INT(N14),N14>=0,LEN(N14)<=12), "OK","NG"), "NG"))),"NG") -> NG | W14: - | X14: - | Y14: =IF($I14="", "NG", "OK") -> NG | Z14: =IF($Q$5=リスト!$J$3, IF(COUNTA($J14:$L14)<3, "NG", "OK"), IF($Q$5=リスト!$J$4, IF(COUNTA($J14:$M14)<4, "NG", "OK"), IF($Q$5=リスト!$J$5, IF(COUNTA($J14:$N14)<5, "NG", "OK"), "NG"))) -> NG | AA14: -
B15: 売上総利益 (売上高 - 売上原価) | E15: =E5-E8 -> 0 | F15: =F5-F8 -> 0 | G15: =G5-G8 -> 0 | H15: =H5-H8 -> 0 | I15: =I5-I8 -> 0 | J15: =J5-J8 -> 0 | K15: =K5-K8 -> 0 | L15: =L5-L8 -> 0 | ... N15: =N5-N8 -> 0 | P15: 付加価値額 目標値 (%) | Q15: =IF($Q$5="","", IF($Q$5=リスト!$J$3, L44, IF($Q$5=リスト!$J$4, M44, IF($Q$5=リスト!$J$5, N44, "")))) | S15: =IF($Q$3=リスト!$B$3, IFERROR(IF(AND( ISNUMBER(E15), E15=INT(E15), LEN(ABS(E15))<=12, ISNUMBER(F15), F15=INT(F15), LEN(ABS(F15))<=12, ISNUMBER(G15), G15=INT(G15), LEN(ABS(G15))<=12), "OK","NG"),"NG"), IF($Q$3=リスト!$B$4, IFERROR(IF(AND( ISNUMBER(F15), F15=INT(F15), LEN(ABS(F15))<=12, ISNUMBER(G15), G15=INT(G15), LEN(ABS(G15))<=12), "OK","NG"),"NG"), IF($Q$3=リスト!$B$5, IFERROR(IF(AND( ISNUMBER(G15), G15=INT(G15), LEN(ABS(G15))<=12), "OK","NG"),"NG"), "-"))) -> - | T15: =IFERROR(IF(AND( ISNUMBER(H15),H15=INT(H15),LEN(ABS(H15))<=12), "OK","NG"),"NG" ) -> OK | U15: =IFERROR(IF(AND( ISNUMBER(I15),I15=INT(I15),LEN(ABS(I15))<=12), "OK","NG"),"NG" ) -> OK | V15: =IFERROR(IF($Q$5=リスト!$J$3, IF(AND(ISNUMBER(J15),J15=INT(J15),LEN(ABS(J15))<=12, ISNUMBER(K15),K15=INT(K15),LEN(ABS(K15))<=12, ISNUMBER(L15),L15=INT(L15),LEN(ABS(L15))<=12), "OK","NG"), IF($Q$5=リスト!$J$4, IF(AND(ISNUMBER(J15),J15=INT(J15),LEN(ABS(J15))<=12, ISNUMBER(K15),K15=INT(K15),LEN(ABS(K15))<=12, ISNUMBER(L15),L15=INT(L15),LEN(ABS(L15))<=12, ISNUMBER(M15),M15=INT(M15),LEN(ABS(M15))<=12), "OK","NG"), IF($Q$5=リスト!$J$5, IF(AND(ISNUMBER(J15),J15=INT(J15),LEN(ABS(J15))<=12, ISNUMBER(K15),K15=INT(K15),LEN(ABS(K15))<=12, ISNUMBER(L15),L15=INT(L15),LEN(ABS(L15))<=12, ISNUMBER(M15),M15=INT(M15),LEN(ABS(M15))<=12, ISNUMBER(N15),N15=INT(N15),LEN(ABS(N15))<=12), "OK","NG"), "NG"))),"NG") -> NG | W15: - | X15: - | Y15: - | Z15: - | AA15: -
C16: うち 補助事業の売上総利益 | I16: =I7-I13 -> 0 | J16: =J7-J13 -> 0 | K16: =K7-K13 -> 0 | L16: =L7-L13 -> 0 | M16: =M7-M13 -> 0 | N16: =N7-N13 -> 0 | P16: (足下の賃上げ)一人当たりの 給与支給総額目標値 (%) | Q16: =IF($Q$3=リスト!$B$6,"-", IF(AND($Q$3=リスト!$B$5,COUNTIF(リスト!$C$4:$C$14,$Q$4)>0),"-", IFERROR(ROUNDDOWN((($I$53/$G$53)^(1/ROUND(((YEAR($I$3)-YEAR($G$3))*12+MONTH($I$3)-MONTH($G$3))/12,0))-1)*100,1),"-"))) -> - | S16: - | T16: - | U16: =IFERROR(IF(AND( ISNUMBER(I16),I16=INT(I16),LEN(ABS(I16))<=12), "OK","NG"),"NG" ) -> OK | V16: =IFERROR(IF($Q$5=リスト!$J$3, IF(AND(ISNUMBER(J16),J16=INT(J16),LEN(ABS(J16))<=12, ISNUMBER(K16),K16=INT(K16),LEN(ABS(K16))<=12, ISNUMBER(L16),L16=INT(L16),LEN(ABS(L16))<=12), "OK","NG"), IF($Q$5=リスト!$J$4, IF(AND(ISNUMBER(J16),J16=INT(J16),LEN(ABS(J16))<=12, ISNUMBER(K16),K16=INT(K16),LEN(ABS(K16))<=12, ISNUMBER(L16),L16=INT(L16),LEN(ABS(L16))<=12, ISNUMBER(M16),M16=INT(M16),LEN(ABS(M16))<=12), "OK","NG"), IF($Q$5=リスト!$J$5, IF(AND(ISNUMBER(J16),J16=INT(J16),LEN(ABS(J16))<=12, ISNUMBER(K16),K16=INT(K16),LEN(ABS(K16))<=12, ISNUMBER(L16),L16=INT(L16),LEN(ABS(L16))<=12, ISNUMBER(M16),M16=INT(M16),LEN(ABS(M16))<=12, ISNUMBER(N16),N16=INT(N16),LEN(ABS(N16))<=12), "OK","NG"), "NG"))),"NG") -> NG | W16: - | X16: - | Y16: - | Z16: - | AA16: -
B17: 販売費及び一般管理費 | E17: =E22+E24 -> 0 | F17: =F22+F24 -> 0 | G17: =G22+G24 -> 0 | H17: =H22+H24 -> 0 | I17: =I22+I24 -> 0 | J17: =J22+J24 -> 0 | K17: =K22+K24 -> 0 | L17: =L22+L24 -> 0 | ... N17: =N22+N24 -> 0 | P17: 一人当たりの 給与支給総額目標値 (%) | Q17: =IF($Q$5="", "", IF($Q$5=リスト!$J$3, L54, IF($Q$5=リスト!$J$4, M54, IF($Q$5=リスト!$J$5, N54, "" )))) | S17: =IF($Q$3=リスト!$B$3, IFERROR(IF(AND( ISNUMBER(E17), E17=INT(E17), E17>=0, LEN(E17)<=12, ISNUMBER(F17), F17=INT(F17), F17>=0, LEN(F17)<=12, ISNUMBER(G17), G17=INT(G17), G17>=0, LEN(G17)<=12), "OK","NG"),"NG"), IF($Q$3=リスト!$B$4, IFERROR(IF(AND( ISNUMBER(F17), F17=INT(F17), F17>=0, LEN(F17)<=12, ISNUMBER(G17), G17=INT(G17), G17>=0, LEN(G17)<=12), "OK","NG"),"NG"), IF($Q$3=リスト!$B$5, IFERROR(IF(AND( ISNUMBER(G17), G17=INT(G17), G17>=0, LEN(G17)<=12), "OK","NG"),"NG"), "-"))) -> - | T17: =IFERROR(IF(AND( ISNUMBER(H17),H17=INT(H17),H17>=0,LEN(H17)<=12), "OK","NG"),"NG" ) -> OK | U17: =IFERROR(IF(AND( ISNUMBER(I17),I17=INT(I17),I17>=0,LEN(I17)<=12), "OK","NG"),"NG" ) -> OK | V17: =IFERROR(IF($Q$5=リスト!$J$3, IF(AND(ISNUMBER(J17),J17=INT(J17),J17>=0,LEN(J17)<=12, ISNUMBER(K17),K17=INT(K17),K17>=0,LEN(K17)<=12, ISNUMBER(L17),L17=INT(L17),L17>=0,LEN(L17)<=12), "OK","NG"), IF($Q$5=リスト!$J$4, IF(AND(ISNUMBER(J17),J17=INT(J17),J17>=0,LEN(J17)<=12, ISNUMBER(K17),K17=INT(K17),K17>=0,LEN(K17)<=12, ISNUMBER(L17),L17=INT(L17),L17>=0,LEN(L17)<=12, ISNUMBER(M17),M17=INT(M17),M17>=0,LEN(M17)<=12), "OK","NG"), IF($Q$5=リスト!$J$5, IF(AND(ISNUMBER(J17),J17=INT(J17),J17>=0,LEN(J17)<=12, ISNUMBER(K17),K17=INT(K17),K17>=0,LEN(K17)<=12, ISNUMBER(L17),L17=INT(L17),L17>=0,LEN(L17)<=12, ISNUMBER(M17),M17=INT(M17),M17>=0,LEN(M17)<=12, ISNUMBER(N17),N17=INT(N17),N17>=0,LEN(N17)<=12), "OK","NG"), "NG"))),"NG") -> NG | W17: - | X17: - | Y17: - | Z17: - | AA17: -
C18: うち 人件費*2 | P18: 事業計画期間1年あたりの 補助事業で新たに製造等する製品等の 売上高見込み額(税抜) | Q18: =IF(Q5=リスト!$J$3, ROUNDDOWN(SUM(J7:L7)/3, 0), IF(Q5=リスト!$J$4, ROUNDDOWN(SUM(J7:M7)/4, 0), IF(Q5=リスト!$J$5, ROUNDDOWN(SUM(J7:N7)/5, 0), ""))) | S18: =IF($Q$3=リスト!$B$3, IFERROR(IF(AND( ISNUMBER(E18), E18=INT(E18), E18>=0, LEN(E18)<=12, ISNUMBER(F18), F18=INT(F18), F18>=0, LEN(F18)<=12, ISNUMBER(G18), G18=INT(G18), G18>=0, LEN(G18)<=12), "OK","NG"),"NG"), IF($Q$3=リスト!$B$4, IFERROR(IF(AND( ISNUMBER(F18), F18=INT(F18), F18>=0, LEN(F18)<=12, ISNUMBER(G18), G18=INT(G18), G18>=0, LEN(G18)<=12), "OK","NG"),"NG"), IF($Q$3=リスト!$B$5, IFERROR(IF(AND( ISNUMBER(G18), G18=INT(G18), G18>=0, LEN(G18)<=12), "OK","NG"),"NG"), "-"))) -> - | T18: =IFERROR(IF(AND( ISNUMBER(H18),H18=INT(H18),H18>=0,LEN(H18)<=12), "OK","NG"),"NG" ) -> NG | U18: =IFERROR(IF(AND( ISNUMBER(I18),I18=INT(I18),I18>=0,LEN(I18)<=12), "OK","NG"),"NG" ) -> NG | V18: =IFERROR(IF($Q$5=リスト!$J$3, IF(AND(ISNUMBER(J18),J18=INT(J18),J18>=0,LEN(J18)<=12, ISNUMBER(K18),K18=INT(K18),K18>=0,LEN(K18)<=12, ISNUMBER(L18),L18=INT(L18),L18>=0,LEN(L18)<=12), "OK","NG"), IF($Q$5=リスト!$J$4, IF(AND(ISNUMBER(J18),J18=INT(J18),J18>=0,LEN(J18)<=12, ISNUMBER(K18),K18=INT(K18),K18>=0,LEN(K18)<=12, ISNUMBER(L18),L18=INT(L18),L18>=0,LEN(L18)<=12, ISNUMBER(M18),M18=INT(M18),M18>=0,LEN(M18)<=12), "OK","NG"), IF($Q$5=リスト!$J$5, IF(AND(ISNUMBER(J18),J18=INT(J18),J18>=0,LEN(J18)<=12, ISNUMBER(K18),K18=INT(K18),K18>=0,LEN(K18)<=12, ISNUMBER(L18),L18=INT(L18),L18>=0,LEN(L18)<=12, ISNUMBER(M18),M18=INT(M18),M18>=0,LEN(M18)<=12, ISNUMBER(N18),N18=INT(N18),N18>=0,LEN(N18)<=12), "OK","NG"), "NG"))),"NG") -> NG | W18: =IF($Q$3=リスト!$B$3, IF(OR($E18="", $F18="", $G18=""), "NG", "OK"), IF($Q$3=リスト!$B$4, IF(OR($F18="", $G18=""), "NG", "OK"), IF($Q$3=リスト!$B$5, IF($G18="", "NG", "OK"), "-"))) -> - | X18: =IF(H18="", "NG", "OK") -> NG | Y18: =IF(I18="", "NG", "OK") -> NG | Z18: =IF($Q$5=リスト!$J$3, IF(COUNTA($J18:$L18)<3, "NG", "OK"), IF($Q$5=リスト!$J$4, IF(COUNTA($J18:$M18)<4, "NG", "OK"), IF($Q$5=リスト!$J$5, IF(COUNTA($J18:$N18)<5, "NG", "OK"), "NG"))) -> NG | AA18: -
C19: うち 減価償却費 | E19: =E23+E25 -> 0 | F19: =F23+F25 -> 0 | G19: =G23+G25 -> 0 | H19: =H23+H25 -> 0 | I19: =I23+I25 -> 0 | J19: =J23+J25 -> 0 | K19: =K23+K25 -> 0 | L19: =L23+L25 -> 0 | ... N19: =N23+N25 -> 0 | S19: =IF($Q$3=リスト!$B$3, IFERROR(IF(AND( ISNUMBER(E19), E19=INT(E19), E19>=0, LEN(E19)<=12, ISNUMBER(F19), F19=INT(F19), F19>=0, LEN(F19)<=12, ISNUMBER(G19), G19=INT(G19), G19>=0, LEN(G19)<=12), "OK","NG"),"NG"), IF($Q$3=リスト!$B$4, IFERROR(IF(AND( ISNUMBER(F19), F19=INT(F19), F19>=0, LEN(F19)<=12, ISNUMBER(G19), G19=INT(G19), G19>=0, LEN(G19)<=12), "OK","NG"),"NG"), IF($Q$3=リスト!$B$5, IFERROR(IF(AND( ISNUMBER(G19), G19=INT(G19), G19>=0, LEN(G19)<=12), "OK","NG"),"NG"), "-"))) -> - | T19: =IFERROR(IF(AND( ISNUMBER(H19),H19=INT(H19),H19>=0,LEN(H19)<=12), "OK","NG"),"NG" ) -> OK | U19: =IFERROR(IF(AND( ISNUMBER(I19),I19=INT(I19),I19>=0,LEN(I19)<=12), "OK","NG"),"NG" ) -> OK | V19: =IFERROR(IF($Q$5=リスト!$J$3, IF(AND(ISNUMBER(J19),J19=INT(J19),J19>=0,LEN(J19)<=12, ISNUMBER(K19),K19=INT(K19),K19>=0,LEN(K19)<=12, ISNUMBER(L19),L19=INT(L19),L19>=0,LEN(L19)<=12), "OK","NG"), IF($Q$5=リスト!$J$4, IF(AND(ISNUMBER(J19),J19=INT(J19),J19>=0,LEN(J19)<=12, ISNUMBER(K19),K19=INT(K19),K19>=0,LEN(K19)<=12, ISNUMBER(L19),L19=INT(L19),L19>=0,LEN(L19)<=12, ISNUMBER(M19),M19=INT(M19),M19>=0,LEN(M19)<=12), "OK","NG"), IF($Q$5=リスト!$J$5, IF(AND(ISNUMBER(J19),J19=INT(J19),J19>=0,LEN(J19)<=12, ISNUMBER(K19),K19=INT(K19),K19>=0,LEN(K19)<=12, ISNUMBER(L19),L19=INT(L19),L19>=0,LEN(L19)<=12, ISNUMBER(M19),M19=INT(M19),M19>=0,LEN(M19)<=12, ISNUMBER(N19),N19=INT(N19),N19>=0,LEN(N19)<=12), "OK","NG"), "NG"))),"NG") -> NG | W19: - | X19: - | Y19: - | Z19: - | AA19: -
C20: うち 研究開発費 | S20: =IF($Q$3=リスト!$B$3, IFERROR(IF(AND( ISNUMBER(E20), E20=INT(E20), E20>=0, LEN(E20)<=12, ISNUMBER(F20), F20=INT(F20), F20>=0, LEN(F20)<=12, ISNUMBER(G20), G20=INT(G20), G20>=0, LEN(G20)<=12), "OK","NG"),"NG"), IF($Q$3=リスト!$B$4, IFERROR(IF(AND( ISNUMBER(F20), F20=INT(F20), F20>=0, LEN(F20)<=12, ISNUMBER(G20), G20=INT(G20), G20>=0, LEN(G20)<=12), "OK","NG"),"NG"), IF($Q$3=リスト!$B$5, IFERROR(IF(AND( ISNUMBER(G20), G20=INT(G20), G20>=0, LEN(G20)<=12), "OK","NG"),"NG"), "-"))) -> - | T20: =IFERROR(IF(AND( ISNUMBER(H20),H20=INT(H20),H20>=0,LEN(H20)<=12), "OK","NG"),"NG" ) -> NG | U20: =IFERROR(IF(AND( ISNUMBER(I20),I20=INT(I20),I20>=0,LEN(I20)<=12), "OK","NG"),"NG" ) -> NG | V20: =IFERROR(IF($Q$5=リスト!$J$3, IF(AND(ISNUMBER(J20),J20=INT(J20),J20>=0,LEN(J20)<=12, ISNUMBER(K20),K20=INT(K20),K20>=0,LEN(K20)<=12, ISNUMBER(L20),L20=INT(L20),L20>=0,LEN(L20)<=12), "OK","NG"), IF($Q$5=リスト!$J$4, IF(AND(ISNUMBER(J20),J20=INT(J20),J20>=0,LEN(J20)<=12, ISNUMBER(K20),K20=INT(K20),K20>=0,LEN(K20)<=12, ISNUMBER(L20),L20=INT(L20),L20>=0,LEN(L20)<=12, ISNUMBER(M20),M20=INT(M20),M20>=0,LEN(M20)<=12), "OK","NG"), IF($Q$5=リスト!$J$5, IF(AND(ISNUMBER(J20),J20=INT(J20),J20>=0,LEN(J20)<=12, ISNUMBER(K20),K20=INT(K20),K20>=0,LEN(K20)<=12, ISNUMBER(L20),L20=INT(L20),L20>=0,LEN(L20)<=12, ISNUMBER(M20),M20=INT(M20),M20>=0,LEN(M20)<=12, ISNUMBER(N20),N20=INT(N20),N20>=0,LEN(N20)<=12), "OK","NG"), "NG"))),"NG") -> NG | W20: =IF($Q$3=リスト!$B$3, IF(OR($E20="", $F20="", $G20=""), "NG", "OK"), IF($Q$3=リスト!$B$4, IF(OR($F20="", $G20=""), "NG", "OK"), IF($Q$3=リスト!$B$5, IF($G20="", "NG", "OK"), "-"))) -> - | X20: =IF(H20="", "NG", "OK") -> NG | Y20: =IF(I20="", "NG", "OK") -> NG | Z20: =IF($Q$5=リスト!$J$3, IF(COUNTA($J20:$L20)<3, "NG", "OK"), IF($Q$5=リスト!$J$4, IF(COUNTA($J20:$M20)<4, "NG", "OK"), IF($Q$5=リスト!$J$5, IF(COUNTA($J20:$N20)<5, "NG", "OK"), "NG"))) -> NG | AA20: -
C21: うち 能力開発費 | E21: * | F21: * | G21: * | S21: - | T21: - | U21: - | V21: - | W21: - | X21: - | Y21: - | Z21: - | AA21: -
C22: 既存事業の販売費及び一般管理費 | S22: =IF($Q$3=リスト!$B$3, IFERROR(IF(AND( ISNUMBER(E22), E22=INT(E22), E22>=0, LEN(E22)<=12, ISNUMBER(F22), F22=INT(F22), F22>=0, LEN(F22)<=12, ISNUMBER(G22), G22=INT(G22), G22>=0, LEN(G22)<=12), "OK","NG"),"NG"), IF($Q$3=リスト!$B$4, IFERROR(IF(AND( ISNUMBER(F22), F22=INT(F22), F22>=0, LEN(F22)<=12, ISNUMBER(G22), G22=INT(G22), G22>=0, LEN(G22)<=12), "OK","NG"),"NG"), IF($Q$3=リスト!$B$5, IFERROR(IF(AND( ISNUMBER(G22), G22=INT(G22), G22>=0, LEN(G22)<=12), "OK","NG"),"NG"), "-"))) -> - | T22: =IFERROR(IF(AND( ISNUMBER(H22),H22=INT(H22),H22>=0,LEN(H22)<=12), "OK","NG"),"NG" ) -> NG | U22: =IFERROR(IF(AND( ISNUMBER(I22),I22=INT(I22),I22>=0,LEN(I22)<=12), "OK","NG"),"NG" ) -> NG | V22: =IFERROR(IF($Q$5=リスト!$J$3, IF(AND(ISNUMBER(J22),J22=INT(J22),J22>=0,LEN(J22)<=12, ISNUMBER(K22),K22=INT(K22),K22>=0,LEN(K22)<=12, ISNUMBER(L22),L22=INT(L22),L22>=0,LEN(L22)<=12), "OK","NG"), IF($Q$5=リスト!$J$4, IF(AND(ISNUMBER(J22),J22=INT(J22),J22>=0,LEN(J22)<=12, ISNUMBER(K22),K22=INT(K22),K22>=0,LEN(K22)<=12, ISNUMBER(L22),L22=INT(L22),L22>=0,LEN(L22)<=12, ISNUMBER(M22),M22=INT(M22),M22>=0,LEN(M22)<=12), "OK","NG"), IF($Q$5=リスト!$J$5, IF(AND(ISNUMBER(J22),J22=INT(J22),J22>=0,LEN(J22)<=12, ISNUMBER(K22),K22=INT(K22),K22>=0,LEN(K22)<=12, ISNUMBER(L22),L22=INT(L22),L22>=0,LEN(L22)<=12, ISNUMBER(M22),M22=INT(M22),M22>=0,LEN(M22)<=12, ISNUMBER(N22),N22=INT(N22),N22>=0,LEN(N22)<=12), "OK","NG"), "NG"))),"NG") -> NG | W22: =IF($Q$3=リスト!$B$3, IF(OR($E22="", $F22="", $G22=""), "NG", "OK"), IF($Q$3=リスト!$B$4, IF(OR($F22="", $G22=""), "NG", "OK"), IF($Q$3=リスト!$B$5, IF($G22="", "NG", "OK"), "-"))) -> - | X22: =IF(H22="", "NG", "OK") -> NG | Y22: =IF(I22="", "NG", "OK") -> NG | Z22: =IF($Q$5=リスト!$J$3, IF(COUNTA($J22:$L22)<3, "NG", "OK"), IF($Q$5=リスト!$J$4, IF(COUNTA($J22:$M22)<4, "NG", "OK"), IF($Q$5=リスト!$J$5, IF(COUNTA($J22:$N22)<5, "NG", "OK"), "NG"))) -> NG | AA22: -
D23: うち 既存事業の減価償却費 | S23: =IF($Q$3=リスト!$B$3, IFERROR(IF(AND( ISNUMBER(E23), E23=INT(E23), E23>=0, LEN(E23)<=12, ISNUMBER(F23), F23=INT(F23), F23>=0, LEN(F23)<=12, ISNUMBER(G23), G23=INT(G23), G23>=0, LEN(G23)<=12), "OK","NG"),"NG"), IF($Q$3=リスト!$B$4, IFERROR(IF(AND( ISNUMBER(F23), F23=INT(F23), F23>=0, LEN(F23)<=12, ISNUMBER(G23), G23=INT(G23), G23>=0, LEN(G23)<=12), "OK","NG"),"NG"), IF($Q$3=リスト!$B$5, IFERROR(IF(AND( ISNUMBER(G23), G23=INT(G23), G23>=0, LEN(G23)<=12), "OK","NG"),"NG"), "-"))) -> - | T23: =IFERROR(IF(AND( ISNUMBER(H23),H23=INT(H23),H23>=0,LEN(H23)<=12), "OK","NG"),"NG" ) -> NG | U23: =IFERROR(IF(AND( ISNUMBER(I23),I23=INT(I23),I23>=0,LEN(I23)<=12), "OK","NG"),"NG" ) -> NG | V23: =IFERROR(IF($Q$5=リスト!$J$3, IF(AND(ISNUMBER(J23),J23=INT(J23),J23>=0,LEN(J23)<=12, ISNUMBER(K23),K23=INT(K23),K23>=0,LEN(K23)<=12, ISNUMBER(L23),L23=INT(L23),L23>=0,LEN(L23)<=12), "OK","NG"), IF($Q$5=リスト!$J$4, IF(AND(ISNUMBER(J23),J23=INT(J23),J23>=0,LEN(J23)<=12, ISNUMBER(K23),K23=INT(K23),K23>=0,LEN(K23)<=12, ISNUMBER(L23),L23=INT(L23),L23>=0,LEN(L23)<=12, ISNUMBER(M23),M23=INT(M23),M23>=0,LEN(M23)<=12), "OK","NG"), IF($Q$5=リスト!$J$5, IF(AND(ISNUMBER(J23),J23=INT(J23),J23>=0,LEN(J23)<=12, ISNUMBER(K23),K23=INT(K23),K23>=0,LEN(K23)<=12, ISNUMBER(L23),L23=INT(L23),L23>=0,LEN(L23)<=12, ISNUMBER(M23),M23=INT(M23),M23>=0,LEN(M23)<=12, ISNUMBER(N23),N23=INT(N23),N23>=0,LEN(N23)<=12), "OK","NG"), "NG"))),"NG") -> NG | W23: =IF($Q$3=リスト!$B$3, IF(OR($E23="", $F23="", $G23=""), "NG", "OK"), IF($Q$3=リスト!$B$4, IF(OR($F23="", $G23=""), "NG", "OK"), IF($Q$3=リスト!$B$5, IF($G23="", "NG", "OK"), "-"))) -> - | X23: =IF(H23="", "NG", "OK") -> NG | Y23: =IF(I23="", "NG", "OK") -> NG | Z23: =IF($Q$5=リスト!$J$3, IF(COUNTA($J23:$L23)<3, "NG", "OK"), IF($Q$5=リスト!$J$4, IF(COUNTA($J23:$M23)<4, "NG", "OK"), IF($Q$5=リスト!$J$5, IF(COUNTA($J23:$N23)<5, "NG", "OK"), "NG"))) -> NG | AA23: -
C24: 補助事業の販売費及び一般管理費 | S24: - | T24: - | U24: =IFERROR(IF(AND( ISNUMBER(I24),I24=INT(I24),I24>=0,LEN(I24)<=12), "OK","NG"),"NG" ) -> NG | V24: =IFERROR(IF($Q$5=リスト!$J$3, IF(AND(ISNUMBER(J24),J24=INT(J24),J24>=0,LEN(J24)<=12, ISNUMBER(K24),K24=INT(K24),K24>=0,LEN(K24)<=12, ISNUMBER(L24),L24=INT(L24),L24>=0,LEN(L24)<=12), "OK","NG"), IF($Q$5=リスト!$J$4, IF(AND(ISNUMBER(J24),J24=INT(J24),J24>=0,LEN(J24)<=12, ISNUMBER(K24),K24=INT(K24),K24>=0,LEN(K24)<=12, ISNUMBER(L24),L24=INT(L24),L24>=0,LEN(L24)<=12, ISNUMBER(M24),M24=INT(M24),M24>=0,LEN(M24)<=12), "OK","NG"), IF($Q$5=リスト!$J$5, IF(AND(ISNUMBER(J24),J24=INT(J24),J24>=0,LEN(J24)<=12, ISNUMBER(K24),K24=INT(K24),K24>=0,LEN(K24)<=12, ISNUMBER(L24),L24=INT(L24),L24>=0,LEN(L24)<=12, ISNUMBER(M24),M24=INT(M24),M24>=0,LEN(M24)<=12, ISNUMBER(N24),N24=INT(N24),N24>=0,LEN(N24)<=12), "OK","NG"), "NG"))),"NG") -> NG | W24: - | X24: - | Y24: =IF($I24="", "NG", "OK") -> NG | Z24: =IF($Q$5=リスト!$J$3, IF(COUNTA($J24:$L24)<3, "NG", "OK"), IF($Q$5=リスト!$J$4, IF(COUNTA($J24:$M24)<4, "NG", "OK"), IF($Q$5=リスト!$J$5, IF(COUNTA($J24:$N24)<5, "NG", "OK"), "NG"))) -> NG | AA24: -
D25: うち 補助事業の減価償却費 | S25: - | T25: - | U25: =IFERROR(IF(AND( ISNUMBER(I25),I25=INT(I25),I25>=0,LEN(I25)<=12), "OK","NG"),"NG" ) -> NG | V25: =IFERROR(IF($Q$5=リスト!$J$3, IF(AND(ISNUMBER(J25),J25=INT(J25),J25>=0,LEN(J25)<=12, ISNUMBER(K25),K25=INT(K25),K25>=0,LEN(K25)<=12, ISNUMBER(L25),L25=INT(L25),L25>=0,LEN(L25)<=12), "OK","NG"), IF($Q$5=リスト!$J$4, IF(AND(ISNUMBER(J25),J25=INT(J25),J25>=0,LEN(J25)<=12, ISNUMBER(K25),K25=INT(K25),K25>=0,LEN(K25)<=12, ISNUMBER(L25),L25=INT(L25),L25>=0,LEN(L25)<=12, ISNUMBER(M25),M25=INT(M25),M25>=0,LEN(M25)<=12), "OK","NG"), IF($Q$5=リスト!$J$5, IF(AND(ISNUMBER(J25),J25=INT(J25),J25>=0,LEN(J25)<=12, ISNUMBER(K25),K25=INT(K25),K25>=0,LEN(K25)<=12, ISNUMBER(L25),L25=INT(L25),L25>=0,LEN(L25)<=12, ISNUMBER(M25),M25=INT(M25),M25>=0,LEN(M25)<=12, ISNUMBER(N25),N25=INT(N25),N25>=0,LEN(N25)<=12), "OK","NG"), "NG"))),"NG") -> NG | W25: - | X25: - | Y25: =IF($I25="", "NG", "OK") -> NG | Z25: =IF($Q$5=リスト!$J$3, IF(COUNTA($J25:$L25)<3, "NG", "OK"), IF($Q$5=リスト!$J$4, IF(COUNTA($J25:$M25)<4, "NG", "OK"), IF($Q$5=リスト!$J$5, IF(COUNTA($J25:$N25)<5, "NG", "OK"), "NG"))) -> NG | AA25: -
B26: 営業利益 (売上総利益 - 販売費及び一般管理費) | E26: =E15-E17 -> 0 | F26: =F15-F17 -> 0 | G26: =G15-G17 -> 0 | H26: =H15-H17 -> 0 | I26: =I15-I17 -> 0 | J26: =J15-J17 -> 0 | K26: =K15-K17 -> 0 | L26: =L15-L17 -> 0 | ... N26: =N15-N17 -> 0 | S26: =IF($Q$3=リスト!$B$3, IFERROR(IF(AND( ISNUMBER(E26), E26=INT(E26), LEN(ABS(E26))<=12, ISNUMBER(F26), F26=INT(F26), LEN(ABS(F26))<=12, ISNUMBER(G26), G26=INT(G26), LEN(ABS(G26))<=12), "OK","NG"),"NG"), IF($Q$3=リスト!$B$4, IFERROR(IF(AND( ISNUMBER(F26), F26=INT(F26), LEN(ABS(F26))<=12, ISNUMBER(G26), G26=INT(G26), LEN(ABS(G26))<=12), "OK","NG"),"NG"), IF($Q$3=リスト!$B$5, IFERROR(IF(AND( ISNUMBER(G26), G26=INT(G26), LEN(ABS(G26))<=12), "OK","NG"),"NG"), "-"))) -> - | T26: =IFERROR(IF(AND( ISNUMBER(H26),H26=INT(H26),LEN(ABS(H26))<=12), "OK","NG"),"NG" ) -> OK | U26: =IFERROR(IF(AND( ISNUMBER(I26),I26=INT(I26),LEN(ABS(I26))<=12), "OK","NG"),"NG" ) -> OK | V26: =IFERROR(IF($Q$5=リスト!$J$3, IF(AND(ISNUMBER(J26),J26=INT(J26),LEN(ABS(J26))<=12, ISNUMBER(K26),K26=INT(K26),LEN(ABS(K26))<=12, ISNUMBER(L26),L26=INT(L26),LEN(ABS(L26))<=12), "OK","NG"), IF($Q$5=リスト!$J$4, IF(AND(ISNUMBER(J26),J26=INT(J26),LEN(ABS(J26))<=12, ISNUMBER(K26),K26=INT(K26),LEN(ABS(K26))<=12, ISNUMBER(L26),L26=INT(L26),LEN(ABS(L26))<=12, ISNUMBER(M26),M26=INT(M26),LEN(ABS(M26))<=12), "OK","NG"), IF($Q$5=リスト!$J$5, IF(AND(ISNUMBER(J26),J26=INT(J26),LEN(ABS(J26))<=12, ISNUMBER(K26),K26=INT(K26),LEN(ABS(K26))<=12, ISNUMBER(L26),L26=INT(L26),LEN(ABS(L26))<=12, ISNUMBER(M26),M26=INT(M26),LEN(ABS(M26))<=12, ISNUMBER(N26),N26=INT(N26),LEN(ABS(N26))<=12), "OK","NG"), "NG"))),"NG") -> NG | W26: - | X26: - | Y26: - | Z26: - | AA26: -
C27: 既存事業の営業利益 | E27: =E6-E11-E22 -> 0 | F27: =F6-F11-F22 -> 0 | G27: =G6-G11-G22 -> 0 | H27: =H6-H11-H22 -> 0 | I27: =I6-I11-I22 -> 0 | J27: =J6-J11-J22 -> 0 | K27: =K6-K11-K22 -> 0 | L27: =L6-L11-L22 -> 0 | ... N27: =N6-N11-N22 -> 0 | S27: =IF($Q$3=リスト!$B$3, IFERROR(IF(AND( ISNUMBER(E27), E27=INT(E27), LEN(ABS(E27))<=12, ISNUMBER(F27), F27=INT(F27), LEN(ABS(F27))<=12, ISNUMBER(G27), G27=INT(G27), LEN(ABS(G27))<=12), "OK","NG"),"NG"), IF($Q$3=リスト!$B$4, IFERROR(IF(AND( ISNUMBER(F27), F27=INT(F27), LEN(ABS(F27))<=12, ISNUMBER(G27), G27=INT(G27), LEN(ABS(G27))<=12), "OK","NG"),"NG"), IF($Q$3=リスト!$B$5, IFERROR(IF(AND( ISNUMBER(G27), G27=INT(G27), LEN(ABS(G27))<=12), "OK","NG"),"NG"), "-"))) -> - | T27: =IFERROR(IF(AND( ISNUMBER(H27),H27=INT(H27),LEN(ABS(H27))<=12), "OK","NG"),"NG" ) -> OK | U27: =IFERROR(IF(AND( ISNUMBER(I27),I27=INT(I27),LEN(ABS(I27))<=12), "OK","NG"),"NG" ) -> OK | V27: =IFERROR(IF($Q$5=リスト!$J$3, IF(AND(ISNUMBER(J27),J27=INT(J27),LEN(ABS(J27))<=12, ISNUMBER(K27),K27=INT(K27),LEN(ABS(K27))<=12, ISNUMBER(L27),L27=INT(L27),LEN(ABS(L27))<=12), "OK","NG"), IF($Q$5=リスト!$J$4, IF(AND(ISNUMBER(J27),J27=INT(J27),LEN(ABS(J27))<=12, ISNUMBER(K27),K27=INT(K27),LEN(ABS(K27))<=12, ISNUMBER(L27),L27=INT(L27),LEN(ABS(L27))<=12, ISNUMBER(M27),M27=INT(M27),LEN(ABS(M27))<=12), "OK","NG"), IF($Q$5=リスト!$J$5, IF(AND(ISNUMBER(J27),J27=INT(J27),LEN(ABS(J27))<=12, ISNUMBER(K27),K27=INT(K27),LEN(ABS(K27))<=12, ISNUMBER(L27),L27=INT(L27),LEN(ABS(L27))<=12, ISNUMBER(M27),M27=INT(M27),LEN(ABS(M27))<=12, ISNUMBER(N27),N27=INT(N27),LEN(ABS(N27))<=12), "OK","NG"), "NG"))),"NG") -> NG | W27: - | X27: - | Y27: - | Z27: - | AA27: -
C28: 補助事業の営業利益 | I28: =I7-I13-I24 -> 0 | J28: =J7-J13-J24 -> 0 | K28: =K7-K13-K24 -> 0 | L28: =L7-L13-L24 -> 0 | M28: =M7-M13-M24 -> 0 | N28: =N7-N13-N24 -> 0 | S28: - | T28: - | U28: =IFERROR(IF(AND( ISNUMBER(I28),I28=INT(I28),LEN(ABS(I28))<=12), "OK","NG"),"NG" ) -> OK | V28: =IFERROR(IF($Q$5=リスト!$J$3, IF(AND(ISNUMBER(J28),J28=INT(J28),LEN(ABS(J28))<=12, ISNUMBER(K28),K28=INT(K28),LEN(ABS(K28))<=12, ISNUMBER(L28),L28=INT(L28),LEN(ABS(L28))<=12), "OK","NG"), IF($Q$5=リスト!$J$4, IF(AND(ISNUMBER(J28),J28=INT(J28),LEN(ABS(J28))<=12, ISNUMBER(K28),K28=INT(K28),LEN(ABS(K28))<=12, ISNUMBER(L28),L28=INT(L28),LEN(ABS(L28))<=12, ISNUMBER(M28),M28=INT(M28),LEN(ABS(M28))<=12), "OK","NG"), IF($Q$5=リスト!$J$5, IF(AND(ISNUMBER(J28),J28=INT(J28),LEN(ABS(J28))<=12, ISNUMBER(K28),K28=INT(K28),LEN(ABS(K28))<=12, ISNUMBER(L28),L28=INT(L28),LEN(ABS(L28))<=12, ISNUMBER(M28),M28=INT(M28),LEN(ABS(M28))<=12, ISNUMBER(N28),N28=INT(N28),LEN(ABS(N28))<=12), "OK","NG"), "NG"))),"NG") -> NG | W28: - | X28: - | Y28: - | Z28: - | AA28: -
B29: 営業外収益 | S29: =IF($Q$3=リスト!$B$3, IFERROR(IF(AND( ISNUMBER(E29), E29=INT(E29), E29>=0, LEN(E29)<=12, ISNUMBER(F29), F29=INT(F29), F29>=0, LEN(F29)<=12, ISNUMBER(G29), G29=INT(G29), G29>=0, LEN(G29)<=12), "OK","NG"),"NG"), IF($Q$3=リスト!$B$4, IFERROR(IF(AND( ISNUMBER(F29), F29=INT(F29), F29>=0, LEN(F29)<=12, ISNUMBER(G29), G29=INT(G29), G29>=0, LEN(G29)<=12), "OK","NG"),"NG"), IF($Q$3=リスト!$B$5, IFERROR(IF(AND( ISNUMBER(G29), G29=INT(G29), G29>=0, LEN(G29)<=12), "OK","NG"),"NG"), "-"))) -> - | T29: =IFERROR(IF(AND( ISNUMBER(H29),H29=INT(H29),H29>=0,LEN(H29)<=12), "OK","NG"),"NG" ) -> NG | U29: =IFERROR(IF(AND( ISNUMBER(I29),I29=INT(I29),I29>=0,LEN(I29)<=12), "OK","NG"),"NG" ) -> NG | V29: =IFERROR(IF($Q$5=リスト!$J$3, IF(AND(ISNUMBER(J29),J29=INT(J29),J29>=0,LEN(J29)<=12, ISNUMBER(K29),K29=INT(K29),K29>=0,LEN(K29)<=12, ISNUMBER(L29),L29=INT(L29),L29>=0,LEN(L29)<=12), "OK","NG"), IF($Q$5=リスト!$J$4, IF(AND(ISNUMBER(J29),J29=INT(J29),J29>=0,LEN(J29)<=12, ISNUMBER(K29),K29=INT(K29),K29>=0,LEN(K29)<=12, ISNUMBER(L29),L29=INT(L29),L29>=0,LEN(L29)<=12, ISNUMBER(M29),M29=INT(M29),M29>=0,LEN(M29)<=12), "OK","NG"), IF($Q$5=リスト!$J$5, IF(AND(ISNUMBER(J29),J29=INT(J29),J29>=0,LEN(J29)<=12, ISNUMBER(K29),K29=INT(K29),K29>=0,LEN(K29)<=12, ISNUMBER(L29),L29=INT(L29),L29>=0,LEN(L29)<=12, ISNUMBER(M29),M29=INT(M29),M29>=0,LEN(M29)<=12, ISNUMBER(N29),N29=INT(N29),N29>=0,LEN(N29)<=12), "OK","NG"), "NG"))),"NG") -> NG | W29: =IF($Q$3=リスト!$B$3, IF(OR($E29="", $F29="", $G29=""), "NG", "OK"), IF($Q$3=リスト!$B$4, IF(OR($F29="", $G29=""), "NG", "OK"), IF($Q$3=リスト!$B$5, IF($G29="", "NG", "OK"), "-"))) -> - | X29: =IF(H29="", "NG", "OK") -> NG | Y29: =IF(I29="", "NG", "OK") -> NG | Z29: =IF($Q$5=リスト!$J$3, IF(COUNTA($J29:$L29)<3, "NG", "OK"), IF($Q$5=リスト!$J$4, IF(COUNTA($J29:$M29)<4, "NG", "OK"), IF($Q$5=リスト!$J$5, IF(COUNTA($J29:$N29)<5, "NG", "OK"), "NG"))) -> NG | AA29: -
B30: 営業外費用 | S30: =IF($Q$3=リスト!$B$3, IFERROR(IF(AND( ISNUMBER(E30), E30=INT(E30), E30>=0, LEN(E30)<=12, ISNUMBER(F30), F30=INT(F30), F30>=0, LEN(F30)<=12, ISNUMBER(G30), G30=INT(G30), G30>=0, LEN(G30)<=12), "OK","NG"),"NG"), IF($Q$3=リスト!$B$4, IFERROR(IF(AND( ISNUMBER(F30), F30=INT(F30), F30>=0, LEN(F30)<=12, ISNUMBER(G30), G30=INT(G30), G30>=0, LEN(G30)<=12), "OK","NG"),"NG"), IF($Q$3=リスト!$B$5, IFERROR(IF(AND( ISNUMBER(G30), G30=INT(G30), G30>=0, LEN(G30)<=12), "OK","NG"),"NG"), "-"))) -> - | T30: =IFERROR(IF(AND( ISNUMBER(H30),H30=INT(H30),H30>=0,LEN(H30)<=12), "OK","NG"),"NG" ) -> NG | U30: =IFERROR(IF(AND( ISNUMBER(I30),I30=INT(I30),I30>=0,LEN(I30)<=12), "OK","NG"),"NG" ) -> NG | V30: =IFERROR(IF($Q$5=リスト!$J$3, IF(AND(ISNUMBER(J30),J30=INT(J30),J30>=0,LEN(J30)<=12, ISNUMBER(K30),K30=INT(K30),K30>=0,LEN(K30)<=12, ISNUMBER(L30),L30=INT(L30),L30>=0,LEN(L30)<=12), "OK","NG"), IF($Q$5=リスト!$J$4, IF(AND(ISNUMBER(J30),J30=INT(J30),J30>=0,LEN(J30)<=12, ISNUMBER(K30),K30=INT(K30),K30>=0,LEN(K30)<=12, ISNUMBER(L30),L30=INT(L30),L30>=0,LEN(L30)<=12, ISNUMBER(M30),M30=INT(M30),M30>=0,LEN(M30)<=12), "OK","NG"), IF($Q$5=リスト!$J$5, IF(AND(ISNUMBER(J30),J30=INT(J30),J30>=0,LEN(J30)<=12, ISNUMBER(K30),K30=INT(K30),K30>=0,LEN(K30)<=12, ISNUMBER(L30),L30=INT(L30),L30>=0,LEN(L30)<=12, ISNUMBER(M30),M30=INT(M30),M30>=0,LEN(M30)<=12, ISNUMBER(N30),N30=INT(N30),N30>=0,LEN(N30)<=12), "OK","NG"), "NG"))),"NG") -> NG | W30: =IF($Q$3=リスト!$B$3, IF(OR($E30="", $F30="", $G30=""), "NG", "OK"), IF($Q$3=リスト!$B$4, IF(OR($F30="", $G30=""), "NG", "OK"), IF($Q$3=リスト!$B$5, IF($G30="", "NG", "OK"), "-"))) -> - | X30: =IF(H30="", "NG", "OK") -> NG | Y30: =IF(I30="", "NG", "OK") -> NG | Z30: =IF($Q$5=リスト!$J$3, IF(COUNTA($J30:$L30)<3, "NG", "OK"), IF($Q$5=リスト!$J$4, IF(COUNTA($J30:$M30)<4, "NG", "OK"), IF($Q$5=リスト!$J$5, IF(COUNTA($J30:$N30)<5, "NG", "OK"), "NG"))) -> NG | AA30: -
B31: 経常利益 (営業利益 + 営業外収益 - 営業外費用) | E31: =E26+E29-E30 -> 0 | F31: =F26+F29-F30 -> 0 | G31: =G26+G29-G30 -> 0 | H31: =H26+H29-H30 -> 0 | I31: =I26+I29-I30 -> 0 | J31: =J26+J29-J30 -> 0 | K31: =K26+K29-K30 -> 0 | L31: =L26+L29-L30 -> 0 | ... N31: =N26+N29-N30 -> 0 | S31: =IF($Q$3=リスト!$B$3, IFERROR(IF(AND( ISNUMBER(E31), E31=INT(E31), LEN(ABS(E31))<=12, ISNUMBER(F31), F31=INT(F31), LEN(ABS(F31))<=12, ISNUMBER(G31), G31=INT(G31), LEN(ABS(G31))<=12), "OK","NG"),"NG"), IF($Q$3=リスト!$B$4, IFERROR(IF(AND( ISNUMBER(F31), F31=INT(F31), LEN(ABS(F31))<=12, ISNUMBER(G31), G31=INT(G31), LEN(ABS(G31))<=12), "OK","NG"),"NG"), IF($Q$3=リスト!$B$5, IFERROR(IF(AND( ISNUMBER(G31), G31=INT(G31), LEN(ABS(G31))<=12), "OK","NG"),"NG"), "-"))) -> - | T31: =IFERROR(IF(AND( ISNUMBER(H31),H31=INT(H31),LEN(ABS(H31))<=12), "OK","NG"),"NG" ) -> OK | U31: =IFERROR(IF(AND( ISNUMBER(I31),I31=INT(I31),LEN(ABS(I31))<=12), "OK","NG"),"NG" ) -> OK | V31: =IFERROR(IF($Q$5=リスト!$J$3, IF(AND(ISNUMBER(J31),J31=INT(J31),LEN(ABS(J31))<=12, ISNUMBER(K31),K31=INT(K31),LEN(ABS(K31))<=12, ISNUMBER(L31),L31=INT(L31),LEN(ABS(L31))<=12), "OK","NG"), IF($Q$5=リスト!$J$4, IF(AND(ISNUMBER(J31),J31=INT(J31),LEN(ABS(J31))<=12, ISNUMBER(K31),K31=INT(K31),LEN(ABS(K31))<=12, ISNUMBER(L31),L31=INT(L31),LEN(ABS(L31))<=12, ISNUMBER(M31),M31=INT(M31),LEN(ABS(M31))<=12), "OK","NG"), IF($Q$5=リスト!$J$5, IF(AND(ISNUMBER(J31),J31=INT(J31),LEN(ABS(J31))<=12, ISNUMBER(K31),K31=INT(K31),LEN(ABS(K31))<=12, ISNUMBER(L31),L31=INT(L31),LEN(ABS(L31))<=12, ISNUMBER(M31),M31=INT(M31),LEN(ABS(M31))<=12, ISNUMBER(N31),N31=INT(N31),LEN(ABS(N31))<=12), "OK","NG"), "NG"))),"NG") -> NG | W31: - | X31: - | Y31: - | Z31: - | AA31: -
B32: 特別利益 | S32: =IF($Q$3=リスト!$B$3, IFERROR(IF(AND( ISNUMBER(E32), E32=INT(E32), E32>=0, LEN(E32)<=12, ISNUMBER(F32), F32=INT(F32), F32>=0, LEN(F32)<=12, ISNUMBER(G32), G32=INT(G32), G32>=0, LEN(G32)<=12), "OK","NG"),"NG"), IF($Q$3=リスト!$B$4, IFERROR(IF(AND( ISNUMBER(F32), F32=INT(F32), F32>=0, LEN(F32)<=12, ISNUMBER(G32), G32=INT(G32), G32>=0, LEN(G32)<=12), "OK","NG"),"NG"), IF($Q$3=リスト!$B$5, IFERROR(IF(AND( ISNUMBER(G32), G32=INT(G32), G32>=0, LEN(G32)<=12), "OK","NG"),"NG"), "-"))) -> - | T32: - | U32: - | V32: - | W32: =IF($Q$3=リスト!$B$3, IF(OR($E32="", $F32="", $G32=""), "NG", "OK"), IF($Q$3=リスト!$B$4, IF(OR($F32="", $G32=""), "NG", "OK"), IF($Q$3=リスト!$B$5, IF($G32="", "NG", "OK"), "-"))) -> - | X32: - | Y32: - | Z32: - | AA32: -
B33: 特別損失 | S33: =IF($Q$3=リスト!$B$3, IFERROR(IF(AND( ISNUMBER(E33), E33=INT(E33), E33>=0, LEN(E33)<=12, ISNUMBER(F33), F33=INT(F33), F33>=0, LEN(F33)<=12, ISNUMBER(G33), G33=INT(G33), G33>=0, LEN(G33)<=12), "OK","NG"),"NG"), IF($Q$3=リスト!$B$4, IFERROR(IF(AND( ISNUMBER(F33), F33=INT(F33), F33>=0, LEN(F33)<=12, ISNUMBER(G33), G33=INT(G33), G33>=0, LEN(G33)<=12), "OK","NG"),"NG"), IF($Q$3=リスト!$B$5, IFERROR(IF(AND( ISNUMBER(G33), G33=INT(G33), G33>=0, LEN(G33)<=12), "OK","NG"),"NG"), "-"))) -> - | T33: - | U33: - | V33: - | W33: =IF($Q$3=リスト!$B$3, IF(OR($E33="", $F33="", $G33=""), "NG", "OK"), IF($Q$3=リスト!$B$4, IF(OR($F33="", $G33=""), "NG", "OK"), IF($Q$3=リスト!$B$5, IF($G33="", "NG", "OK"), "-"))) -> - | X33: - | Y33: - | Z33: - | AA33: -
B34: 税引前当期純利益 (経常利益 + 特別利益 - 特別損失) | E34: =E31+E32-E33 -> 0 | F34: =F31+F32-F33 -> 0 | G34: =G31+G32-G33 -> 0 | S34: =IF($Q$3=リスト!$B$3, IFERROR(IF(AND( ISNUMBER(E34), E34=INT(E34), LEN(ABS(E34))<=12, ISNUMBER(F34), F34=INT(F34), LEN(ABS(F34))<=12, ISNUMBER(G34), G34=INT(G34), LEN(ABS(G34))<=12), "OK","NG"),"NG"), IF($Q$3=リスト!$B$4, IFERROR(IF(AND( ISNUMBER(F34), F34=INT(F34), LEN(ABS(F34))<=12, ISNUMBER(G34), G34=INT(G34), LEN(ABS(G34))<=12), "OK","NG"),"NG"), IF($Q$3=リスト!$B$5, IFERROR(IF(AND( ISNUMBER(G34), G34=INT(G34), LEN(ABS(G34))<=12), "OK","NG"),"NG"), "-"))) -> - | T34: - | U34: - | V34: - | W34: - | X34: - | Y34: - | Z34: - | AA34: -
B35: 法人税、事業税等 | S35: =IF($Q$3=リスト!$B$3, IFERROR(IF(AND( ISNUMBER(E35), E35=INT(E35), LEN(ABS(E35))<=12, ISNUMBER(F35), F35=INT(F35), LEN(ABS(F35))<=12, ISNUMBER(G35), G35=INT(G35), LEN(ABS(G35))<=12), "OK","NG"),"NG"), IF($Q$3=リスト!$B$4, IFERROR(IF(AND( ISNUMBER(F35), F35=INT(F35), LEN(ABS(F35))<=12, ISNUMBER(G35), G35=INT(G35), LEN(ABS(G35))<=12), "OK","NG"),"NG"), IF($Q$3=リスト!$B$5, IFERROR(IF(AND( ISNUMBER(G35), G35=INT(G35), LEN(ABS(G35))<=12), "OK","NG"),"NG"), "-"))) -> - | T35: - | U35: - | V35: - | W35: =IF($Q$3=リスト!$B$3, IF(OR($E35="", $F35="", $G35=""), "NG", "OK"), IF($Q$3=リスト!$B$4, IF(OR($F35="", $G35=""), "NG", "OK"), IF($Q$3=リスト!$B$5, IF($G35="", "NG", "OK"), "-"))) -> - | X35: - | Y35: - | Z35: - | AA35: -
B36: 当期純利益 (税引前当期純利益 - 法人税、事業税等) | E36: =E34-E35 -> 0 | F36: =F34-F35 -> 0 | G36: =G34-G35 -> 0 | S36: =IF($Q$3=リスト!$B$3, IFERROR(IF(AND( ISNUMBER(E36), E36=INT(E36), LEN(ABS(E36))<=12, ISNUMBER(F36), F36=INT(F36), LEN(ABS(F36))<=12, ISNUMBER(G36), G36=INT(G36), LEN(ABS(G36))<=12), "OK","NG"),"NG"), IF($Q$3=リスト!$B$4, IFERROR(IF(AND( ISNUMBER(F36), F36=INT(F36), LEN(ABS(F36))<=12, ISNUMBER(G36), G36=INT(G36), LEN(ABS(G36))<=12), "OK","NG"),"NG"), IF($Q$3=リスト!$B$5, IFERROR(IF(AND( ISNUMBER(G36), G36=INT(G36), LEN(ABS(G36))<=12), "OK","NG"),"NG"), "-"))) -> - | T36: - | U36: - | V36: - | W36: - | X36: - | Y36: - | Z36: - | AA36: -
B37: 付加価値情報 | S37: - | T37: - | U37: - | V37: - | W37: - | X37: - | Y37: - | Z37: - | AA37: -
B38: 営業利益 (売上総利益 - 販売費及び一般管理費) | E38: =E26 -> 0 | F38: =F26 -> 0 | G38: =G26 -> 0 | H38: =H26 -> 0 | I38: =I26 -> 0 | J38: =J26 -> 0 | K38: =K26 -> 0 | L38: =L26 -> 0 | ... N38: =N26 -> 0 | S38: =IF($Q$3=リスト!$B$3, IFERROR(IF(AND( ISNUMBER(E38), E38=INT(E38), LEN(ABS(E38))<=12, ISNUMBER(F38), F38=INT(F38), LEN(ABS(F38))<=12, ISNUMBER(G38), G38=INT(G38), LEN(ABS(G38))<=12), "OK","NG"),"NG"), IF($Q$3=リスト!$B$4, IFERROR(IF(AND( ISNUMBER(F38), F38=INT(F38), LEN(ABS(F38))<=12, ISNUMBER(G38), G38=INT(G38), LEN(ABS(G38))<=12), "OK","NG"),"NG"), IF($Q$3=リスト!$B$5, IFERROR(IF(AND( ISNUMBER(G38), G38=INT(G38), LEN(ABS(G38))<=12), "OK","NG"),"NG"), "-"))) -> - | T38: =IFERROR(IF(AND( ISNUMBER(H38),H38=INT(H38),LEN(ABS(H38))<=12), "OK","NG"),"NG" ) -> OK | U38: =IFERROR(IF(AND( ISNUMBER(I38),I38=INT(I38),LEN(ABS(I38))<=12), "OK","NG"),"NG" ) -> OK | V38: =IFERROR(IF($Q$5=リスト!$J$3, IF(AND(ISNUMBER(J38),J38=INT(J38),LEN(ABS(J38))<=12, ISNUMBER(K38),K38=INT(K38),LEN(ABS(K38))<=12, ISNUMBER(L38),L38=INT(L38),LEN(ABS(L38))<=12), "OK","NG"), IF($Q$5=リスト!$J$4, IF(AND(ISNUMBER(J38),J38=INT(J38),LEN(ABS(J38))<=12, ISNUMBER(K38),K38=INT(K38),LEN(ABS(K38))<=12, ISNUMBER(L38),L38=INT(L38),LEN(ABS(L38))<=12, ISNUMBER(M38),M38=INT(M38),LEN(ABS(M38))<=12), "OK","NG"), IF($Q$5=リスト!$J$5, IF(AND(ISNUMBER(J38),J38=INT(J38),LEN(ABS(J38))<=12, ISNUMBER(K38),K38=INT(K38),LEN(ABS(K38))<=12, ISNUMBER(L38),L38=INT(L38),LEN(ABS(L38))<=12, ISNUMBER(M38),M38=INT(M38),LEN(ABS(M38))<=12, ISNUMBER(N38),N38=INT(N38),LEN(ABS(N38))<=12), "OK","NG"), "NG"))),"NG") -> NG | W38: - | X38: - | Y38: - | Z38: - | AA38: -
B39: 人件費 (売上原価の労務費 ＋ 販売費及び一般管理費の人件費) | E39: =E9+E18 -> 0 | F39: =F9+F18 -> 0 | G39: =G9+G18 -> 0 | H39: =H9+H18 -> 0 | I39: =I9+I18 -> 0 | J39: =J9+J18 -> 0 | K39: =K9+K18 -> 0 | L39: =L9+L18 -> 0 | ... N39: =N9+N18 -> 0 | S39: =IF($Q$3=リスト!$B$3, IFERROR(IF(AND( ISNUMBER(E39), E39=INT(E39), E39>=0, LEN(E39)<=12, ISNUMBER(F39), F39=INT(F39), F39>=0, LEN(F39)<=12, ISNUMBER(G39), G39=INT(G39), G39>=0, LEN(G39)<=12), "OK","NG"),"NG"), IF($Q$3=リスト!$B$4, IFERROR(IF(AND( ISNUMBER(F39), F39=INT(F39), F39>=0, LEN(F39)<=12, ISNUMBER(G39), G39=INT(G39), G39>=0, LEN(G39)<=12), "OK","NG"),"NG"), IF($Q$3=リスト!$B$5, IFERROR(IF(AND( ISNUMBER(G39), G39=INT(G39), G39>=0, LEN(G39)<=12), "OK","NG"),"NG"), "-"))) -> - | T39: =IFERROR(IF(AND( ISNUMBER(H39),H39=INT(H39),H39>=0,LEN(H39)<=12), "OK","NG"),"NG" ) -> OK | U39: =IFERROR(IF(AND( ISNUMBER(I39),I39=INT(I39),I39>=0,LEN(I39)<=12), "OK","NG"),"NG" ) -> OK | V39: =IFERROR(IF($Q$5=リスト!$J$3, IF(AND(ISNUMBER(J39),J39=INT(J39),J39>=0,LEN(J39)<=12, ISNUMBER(K39),K39=INT(K39),K39>=0,LEN(K39)<=12, ISNUMBER(L39),L39=INT(L39),L39>=0,LEN(L39)<=12), "OK","NG"), IF($Q$5=リスト!$J$4, IF(AND(ISNUMBER(J39),J39=INT(J39),J39>=0,LEN(J39)<=12, ISNUMBER(K39),K39=INT(K39),K39>=0,LEN(K39)<=12, ISNUMBER(L39),L39=INT(L39),L39>=0,LEN(L39)<=12, ISNUMBER(M39),M39=INT(M39),M39>=0,LEN(M39)<=12), "OK","NG"), IF($Q$5=リスト!$J$5, IF(AND(ISNUMBER(J39),J39=INT(J39),J39>=0,LEN(J39)<=12, ISNUMBER(K39),K39=INT(K39),K39>=0,LEN(K39)<=12, ISNUMBER(L39),L39=INT(L39),L39>=0,LEN(L39)<=12, ISNUMBER(M39),M39=INT(M39),M39>=0,LEN(M39)<=12, ISNUMBER(N39),N39=INT(N39),N39>=0,LEN(N39)<=12), "OK","NG"), "NG"))),"NG") -> NG | W39: - | X39: - | Y39: - | Z39: - | AA39: -
B40: 減価償却費 (売上原価の減価償却費 + 販管費の減価償却費) | E40: =E10+E19 -> 0 | F40: =F10+F19 -> 0 | G40: =G10+G19 -> 0 | H40: =H10+H19 -> 0 | I40: =I10+I19 -> 0 | J40: =J10+J19 -> 0 | K40: =K10+K19 -> 0 | L40: =L10+L19 -> 0 | ... N40: =N10+N19 -> 0 | S40: =IF($Q$3=リスト!$B$3, IFERROR(IF(AND( ISNUMBER(E40), E40=INT(E40), E40>=0, LEN(E40)<=12, ISNUMBER(F40), F40=INT(F40), F40>=0, LEN(F40)<=12, ISNUMBER(G40), G40=INT(G40), G40>=0, LEN(G40)<=12), "OK","NG"),"NG"), IF($Q$3=リスト!$B$4, IFERROR(IF(AND( ISNUMBER(F40), F40=INT(F40), F40>=0, LEN(F40)<=12, ISNUMBER(G40), G40=INT(G40), G40>=0, LEN(G40)<=12), "OK","NG"),"NG"), IF($Q$3=リスト!$B$5, IFERROR(IF(AND( ISNUMBER(G40), G40=INT(G40), G40>=0, LEN(G40)<=12), "OK","NG"),"NG"), "-"))) -> - | T40: =IFERROR(IF(AND( ISNUMBER(H40),H40=INT(H40),H40>=0,LEN(H40)<=12), "OK","NG"),"NG" ) -> OK | U40: =IFERROR(IF(AND( ISNUMBER(I40),I40=INT(I40),I40>=0,LEN(I40)<=12), "OK","NG"),"NG" ) -> OK | V40: =IFERROR(IF($Q$5=リスト!$J$3, IF(AND(ISNUMBER(J40),J40=INT(J40),J40>=0,LEN(J40)<=12, ISNUMBER(K40),K40=INT(K40),K40>=0,LEN(K40)<=12, ISNUMBER(L40),L40=INT(L40),L40>=0,LEN(L40)<=12), "OK","NG"), IF($Q$5=リスト!$J$4, IF(AND(ISNUMBER(J40),J40=INT(J40),J40>=0,LEN(J40)<=12, ISNUMBER(K40),K40=INT(K40),K40>=0,LEN(K40)<=12, ISNUMBER(L40),L40=INT(L40),L40>=0,LEN(L40)<=12, ISNUMBER(M40),M40=INT(M40),M40>=0,LEN(M40)<=12), "OK","NG"), IF($Q$5=リスト!$J$5, IF(AND(ISNUMBER(J40),J40=INT(J40),J40>=0,LEN(J40)<=12, ISNUMBER(K40),K40=INT(K40),K40>=0,LEN(K40)<=12, ISNUMBER(L40),L40=INT(L40),L40>=0,LEN(L40)<=12, ISNUMBER(M40),M40=INT(M40),M40>=0,LEN(M40)<=12, ISNUMBER(N40),N40=INT(N40),N40>=0,LEN(N40)<=12), "OK","NG"), "NG"))),"NG") -> NG | W40: - | X40: - | Y40: - | Z40: - | AA40: -
C41: 既存事業の減価償却費 | E41: =E12+E23 -> 0 | F41: =F12+F23 -> 0 | G41: =G12+G23 -> 0 | H41: =H12+H23 -> 0 | I41: =I12+I23 -> 0 | J41: =J12+J23 -> 0 | K41: =K12+K23 -> 0 | L41: =L12+L23 -> 0 | ... N41: =N12+N23 -> 0 | S41: =IF($Q$3=リスト!$B$3, IFERROR(IF(AND( ISNUMBER(E41), E41=INT(E41), E41>=0, LEN(E41)<=12, ISNUMBER(F41), F41=INT(F41), F41>=0, LEN(F41)<=12, ISNUMBER(G41), G41=INT(G41), G41>=0, LEN(G41)<=12), "OK","NG"),"NG"), IF($Q$3=リスト!$B$4, IFERROR(IF(AND( ISNUMBER(F41), F41=INT(F41), F41>=0, LEN(F41)<=12, ISNUMBER(G41), G41=INT(G41), G41>=0, LEN(G41)<=12), "OK","NG"),"NG"), IF($Q$3=リスト!$B$5, IFERROR(IF(AND( ISNUMBER(G41), G41=INT(G41), G41>=0, LEN(G41)<=12), "OK","NG"),"NG"), "-"))) -> - | T41: =IFERROR(IF(AND( ISNUMBER(H41),H41=INT(H41),H41>=0,LEN(H41)<=12), "OK","NG"),"NG" ) -> OK | U41: =IFERROR(IF(AND( ISNUMBER(I41),I41=INT(I41),I41>=0,LEN(I41)<=12), "OK","NG"),"NG" ) -> OK | V41: =IFERROR(IF($Q$5=リスト!$J$3, IF(AND(ISNUMBER(J41),J41=INT(J41),J41>=0,LEN(J41)<=12, ISNUMBER(K41),K41=INT(K41),K41>=0,LEN(K41)<=12, ISNUMBER(L41),L41=INT(L41),L41>=0,LEN(L41)<=12), "OK","NG"), IF($Q$5=リスト!$J$4, IF(AND(ISNUMBER(J41),J41=INT(J41),J41>=0,LEN(J41)<=12, ISNUMBER(K41),K41=INT(K41),K41>=0,LEN(K41)<=12, ISNUMBER(L41),L41=INT(L41),L41>=0,LEN(L41)<=12, ISNUMBER(M41),M41=INT(M41),M41>=0,LEN(M41)<=12), "OK","NG"), IF($Q$5=リスト!$J$5, IF(AND(ISNUMBER(J41),J41=INT(J41),J41>=0,LEN(J41)<=12, ISNUMBER(K41),K41=INT(K41),K41>=0,LEN(K41)<=12, ISNUMBER(L41),L41=INT(L41),L41>=0,LEN(L41)<=12, ISNUMBER(M41),M41=INT(M41),M41>=0,LEN(M41)<=12, ISNUMBER(N41),N41=INT(N41),N41>=0,LEN(N41)<=12), "OK","NG"), "NG"))),"NG") -> NG | W41: - | X41: - | Y41: - | Z41: - | AA41: -
C42: 補助事業の減価償却費 | I42: =I14+I25 -> 0 | J42: =J14+J25 -> 0 | K42: =K14+K25 -> 0 | L42: =L14+L25 -> 0 | M42: =M14+M25 -> 0 | N42: =N14+N25 -> 0 | S42: - | T42: - | U42: =IFERROR(IF(AND( ISNUMBER(I42),I42=INT(I42),I42>=0,LEN(I42)<=12), "OK","NG"),"NG" ) -> OK | V42: =IFERROR(IF($Q$5=リスト!$J$3, IF(AND(ISNUMBER(J42),J42=INT(J42),J42>=0,LEN(J42)<=12, ISNUMBER(K42),K42=INT(K42),K42>=0,LEN(K42)<=12, ISNUMBER(L42),L42=INT(L42),L42>=0,LEN(L42)<=12), "OK","NG"), IF($Q$5=リスト!$J$4, IF(AND(ISNUMBER(J42),J42=INT(J42),J42>=0,LEN(J42)<=12, ISNUMBER(K42),K42=INT(K42),K42>=0,LEN(K42)<=12, ISNUMBER(L42),L42=INT(L42),L42>=0,LEN(L42)<=12, ISNUMBER(M42),M42=INT(M42),M42>=0,LEN(M42)<=12), "OK","NG"), IF($Q$5=リスト!$J$5, IF(AND(ISNUMBER(J42),J42=INT(J42),J42>=0,LEN(J42)<=12, ISNUMBER(K42),K42=INT(K42),K42>=0,LEN(K42)<=12, ISNUMBER(L42),L42=INT(L42),L42>=0,LEN(L42)<=12, ISNUMBER(M42),M42=INT(M42),M42>=0,LEN(M42)<=12, ISNUMBER(N42),N42=INT(N42),N42>=0,LEN(N42)<=12), "OK","NG"), "NG"))),"NG") -> NG | W42: - | X42: - | Y42: - | Z42: - | AA42: -
B43: 付加価値額 (営業利益＋人件費＋減価償却費) | E43: =E38+E39+E40 -> 0 | F43: =F38+F39+F40 -> 0 | G43: =G38+G39+G40 -> 0 | H43: =H38+H39+H40 -> 0 | I43: =I38+I39+I40 -> 0 | J43: =J38+J39+J40 -> 0 | K43: =K38+K39+K40 -> 0 | L43: =L38+L39+L40 -> 0 | ... N43: =N38+N39+N40 -> 0 | S43: =IF($Q$3=リスト!$B$3, IFERROR(IF(AND( ISNUMBER(E43), E43=INT(E43), LEN(ABS(E43))<=12, ISNUMBER(F43), F43=INT(F43), LEN(ABS(F43))<=12, ISNUMBER(G43), G43=INT(G43), LEN(ABS(G43))<=12), "OK","NG"),"NG"), IF($Q$3=リスト!$B$4, IFERROR(IF(AND( ISNUMBER(F43), F43=INT(F43), LEN(ABS(F43))<=12, ISNUMBER(G43), G43=INT(G43), LEN(ABS(G43))<=12), "OK","NG"),"NG"), IF($Q$3=リスト!$B$5, IFERROR(IF(AND( ISNUMBER(G43), G43=INT(G43), LEN(ABS(G43))<=12), "OK","NG"),"NG"), "-"))) -> - | T43: =IFERROR(IF(AND( ISNUMBER(H43),H43=INT(H43),LEN(ABS(H43))<=12), "OK","NG"),"NG" ) -> OK | U43: =IFERROR(IF(AND( ISNUMBER(I43),I43=INT(I43),LEN(ABS(I43))<=12), "OK","NG"),"NG" ) -> OK | V43: =IFERROR(IF($Q$5=リスト!$J$3, IF(AND(ISNUMBER(J43),J43=INT(J43),LEN(ABS(J43))<=12, ISNUMBER(K43),K43=INT(K43),LEN(ABS(K43))<=12, ISNUMBER(L43),L43=INT(L43),LEN(ABS(L43))<=12), "OK","NG"), IF($Q$5=リスト!$J$4, IF(AND(ISNUMBER(J43),J43=INT(J43),LEN(ABS(J43))<=12, ISNUMBER(K43),K43=INT(K43),LEN(ABS(K43))<=12, ISNUMBER(L43),L43=INT(L43),LEN(ABS(L43))<=12, ISNUMBER(M43),M43=INT(M43),LEN(ABS(M43))<=12), "OK","NG"), IF($Q$5=リスト!$J$5, IF(AND(ISNUMBER(J43),J43=INT(J43),LEN(ABS(J43))<=12, ISNUMBER(K43),K43=INT(K43),LEN(ABS(K43))<=12, ISNUMBER(L43),L43=INT(L43),LEN(ABS(L43))<=12, ISNUMBER(M43),M43=INT(M43),LEN(ABS(M43))<=12, ISNUMBER(N43),N43=INT(N43),LEN(ABS(N43))<=12), "OK","NG"), "NG"))),"NG") -> NG | W43: - | X43: - | Y43: - | Z43: - | AA43: -
B44: 付加価値額の年平均成長率 (％) | J44: =IF(J43=0,0, IFERROR(ROUNDDOWN(((J43/$I$43)^(1/LEFT(J$2,1))-1)*100,1),0)) -> 0 | K44: =IF(K43=0,0, IFERROR(ROUNDDOWN(((K43/$I$43)^(1/LEFT(K$2,1))-1)*100,1),0)) -> 0 | L44: =IF(L43=0,0, IFERROR(ROUNDDOWN(((L43/$I$43)^(1/LEFT(L$2,1))-1)*100,1),0)) -> 0 | M44: =IF(M43=0,0, IFERROR(ROUNDDOWN(((M43/$I$43)^(1/LEFT(M$2,1))-1)*100,1),0)) -> 0 | N44: =IF(N43=0,0, IFERROR(ROUNDDOWN(((N43/$I$43)^(1/LEFT(N$2,1))-1)*100,1),0)) -> 0 | S44: - | T44: - | U44: - | V44: - | W44: - | X44: - | Y44: - | Z44: - | AA44: -
B45: 雇用・賃金情報 | S45: - | T45: - | U45: - | V45: - | W45: - | X45: - | Y45: - | Z45: - | AA45: -
B46: 役員数 (人) | S46: =IF($Q$3=リスト!$B$3, IFERROR(IF(AND( ISNUMBER(E46), E46>=0, LEN(INT(E46))<=3, E46=ROUND(E46,0), ISNUMBER(F46), F46>=0, LEN(INT(F46))<=3, F46=ROUND(F46,0), ISNUMBER(G46), G46>=0, LEN(INT(G46))<=3, G46=ROUND(G46,0)), "OK","NG"),"NG"), IF($Q$3=リスト!$B$4, IFERROR(IF(AND( ISNUMBER(F46), F46>=0, LEN(INT(F46))<=3, F46=ROUND(F46,0), ISNUMBER(G46), G46>=0, LEN(INT(G46))<=3, G46=ROUND(G46,0)), "OK","NG"),"NG"), IF($Q$3=リスト!$B$5, IFERROR(IF(AND( ISNUMBER(G46), G46>=0, LEN(INT(G46))<=3, G46=ROUND(G46,0)), "OK","NG"),"NG"), "-"))) -> - | T46: =IFERROR(IF(AND( ISNUMBER(H46),H46>=0,LEN(INT(H46))<=3,H46=ROUND(H46,0)), "OK","NG"),"NG" ) -> NG | U46: =IFERROR(IF(AND( ISNUMBER(I46),I46>=0,LEN(INT(I46))<=3,I46=ROUND(I46,0)), "OK","NG"),"NG" ) -> NG | V46: =IFERROR(IF($Q$5=リスト!$J$3, IF(AND(ISNUMBER(J46),J46>=0,LEN(INT(J46))<=3,J46=ROUND(J46,0), ISNUMBER(K46),K46>=0,LEN(INT(K46))<=3,K46=ROUND(K46,0), ISNUMBER(L46),L46>=0,LEN(INT(L46))<=3,L46=ROUND(L46,0)), "OK","NG"), IF($Q$5=リスト!$J$4, IF(AND(ISNUMBER(J46),J46>=0,LEN(INT(J46))<=3,J46=ROUND(J46,0), ISNUMBER(K46),K46>=0,LEN(INT(K46))<=3,K46=ROUND(K46,0), ISNUMBER(L46),L46>=0,LEN(INT(L46))<=3,L46=ROUND(L46,0), ISNUMBER(M46),M46>=0,LEN(INT(M46))<=3,M46=ROUND(M46,0)), "OK","NG"), IF($Q$5=リスト!$J$5, IF(AND(ISNUMBER(J46),J46>=0,LEN(INT(J46))<=3,J46=ROUND(J46,0), ISNUMBER(K46),K46>=0,LEN(INT(K46))<=3,K46=ROUND(K46,0), ISNUMBER(L46),L46>=0,LEN(INT(L46))<=3,L46=ROUND(L46,0), ISNUMBER(M46),M46>=0,LEN(INT(M46))<=3,M46=ROUND(M46,0), ISNUMBER(N46),N46>=0,LEN(INT(N46))<=3,N46=ROUND(N46,0)), "OK","NG"), "NG"))),"NG") -> NG | W46: =IF($Q$3=リスト!$B$3, IF(OR($E46="", $F46="", $G46=""), "NG", "OK"), IF($Q$3=リスト!$B$4, IF(OR($F46="", $G46=""), "NG", "OK"), IF($Q$3=リスト!$B$5, IF($G46="", "NG", "OK"), "-"))) -> - | X46: =IF(H46="", "NG", "OK") -> NG | Y46: =IF(I46="", "NG", "OK") -> NG | Z46: =IF($Q$5=リスト!$J$3, IF(COUNTA($J46:$L46)<3, "NG", "OK"), IF($Q$5=リスト!$J$4, IF(COUNTA($J46:$M46)<4, "NG", "OK"), IF($Q$5=リスト!$J$5, IF(COUNTA($J46:$N46)<5, "NG", "OK"), "NG"))) -> NG | AA46: -
B47: 役員報酬 (販売費及び一般管理費のうち) | S47: =IF($Q$3=リスト!$B$3, IFERROR(IF(AND( ISNUMBER(E47), E47=INT(E47), E47>=0, LEN(E47)<=12, ISNUMBER(F47), F47=INT(F47), F47>=0, LEN(F47)<=12, ISNUMBER(G47), G47=INT(G47), G47>=0, LEN(G47)<=12), "OK","NG"),"NG"), IF($Q$3=リスト!$B$4, IFERROR(IF(AND( ISNUMBER(F47), F47=INT(F47), F47>=0, LEN(F47)<=12, ISNUMBER(G47), G47=INT(G47), G47>=0, LEN(G47)<=12), "OK","NG"),"NG"), IF($Q$3=リスト!$B$5, IFERROR(IF(AND( ISNUMBER(G47), G47=INT(G47), G47>=0, LEN(G47)<=12), "OK","NG"),"NG"), "-"))) -> - | T47: =IFERROR(IF(AND( ISNUMBER(H47),H47=INT(H47),H47>=0,LEN(H47)<=12), "OK","NG"),"NG" ) -> NG | U47: =IFERROR(IF(AND( ISNUMBER(I47),I47=INT(I47),I47>=0,LEN(I47)<=12), "OK","NG"),"NG" ) -> NG | V47: =IFERROR(IF($Q$5=リスト!$J$3, IF(AND(ISNUMBER(J47),J47=INT(J47),J47>=0,LEN(J47)<=12, ISNUMBER(K47),K47=INT(K47),K47>=0,LEN(K47)<=12, ISNUMBER(L47),L47=INT(L47),L47>=0,LEN(L47)<=12), "OK","NG"), IF($Q$5=リスト!$J$4, IF(AND(ISNUMBER(J47),J47=INT(J47),J47>=0,LEN(J47)<=12, ISNUMBER(K47),K47=INT(K47),K47>=0,LEN(K47)<=12, ISNUMBER(L47),L47=INT(L47),L47>=0,LEN(L47)<=12, ISNUMBER(M47),M47=INT(M47),M47>=0,LEN(M47)<=12), "OK","NG"), IF($Q$5=リスト!$J$5, IF(AND(ISNUMBER(J47),J47=INT(J47),J47>=0,LEN(J47)<=12, ISNUMBER(K47),K47=INT(K47),K47>=0,LEN(K47)<=12, ISNUMBER(L47),L47=INT(L47),L47>=0,LEN(L47)<=12, ISNUMBER(M47),M47=INT(M47),M47>=0,LEN(M47)<=12, ISNUMBER(N47),N47=INT(N47),N47>=0,LEN(N47)<=12), "OK","NG"), "NG"))),"NG") -> NG | W47: =IF($Q$3=リスト!$B$3, IF(OR($E47="", $F47="", $G47=""), "NG", "OK"), IF($Q$3=リスト!$B$4, IF(OR($F47="", $G47=""), "NG", "OK"), IF($Q$3=リスト!$B$5, IF($G47="", "NG", "OK"), "-"))) -> - | X47: =IF(H47="", "NG", "OK") -> NG | Y47: =IF(I47="", "NG", "OK") -> NG | Z47: =IF($Q$5=リスト!$J$3, IF(COUNTA($J47:$L47)<3, "NG", "OK"), IF($Q$5=リスト!$J$4, IF(COUNTA($J47:$M47)<4, "NG", "OK"), IF($Q$5=リスト!$J$5, IF(COUNTA($J47:$N47)<5, "NG", "OK"), "NG"))) -> NG | AA47: -
B48: 役員賞与 (販売費及び一般管理費のうち) | S48: =IF($Q$3=リスト!$B$3, IFERROR(IF(AND( ISNUMBER(E48), E48=INT(E48), E48>=0, LEN(E48)<=12, ISNUMBER(F48), F48=INT(F48), F48>=0, LEN(F48)<=12, ISNUMBER(G48), G48=INT(G48), G48>=0, LEN(G48)<=12), "OK","NG"),"NG"), IF($Q$3=リスト!$B$4, IFERROR(IF(AND( ISNUMBER(F48), F48=INT(F48), F48>=0, LEN(F48)<=12, ISNUMBER(G48), G48=INT(G48), G48>=0, LEN(G48)<=12), "OK","NG"),"NG"), IF($Q$3=リスト!$B$5, IFERROR(IF(AND( ISNUMBER(G48), G48=INT(G48), G48>=0, LEN(G48)<=12), "OK","NG"),"NG"), "-"))) -> - | T48: =IFERROR(IF(AND( ISNUMBER(H48),H48=INT(H48),H48>=0,LEN(H48)<=12), "OK","NG"),"NG" ) -> NG | U48: =IFERROR(IF(AND( ISNUMBER(I48),I48=INT(I48),I48>=0,LEN(I48)<=12), "OK","NG"),"NG" ) -> NG | V48: =IFERROR(IF($Q$5=リスト!$J$3, IF(AND(ISNUMBER(J48),J48=INT(J48),J48>=0,LEN(J48)<=12, ISNUMBER(K48),K48=INT(K48),K48>=0,LEN(K48)<=12, ISNUMBER(L48),L48=INT(L48),L48>=0,LEN(L48)<=12), "OK","NG"), IF($Q$5=リスト!$J$4, IF(AND(ISNUMBER(J48),J48=INT(J48),J48>=0,LEN(J48)<=12, ISNUMBER(K48),K48=INT(K48),K48>=0,LEN(K48)<=12, ISNUMBER(L48),L48=INT(L48),L48>=0,LEN(L48)<=12, ISNUMBER(M48),M48=INT(M48),M48>=0,LEN(M48)<=12), "OK","NG"), IF($Q$5=リスト!$J$5, IF(AND(ISNUMBER(J48),J48=INT(J48),J48>=0,LEN(J48)<=12, ISNUMBER(K48),K48=INT(K48),K48>=0,LEN(K48)<=12, ISNUMBER(L48),L48=INT(L48),L48>=0,LEN(L48)<=12, ISNUMBER(M48),M48=INT(M48),M48>=0,LEN(M48)<=12, ISNUMBER(N48),N48=INT(N48),N48>=0,LEN(N48)<=12), "OK","NG"), "NG"))),"NG") -> NG | W48: =IF($Q$3=リスト!$B$3, IF(OR($E48="", $F48="", $G48=""), "NG", "OK"), IF($Q$3=リスト!$B$4, IF(OR($F48="", $G48=""), "NG", "OK"), IF($Q$3=リスト!$B$5, IF($G48="", "NG", "OK"), "-"))) -> - | X48: =IF(H48="", "NG", "OK") -> NG | Y48: =IF(I48="", "NG", "OK") -> NG | Z48: =IF($Q$5=リスト!$J$3, IF(COUNTA($J48:$L48)<3, "NG", "OK"), IF($Q$5=リスト!$J$4, IF(COUNTA($J48:$M48)<4, "NG", "OK"), IF($Q$5=リスト!$J$5, IF(COUNTA($J48:$N48)<5, "NG", "OK"), "NG"))) -> NG | AA48: -
B49: 従業員数*3 (人) | S49: =IF($Q$3=リスト!$B$3, IFERROR(IF(AND( ISNUMBER(E49), E49>=0, LEN(INT(E49))<=3, E49=ROUND(E49,2), ISNUMBER(F49), F49>=0, LEN(INT(F49))<=3, F49=ROUND(F49,2), ISNUMBER(G49), G49>=0, LEN(INT(G49))<=3, G49=ROUND(G49,2)), "OK","NG"),"NG"), IF($Q$3=リスト!$B$4, IFERROR(IF(AND( ISNUMBER(F49), F49>=0, LEN(INT(F49))<=3, F49=ROUND(F49,2), ISNUMBER(G49), G49>=0, LEN(INT(G49))<=3, G49=ROUND(G49,2)), "OK","NG"),"NG"), IF($Q$3=リスト!$B$5, IFERROR(IF(AND( ISNUMBER(G49), G49>=0, LEN(INT(G49))<=3, G49=ROUND(G49,2)), "OK","NG"),"NG"), "-"))) -> - | T49: =IFERROR(IF(AND( ISNUMBER(H49),H49>=0,LEN(INT(H49))<=3,H49=ROUND(H49,2)), "OK","NG"),"NG" ) -> NG | U49: =IFERROR(IF(AND( ISNUMBER(I49),I49>0,LEN(INT(I49))<=3,I49=ROUND(I49,2)), "OK","NG"),"NG" ) -> NG | V49: =IFERROR(IF($Q$5=リスト!$J$3, IF(AND(ISNUMBER(J49),J49>0,LEN(INT(J49))<=3,J49=ROUND(J49,2), ISNUMBER(K49),K49>0,LEN(INT(K49))<=3,K49=ROUND(K49,2), ISNUMBER(L49),L49>0,LEN(INT(L49))<=3,L49=ROUND(L49,2)), "OK","NG"), IF($Q$5=リスト!$J$4, IF(AND(ISNUMBER(J49),J49>0,LEN(INT(J49))<=3,J49=ROUND(J49,2), ISNUMBER(K49),K49>0,LEN(INT(K49))<=3,K49=ROUND(K49,2), ISNUMBER(L49),L49>0,LEN(INT(L49))<=3,L49=ROUND(L49,2), ISNUMBER(M49),M49>0,LEN(INT(M49))<=3,M49=ROUND(M49,2)), "OK","NG"), IF($Q$5=リスト!$J$5, IF(AND(ISNUMBER(J49),J49>0,LEN(INT(J49))<=3,J49=ROUND(J49,2), ISNUMBER(K49),K49>0,LEN(INT(K49))<=3,K49=ROUND(K49,2), ISNUMBER(L49),L49>0,LEN(INT(L49))<=3,L49=ROUND(L49,2), ISNUMBER(M49),M49>0,LEN(INT(M49))<=3,M49=ROUND(M49,2), ISNUMBER(N49),N49>0,LEN(INT(N49))<=3,N49=ROUND(N49,2)), "OK","NG"), "NG"))),"NG") -> NG | W49: =IF($Q$3=リスト!$B$3, IF(OR($E49="", $F49="", $G49=""), "NG", "OK"), IF($Q$3=リスト!$B$4, IF(OR($F49="", $G49=""), "NG", "OK"), IF($Q$3=リスト!$B$5, IF($G49="", "NG", "OK"), "-"))) -> - | X49: =IF(H49="", "NG", "OK") -> NG | Y49: =IF(I49="", "NG", "OK") -> NG | Z49: =IF($Q$5=リスト!$J$3, IF(COUNTA($J49:$L49)<3, "NG", "OK"), IF($Q$5=リスト!$J$4, IF(COUNTA($J49:$M49)<4, "NG", "OK"), IF($Q$5=リスト!$J$5, IF(COUNTA($J49:$N49)<5, "NG", "OK"), "NG"))) -> NG | AA49: -
C50: うち 正社員数*4 (人) | S50: =IF($Q$3=リスト!$B$3, IFERROR(IF(AND( ISNUMBER(E50), E50>=0, LEN(INT(E50))<=3, E50=ROUND(E50,0), ISNUMBER(F50), F50>=0, LEN(INT(F50))<=3, F50=ROUND(F50,0), ISNUMBER(G50), G50>=0, LEN(INT(G50))<=3, G50=ROUND(G50,0)), "OK","NG"),"NG"), IF($Q$3=リスト!$B$4, IFERROR(IF(AND( ISNUMBER(F50), F50>=0, LEN(INT(F50))<=3, F50=ROUND(F50,0), ISNUMBER(G50), G50>=0, LEN(INT(G50))<=3, G50=ROUND(G50,0)), "OK","NG"),"NG"), IF($Q$3=リスト!$B$5, IFERROR(IF(AND( ISNUMBER(G50), G50>=0, LEN(INT(G50))<=3, G50=ROUND(G50,0)), "OK","NG"),"NG"), "-"))) -> - | T50: =IFERROR(IF(AND( ISNUMBER(H50),H50>=0,LEN(INT(H50))<=3,H50=ROUND(H50,0)), "OK","NG"),"NG" ) -> NG | U50: - | V50: - | W50: =IF($Q$3=リスト!$B$3, IF(OR($E50="", $F50="", $G50=""), "NG", "OK"), IF($Q$3=リスト!$B$4, IF(OR($F50="", $G50=""), "NG", "OK"), IF($Q$3=リスト!$B$5, IF($G50="", "NG", "OK"), "-"))) -> - | X50: =IF(H50="", "NG", "OK") -> NG | Y50: - | Z50: - | AA50: -
B51: 従業員の給与支給総額*3 | S51: =IF($Q$3=リスト!$B$3, IFERROR(IF(AND( ISNUMBER(E51), E51=INT(E51), E51>=0, LEN(E51)<=12, ISNUMBER(F51), F51=INT(F51), F51>=0, LEN(F51)<=12, ISNUMBER(G51), G51=INT(G51), G51>=0, LEN(G51)<=12), "OK","NG"),"NG"), IF($Q$3=リスト!$B$4, IFERROR(IF(AND( ISNUMBER(F51), F51=INT(F51), F51>=0, LEN(F51)<=12, ISNUMBER(G51), G51=INT(G51), G51>=0, LEN(G51)<=12), "OK","NG"),"NG"), IF($Q$3=リスト!$B$5, IFERROR(IF(AND( ISNUMBER(G51), G51=INT(G51), G51>=0, LEN(G51)<=12), "OK","NG"),"NG"), "-"))) -> - | T51: =IFERROR(IF(AND( ISNUMBER(H51),H51=INT(H51),H51>=0,LEN(H51)<=12), "OK","NG"),"NG" ) -> NG | U51: =IFERROR(IF(AND( ISNUMBER(I51),I51=INT(I51),I51>=0,LEN(I51)<=12), "OK","NG"),"NG" ) -> NG | V51: =IFERROR(IF($Q$5=リスト!$J$3, IF(AND(ISNUMBER(J51),J51=INT(J51),J51>=0,LEN(J51)<=12, ISNUMBER(K51),K51=INT(K51),K51>=0,LEN(K51)<=12, ISNUMBER(L51),L51=INT(L51),L51>=0,LEN(L51)<=12), "OK","NG"), IF($Q$5=リスト!$J$4, IF(AND(ISNUMBER(J51),J51=INT(J51),J51>=0,LEN(J51)<=12, ISNUMBER(K51),K51=INT(K51),K51>=0,LEN(K51)<=12, ISNUMBER(L51),L51=INT(L51),L51>=0,LEN(L51)<=12, ISNUMBER(M51),M51=INT(M51),M51>=0,LEN(M51)<=12), "OK","NG"), IF($Q$5=リスト!$J$5, IF(AND(ISNUMBER(J51),J51=INT(J51),J51>=0,LEN(J51)<=12, ISNUMBER(K51),K51=INT(K51),K51>=0,LEN(K51)<=12, ISNUMBER(L51),L51=INT(L51),L51>=0,LEN(L51)<=12, ISNUMBER(M51),M51=INT(M51),M51>=0,LEN(M51)<=12, ISNUMBER(N51),N51=INT(N51),N51>=0,LEN(N51)<=12), "OK","NG"), "NG"))),"NG") -> NG | W51: =IF($Q$3=リスト!$B$3, IF(OR($E51="", $F51="", $G51=""), "NG", "OK"), IF($Q$3=リスト!$B$4, IF(OR($F51="", $G51=""), "NG", "OK"), IF($Q$3=リスト!$B$5, IF($G51="", "NG", "OK"), "-"))) -> - | X51: =IF(H51="", "NG", "OK") -> NG | Y51: =IF(I51="", "NG", "OK") -> NG | Z51: =IF($Q$5=リスト!$J$3, IF(COUNTA($J51:$L51)<3, "NG", "OK"), IF($Q$5=リスト!$J$4, IF(COUNTA($J51:$M51)<4, "NG", "OK"), IF($Q$5=リスト!$J$5, IF(COUNTA($J51:$N51)<5, "NG", "OK"), "NG"))) -> NG | AA51: -
C52: うち 補助事業に係る従業員の給与支給総額*5 | S52: - | T52: - | U52: =IFERROR(IF( OR(I52="",AND(ISNUMBER(I52),I52=INT(I52),I52>=0,LEN(I52)<=12)), "OK","NG"),"NG" ) -> OK | V52: =IFERROR(IF($Q$5=リスト!$J$3, IF(AND( OR(J52="",AND(ISNUMBER(J52),J52=INT(J52),J52>=0,LEN(J52)<=12)), OR(K52="",AND(ISNUMBER(K52),K52=INT(K52),K52>=0,LEN(K52)<=12)), OR(L52="",AND(ISNUMBER(L52),L52=INT(L52),L52>=0,LEN(L52)<=12)) ), "OK","NG"), IF($Q$5=リスト!$J$4, IF(AND( OR(J52="",AND(ISNUMBER(J52),J52=INT(J52),J52>=0,LEN(J52)<=12)), OR(K52="",AND(ISNUMBER(K52),K52=INT(K52),K52>=0,LEN(K52)<=12)), OR(L52="",AND(ISNUMBER(L52),L52=INT(L52),L52>=0,LEN(L52)<=12)), OR(M52="",AND(ISNUMBER(M52),M52=INT(M52),M52>=0,LEN(M52)<=12)) ), "OK","NG"), IF($Q$5=リスト!$J$5, IF(AND( OR(J52="",AND(ISNUMBER(J52),J52=INT(J52),J52>=0,LEN(J52)<=12)), OR(K52="",AND(ISNUMBER(K52),K52=INT(K52),K52>=0,LEN(K52)<=12)), OR(L52="",AND(ISNUMBER(L52),L52=INT(L52),L52>=0,LEN(L52)<=12)), OR(M52="",AND(ISNUMBER(M52),M52=INT(M52),M52>=0,LEN(M52)<=12)), OR(N52="",AND(ISNUMBER(N52),N52=INT(N52),N52>=0,LEN(N52)<=12)) ), "OK","NG"), "NG"))),"NG") -> NG | W52: - | X52: - | Y52: - | Z52: - | AA52: -
B53: 1人当たり給与支給総額 (従業員の給与支給総額 / 従業員数) | E53: =IFERROR(E51/E49,"") | F53: =IFERROR(F51/F49,"") | G53: =IFERROR(G51/G49,"") | H53: =IFERROR(H51/H49,"") | I53: =IFERROR(I51/I49,"") | J53: =IFERROR(J51/J49,"") | K53: =IFERROR(K51/K49,"") | L53: =IFERROR(L51/L49,"") | ... N53: =IFERROR(N51/N49,"") | S53: - | T53: - | U53: - | V53: - | W53: - | X53: - | Y53: - | Z53: - | AA53: -
B54: 1人当たり給与支給総額の年平均成長率*6 (％) | J54: =IFERROR(ROUNDDOWN(((J53/$I$53)^(1/LEFT(J$2,1))-1)*100,1),0) -> 0 | K54: =IFERROR(ROUNDDOWN(((K53/$I$53)^(1/LEFT(K$2,1))-1)*100,1),0) -> 0 | L54: =IFERROR(ROUNDDOWN(((L53/$I$53)^(1/LEFT(L$2,1))-1)*100,1),0) -> 0 | M54: =IFERROR(ROUNDDOWN(((M53/$I$53)^(1/LEFT(M$2,1))-1)*100,1),0) -> 0 | N54: =IFERROR(ROUNDDOWN(((N53/$I$53)^(1/LEFT(N$2,1))-1)*100,1),0) -> 0 | S54: - | T54: - | U54: - | V54: - | W54: - | X54: - | Y54: - | Z54: - | AA54: -
B55: 投資計画 | S55: - | T55: - | U55: - | V55: - | W55: - | X55: - | Y55: - | Z55: - | AA55: -
B56: 新規設備投資による支出*7 | S56: =IF($Q$3=リスト!$B$3, IFERROR(IF(AND( ISNUMBER(E56), E56=INT(E56), E56>=0, LEN(E56)<=12, ISNUMBER(F56), F56=INT(F56), F56>=0, LEN(F56)<=12, ISNUMBER(G56), G56=INT(G56), G56>=0, LEN(G56)<=12), "OK","NG"),"NG"), IF($Q$3=リスト!$B$4, IFERROR(IF(AND( ISNUMBER(F56), F56=INT(F56), F56>=0, LEN(F56)<=12, ISNUMBER(G56), G56=INT(G56), G56>=0, LEN(G56)<=12), "OK","NG"),"NG"), IF($Q$3=リスト!$B$5, IFERROR(IF(AND( ISNUMBER(G56), G56=INT(G56), G56>=0, LEN(G56)<=12), "OK","NG"),"NG"), "-"))) -> - | T56: =IFERROR(IF(AND( ISNUMBER(H56),H56=INT(H56),H56>=0,LEN(H56)<=12), "OK","NG"),"NG" ) -> NG | U56: =IFERROR(IF(AND( ISNUMBER(I56),I56=INT(I56),I56>=0,LEN(I56)<=12), "OK","NG"),"NG" ) -> NG | V56: =IFERROR(IF($Q$5=リスト!$J$3, IF(AND(ISNUMBER(J56),J56=INT(J56),J56>=0,LEN(J56)<=12, ISNUMBER(K56),K56=INT(K56),K56>=0,LEN(K56)<=12, ISNUMBER(L56),L56=INT(L56),L56>=0,LEN(L56)<=12), "OK","NG"), IF($Q$5=リスト!$J$4, IF(AND(ISNUMBER(J56),J56=INT(J56),J56>=0,LEN(J56)<=12, ISNUMBER(K56),K56=INT(K56),K56>=0,LEN(K56)<=12, ISNUMBER(L56),L56=INT(L56),L56>=0,LEN(L56)<=12, ISNUMBER(M56),M56=INT(M56),M56>=0,LEN(M56)<=12), "OK","NG"), IF($Q$5=リスト!$J$5, IF(AND(ISNUMBER(J56),J56=INT(J56),J56>=0,LEN(J56)<=12, ISNUMBER(K56),K56=INT(K56),K56>=0,LEN(K56)<=12, ISNUMBER(L56),L56=INT(L56),L56>=0,LEN(L56)<=12, ISNUMBER(M56),M56=INT(M56),M56>=0,LEN(M56)<=12, ISNUMBER(N56),N56=INT(N56),N56>=0,LEN(N56)<=12), "OK","NG"), "NG"))),"NG") -> NG | W56: =IF($Q$3=リスト!$B$3, IF(OR($E56="", $F56="", $G56=""), "NG", "OK"), IF($Q$3=リスト!$B$4, IF(OR($F56="", $G56=""), "NG", "OK"), IF($Q$3=リスト!$B$5, IF($G56="", "NG", "OK"), "-"))) -> - | X56: =IF(H56="", "NG", "OK") -> NG | Y56: =IF(I56="", "NG", "OK") -> NG | Z56: =IF($Q$5=リスト!$J$3, IF(COUNTA($J56:$L56)<3, "NG", "OK"), IF($Q$5=リスト!$J$4, IF(COUNTA($J56:$M56)<4, "NG", "OK"), IF($Q$5=リスト!$J$5, IF(COUNTA($J56:$N56)<5, "NG", "OK"), "NG"))) -> NG | AA56: -
B57: 設備投資額*8 | S57: =IF($Q$3=リスト!$B$3, IFERROR(IF(AND( ISNUMBER(E57), E57=INT(E57), E57>=0, LEN(E57)<=12, ISNUMBER(F57), F57=INT(F57), F57>=0, LEN(F57)<=12, ISNUMBER(G57), G57=INT(G57), G57>=0, LEN(G57)<=12), "OK","NG"),"NG"), IF($Q$3=リスト!$B$4, IFERROR(IF(AND( ISNUMBER(F57), F57=INT(F57), F57>=0, LEN(F57)<=12, ISNUMBER(G57), G57=INT(G57), G57>=0, LEN(G57)<=12), "OK","NG"),"NG"), IF($Q$3=リスト!$B$5, IFERROR(IF(AND( ISNUMBER(G57), G57=INT(G57), G57>=0, LEN(G57)<=12), "OK","NG"),"NG"), "-"))) -> - | T57: - | U57: - | V57: - | W57: =IF($Q$3=リスト!$B$3, IF(OR($E57="", $F57="", $G57=""), "NG", "OK"), IF($Q$3=リスト!$B$4, IF(OR($F57="", $G57=""), "NG", "OK"), IF($Q$3=リスト!$B$5, IF($G57="", "NG", "OK"), "-"))) -> - | X57: - | Y57: - | Z57: - | AA57: -
B58: 無形固定資産投資額*9 | S58: =IF($Q$3=リスト!$B$3, IFERROR(IF(AND( ISNUMBER(E58), E58=INT(E58), E58>=0, LEN(E58)<=12, ISNUMBER(F58), F58=INT(F58), F58>=0, LEN(F58)<=12, ISNUMBER(G58), G58=INT(G58), G58>=0, LEN(G58)<=12), "OK","NG"),"NG"), IF($Q$3=リスト!$B$4, IFERROR(IF(AND( ISNUMBER(F58), F58=INT(F58), F58>=0, LEN(F58)<=12, ISNUMBER(G58), G58=INT(G58), G58>=0, LEN(G58)<=12), "OK","NG"),"NG"), IF($Q$3=リスト!$B$5, IFERROR(IF(AND( ISNUMBER(G58), G58=INT(G58), G58>=0, LEN(G58)<=12), "OK","NG"),"NG"), "-"))) -> - | T58: - | U58: - | V58: - | W58: =IF($Q$3=リスト!$B$3, IF(OR($E58="", $F58="", $G58=""), "NG", "OK"), IF($Q$3=リスト!$B$4, IF(OR($F58="", $G58=""), "NG", "OK"), IF($Q$3=リスト!$B$5, IF($G58="", "NG", "OK"), "-"))) -> - | X58: - | Y58: - | Z58: - | AA58: -
B59: 研究開発費*10 | S59: =IF($Q$3=リスト!$B$3, IFERROR(IF(AND( ISNUMBER(E59), E59=INT(E59), E59>=0, LEN(E59)<=12, ISNUMBER(F59), F59=INT(F59), F59>=0, LEN(F59)<=12, ISNUMBER(G59), G59=INT(G59), G59>=0, LEN(G59)<=12), "OK","NG"),"NG"), IF($Q$3=リスト!$B$4, IFERROR(IF(AND( ISNUMBER(F59), F59=INT(F59), F59>=0, LEN(F59)<=12, ISNUMBER(G59), G59=INT(G59), G59>=0, LEN(G59)<=12), "OK","NG"),"NG"), IF($Q$3=リスト!$B$5, IFERROR(IF(AND( ISNUMBER(G59), G59=INT(G59), G59>=0, LEN(G59)<=12), "OK","NG"),"NG"), "-"))) -> - | T59: - | U59: - | V59: - | W59: =IF($Q$3=リスト!$B$3, IF(OR($E59="", $F59="", $G59=""), "NG", "OK"), IF($Q$3=リスト!$B$4, IF(OR($F59="", $G59=""), "NG", "OK"), IF($Q$3=リスト!$B$5, IF($G59="", "NG", "OK"), "-"))) -> - | X59: - | Y59: - | Z59: - | AA59: -
B60: 能力開発費*11 | S60: =IF($Q$3=リスト!$B$3, IFERROR(IF(AND( ISNUMBER(E60), E60=INT(E60), E60>=0, LEN(E60)<=12, ISNUMBER(F60), F60=INT(F60), F60>=0, LEN(F60)<=12, ISNUMBER(G60), G60=INT(G60), G60>=0, LEN(G60)<=12), "OK","NG"),"NG"), IF($Q$3=リスト!$B$4, IFERROR(IF(AND( ISNUMBER(F60), F60=INT(F60), F60>=0, LEN(F60)<=12, ISNUMBER(G60), G60=INT(G60), G60>=0, LEN(G60)<=12), "OK","NG"),"NG"), IF($Q$3=リスト!$B$5, IFERROR(IF(AND( ISNUMBER(G60), G60=INT(G60), G60>=0, LEN(G60)<=12), "OK","NG"),"NG"), "-"))) -> - | T60: - | U60: - | V60: - | W60: =IF($Q$3=リスト!$B$3, IF(OR($E60="", $F60="", $G60=""), "NG", "OK"), IF($Q$3=リスト!$B$4, IF(OR($F60="", $G60=""), "NG", "OK"), IF($Q$3=リスト!$B$5, IF($G60="", "NG", "OK"), "-"))) -> - | X60: - | Y60: - | Z60: - | AA60: -
B62: *1 | C62: 「売上原価のうち 労務費」は、売上原価に含まれる労務費（福利厚生費や退職金等を含む）を記入してください。
C63: 「売上原価のうち 労務費」に役員報酬が含まれる場合は、「販売費及び一般管理費のうち 人件費」に含めてください。
B65: *2 | C65: 「販売費及び一般管理費のうち 人件費」は、販売費及び一般管理費に含まれる役員給与、従業員給与、賞与及び賞与引当金繰入れ、福利厚生費、退職金及び退職給与引当金繰入れを記入してください。
B67: *3 | C67: ＜「従業員数」及び「従業員の給与支給総額」の考え方について＞
C68: ・従業員数及び給与支給総額に含める「従業員(常勤)」には、パート、アルバイト、契約社員、非正規社員、出向者等も含まれます。
C69: ・一方で、日々雇い入れられる者、2か月以内の期間を定めて使用される者、季節的業務に4か月以内の期間を定めて使用される者及び試用期間中の者は含まれません。
C70: ※従業員数については、下記＜「一人当たり給与支給総額」の算出対象となる従業員の考え方＞も考慮して算出してください。
C71: また、従業員の給与支給総額は、決算書上の従業員給与手当や賞与とは異なる値となる場合があります。給与支給総額には、課税対象となる給与等のみを計上し、非課税経費は含めないでください。
C72: ※非課税経費については、税務上の取扱いをご確認ください。
C73: ＜「一人当たり給与支給総額」の算出対象となる従業員の考え方＞
C74: ・一人当たり給与支給総額の算出に含める従業員は、基準年度及びその算出対象となる各事業年度において、全月分の給与等の支給を受けた従業員とします。
C75: ・中途採用や退職等で全月分の給与等の支給を受けていない従業員については、全月分の給与等の支給を受けていない事業年度に限り、算出の対象から除きます。
C76: ・当該事業年度において、産前・産後休業、育児休業、介護休業等により時短勤務を行っている従業員は算出対象から除くことができます。
C77: ・パートタイム従業員は、正社員の就業時間に換算して人数を算出してください。
C78: ・昇給、減給、残業時間等の増減により給与額が変動する従業員も算出対象となりますので、将来計画を作成する際はこれらの要因も考慮してください。
B80: *4 | C80: 従業員数(正社員)には、パート及び派遣及び契約社員は含まれません。従業員兼役員は含まれます。
B82: *5 | C82: 補助事業に係る従業員の給与支給総額は、任意の入力項目です。
B84: *6 | C84: 3～5年の事業計画上の目標値となり、これを超える事業に取り組む必要があります。
B86: *7 | C86: キャッシュフロー計算書を作成している場合は、「有形・無形固定資産の取得による支出」を入力してください。作成していない場合は分かる範囲で入力してください。
C87: 可能な範囲で基準年度から事業計画期間最終年度までの計画値も入力してください。
B89: *8 | C89: 当該年度に新たに計上した設備投資額を入力してください。
C90: 建物、構築物、機械装置、土地、建設仮勘定、建物及び付属設備、構築物、機械及び装置、搬送設備及びその他の付属設備、船舶及び水上運搬具、鉄道車両、自動車その他の陸上運搬具、
C91: 工具、器具及び備品（耐用年数が１年以上のものに限る。）、土地、建設仮勘定、その他の有形資産で流動資産又は投資たる資産に属しないものの額。修繕、増築、改造、購入手数料の費用の額を指します。
C92: 詳細は下記のURLを参考ください。
C93: 参考：有形固定資産｜調査項目情報｜政府統計の総合窓口(e-stat.go.jp)(https://www.e-stat.go.jp/surveyitems/items/386030127)
B95: *9 | C95: 当該年度に新たに計上した無形固定資産投資額を入力してください。
C96: 無形固定資産投資額に金融資産は該当されないため、無形固定投資額には含めずに記載してください。
C97: 詳細は下記のURLを参考ください。
C98: 参考：無形固定資産｜定義単位項目情報｜政府統計の総合窓口(e-stat.go.jp)(https://www.e-stat.go.jp/surveyitems/definitions/42841)
B100: *10 | C100: 自社の研究開発のために、自社において使用した研究開発費の額を指します。
C101: 詳細は下記のURLを参考ください。
C102: 参考：自社研究開発費｜調査項目情報｜政府統計の総合窓口(e-stat.go.jp)(https://www.e-stat.go.jp/surveyitems/items/386010197)
B104: *11 | C104: 正社員・正職員、契約社員、パートタイム従業者、アルバイト、その他対価を受け取ってその事業に従事するものの能力を開発するためにかかった額を指します。
C105: 詳細は下記のURLを参考ください。
C106: 参考：能力開発費｜調査項目情報｜政府統計の総合窓口(e-stat.go.jp)(https://www.e-stat.go.jp/surveyitems/items/386030248)

Sheet 【解説】BS貸借対照表
G2: 金額(円) | N2: 金額(円) | S2: 形式チェック | Y2: 必須チェック | AE2: 数値チェック | AH2: 不要箇所チェック
B3: 科目 | E3: 直近の事業年度の 2期前 | F3: 直近の事業年度の 1期前 | G3: 直近の事業年度 | I3: 科目 | L3: 直近の事業年度の 2期前 | M3: 直近の事業年度の 1期前 | N3: 直近の事業年度 | P3: 補助対象事業枠 | Q3: 革新的新製品・サービス枠 | S3: - | T3: - | U3: - | V3: - | W3: - | X3: - | Y3: =IF($Q$4=リスト!$B$6, IF(AND($Q$3<>"",$Q$4<>""), "OK", "NG"), IF(AND($Q$3<>"",$Q$4<>"",$Q$5<>""), "OK", "NG") ) -> OK | Z3: - | AA3: - | AB3: - | AC3: - | AD3: - | AE3: - | AF3: - | AG3: - | AH3: =IF($Q$4=リスト!$B$6, IF($Q$5<>"", "NG", "OK"), "-") -> - | AI3: - | AJ3: - | AK3: - | AL3: - | AM3: -
B4: 資産の部 | I4: 負債の部 | P4: 決算書等の提出可能期数 | Q4: 3期分 | S4: - | T4: - | U4: - | V4: - | W4: - | X4: - | Y4: - | Z4: - | AA4: - | AB4: - | AC4: - | AD4: - | AE4: - | AF4: - | AG4: - | AH4: - | AI4: - | AJ4: - | AK4: - | AL4: - | AM4: -
B5: 流動資産 | E5: =SUM(E6:E10) -> 118000000 | F5: =SUM(F6:F10) -> 126000000 | G5: =SUM(G6:G10) -> 135000000 | I5: 流動負債 | L5: =SUM(L6:L10) -> 88630000 | M5: =SUM(M6:M10) -> 86800000 | N5: =SUM(N6:N10) -> 85000000 | P5: 直近の事業年度の 決算期間の月数 | Q5: 12か月 | S5: =IF(E5="", "-", IFERROR(IF(AND(ISNUMBER(E5),E5=INT(E5),E5>=0,LEN(E5)<=12),"OK","NG"),"NG")) -> OK | T5: =IF(F5="", "-", IFERROR(IF(AND(ISNUMBER(F5),F5=INT(F5),F5>=0,LEN(F5)<=12),"OK","NG"),"NG")) -> OK | U5: =IF(G5="", "-", IFERROR(IF(AND(ISNUMBER(G5),G5=INT(G5),G5>=0,LEN(G5)<=12),"OK","NG"),"NG")) -> OK | V5: =IF(L5="", "-", IFERROR(IF(AND(ISNUMBER(L5),L5=INT(L5),L5>=0,LEN(L5)<=12),"OK","NG"),"NG")) -> OK | W5: =IF(M5="", "-", IFERROR(IF(AND(ISNUMBER(M5),M5=INT(M5),M5>=0,LEN(M5)<=12),"OK","NG"),"NG")) -> OK | X5: =IF(N5="", "-", IFERROR(IF(AND(ISNUMBER(N5),N5=INT(N5),N5>=0,LEN(N5)<=12),"OK","NG"),"NG")) -> OK | Y5: - | Z5: - | AA5: - | AB5: - | AC5: - | AD5: - | AE5: - | AF5: - | AG5: - | AH5: - | AI5: - | AJ5: - | AK5: - | AL5: - | AM5: -
C6: 現金及び預金 | E6: 36000000 | F6: 40000000 | G6: 45000000 | J6: 支払手形*2 | L6: 9000000 | M6: 8500000 | N6: 8000000 | S6: =IF(E6="", "-", IFERROR(IF(AND(ISNUMBER(E6),E6=INT(E6),LEN(ABS(E6))<=12),"OK","NG"),"NG")) -> OK | T6: =IF(F6="", "-", IFERROR(IF(AND(ISNUMBER(F6),F6=INT(F6),LEN(ABS(F6))<=12),"OK","NG"),"NG")) -> OK | U6: =IF(G6="", "-", IFERROR(IF(AND(ISNUMBER(G6),G6=INT(G6),LEN(ABS(G6))<=12),"OK","NG"),"NG")) -> OK | V6: =IF(L6="", "-", IFERROR(IF(AND(ISNUMBER(L6),L6=INT(L6),LEN(ABS(L6))<=12),"OK","NG"),"NG")) -> OK | W6: =IF(M6="", "-", IFERROR(IF(AND(ISNUMBER(M6),M6=INT(M6),LEN(ABS(M6))<=12),"OK","NG"),"NG")) -> OK | X6: =IF(N6="", "-", IFERROR(IF(AND(ISNUMBER(N6),N6=INT(N6),LEN(ABS(N6))<=12),"OK","NG"),"NG")) -> OK | Y6: =IF($Q$4=リスト!$B$3, IF(E6="","NG","OK"), "-") -> OK | Z6: =IF(OR($Q$4=リスト!$B$3,$Q$4=リスト!$B$4), IF(F6="","NG","OK"), "-") -> OK | AA6: =IF(OR($Q$4=リスト!$B$3,$Q$4=リスト!$B$4,$Q$4=リスト!$B$5), IF(G6="","NG","OK"), "-") -> OK | AB6: =IF($Q$4=リスト!$B$3, IF(L6="","NG","OK"), "-") -> OK | AC6: =IF(OR($Q$4=リスト!$B$3,$Q$4=リスト!$B$4), IF(M6="","NG","OK"), "-") -> OK | AD6: =IF(OR($Q$4=リスト!$B$3,$Q$4=リスト!$B$4,$Q$4=リスト!$B$5), IF(N6="","NG","OK"), "-") -> OK | AE6: - | AF6: - | AG6: - | AH6: =IF(OR($Q$4=リスト!$B$4,$Q$4=リスト!$B$5,$Q$4=リスト!$B$6), IF(E6<>"","NG","OK"), "-") -> - | AI6: =IF(OR($Q$4=リスト!$B$5,$Q$4=リスト!$B$6), IF(F6<>"","NG","OK"), "-") -> - | AJ6: =IF($Q$4=リスト!$B$6, IF(G6<>"","NG","OK"), "-") -> - | AK6: =IF(OR($Q$4=リスト!$B$4,$Q$4=リスト!$B$5,$Q$4=リスト!$B$6), IF(L6<>"","NG","OK"), "-") -> - | AL6: =IF(OR($Q$4=リスト!$B$5,$Q$4=リスト!$B$6), IF(M6<>"","NG","OK"), "-") -> - | AM6: =IF($Q$4=リスト!$B$6, IF(N6<>"","NG","OK"), "-") -> -
C7: 受取手形*1 | E7: 11000000 | F7: 11500000 | G7: 12000000 | J7: 買掛金 | L7: 30000000 | M7: 31000000 | N7: 32000000 | P7: 提出可否 | Q7: =IF(COUNTIF(S3:AM22,"NG")>0,"NG","OK") -> OK | S7: =IF(E7="", "-", IFERROR(IF(AND(ISNUMBER(E7),E7=INT(E7),LEN(ABS(E7))<=12),"OK","NG"),"NG")) -> OK | T7: =IF(F7="", "-", IFERROR(IF(AND(ISNUMBER(F7),F7=INT(F7),LEN(ABS(F7))<=12),"OK","NG"),"NG")) -> OK | U7: =IF(G7="", "-", IFERROR(IF(AND(ISNUMBER(G7),G7=INT(G7),LEN(ABS(G7))<=12),"OK","NG"),"NG")) -> OK | V7: =IF(L7="", "-", IFERROR(IF(AND(ISNUMBER(L7),L7=INT(L7),LEN(ABS(L7))<=12),"OK","NG"),"NG")) -> OK | W7: =IF(M7="", "-", IFERROR(IF(AND(ISNUMBER(M7),M7=INT(M7),LEN(ABS(M7))<=12),"OK","NG"),"NG")) -> OK | X7: =IF(N7="", "-", IFERROR(IF(AND(ISNUMBER(N7),N7=INT(N7),LEN(ABS(N7))<=12),"OK","NG"),"NG")) -> OK | Y7: =IF($Q$4=リスト!$B$3, IF(E7="","NG","OK"), "-") -> OK | Z7: =IF(OR($Q$4=リスト!$B$3,$Q$4=リスト!$B$4), IF(F7="","NG","OK"), "-") -> OK | AA7: =IF(OR($Q$4=リスト!$B$3,$Q$4=リスト!$B$4,$Q$4=リスト!$B$5), IF(G7="","NG","OK"), "-") -> OK | AB7: =IF($Q$4=リスト!$B$3, IF(L7="","NG","OK"), "-") -> OK | AC7: =IF(OR($Q$4=リスト!$B$3,$Q$4=リスト!$B$4), IF(M7="","NG","OK"), "-") -> OK | AD7: =IF(OR($Q$4=リスト!$B$3,$Q$4=リスト!$B$4,$Q$4=リスト!$B$5), IF(N7="","NG","OK"), "-") -> OK | AE7: - | AF7: - | AG7: - | AH7: =IF(OR($Q$4=リスト!$B$4,$Q$4=リスト!$B$5,$Q$4=リスト!$B$6), IF(E7<>"","NG","OK"), "-") -> - | AI7: =IF(OR($Q$4=リスト!$B$5,$Q$4=リスト!$B$6), IF(F7<>"","NG","OK"), "-") -> - | AJ7: =IF($Q$4=リスト!$B$6, IF(G7<>"","NG","OK"), "-") -> - | AK7: =IF(OR($Q$4=リスト!$B$4,$Q$4=リスト!$B$5,$Q$4=リスト!$B$6), IF(L7<>"","NG","OK"), "-") -> - | AL7: =IF(OR($Q$4=リスト!$B$5,$Q$4=リスト!$B$6), IF(M7<>"","NG","OK"), "-") -> - | AM7: =IF($Q$4=リスト!$B$6, IF(N7<>"","NG","OK"), "-") -> -
C8: 売掛金 | E8: 44000000 | F8: 46000000 | G8: 48000000 | J8: 短期借入金 | L8: 24000000 | M8: 22000000 | N8: 20000000 | P8: =IF($Q$7="NG","※「はじめに」シートのXXをご確認の上、入力内容に誤りがないかをご確認ください。","") | S8: =IF(E8="", "-", IFERROR(IF(AND(ISNUMBER(E8),E8=INT(E8),LEN(ABS(E8))<=12),"OK","NG"),"NG")) -> OK | T8: =IF(F8="", "-", IFERROR(IF(AND(ISNUMBER(F8),F8=INT(F8),LEN(ABS(F8))<=12),"OK","NG"),"NG")) -> OK | U8: =IF(G8="", "-", IFERROR(IF(AND(ISNUMBER(G8),G8=INT(G8),LEN(ABS(G8))<=12),"OK","NG"),"NG")) -> OK | V8: =IF(L8="", "-", IFERROR(IF(AND(ISNUMBER(L8),L8=INT(L8),LEN(ABS(L8))<=12),"OK","NG"),"NG")) -> OK | W8: =IF(M8="", "-", IFERROR(IF(AND(ISNUMBER(M8),M8=INT(M8),LEN(ABS(M8))<=12),"OK","NG"),"NG")) -> OK | X8: =IF(N8="", "-", IFERROR(IF(AND(ISNUMBER(N8),N8=INT(N8),LEN(ABS(N8))<=12),"OK","NG"),"NG")) -> OK | Y8: =IF($Q$4=リスト!$B$3, IF(E8="","NG","OK"), "-") -> OK | Z8: =IF(OR($Q$4=リスト!$B$3,$Q$4=リスト!$B$4), IF(F8="","NG","OK"), "-") -> OK | AA8: =IF(OR($Q$4=リスト!$B$3,$Q$4=リスト!$B$4,$Q$4=リスト!$B$5), IF(G8="","NG","OK"), "-") -> OK | AB8: =IF($Q$4=リスト!$B$3, IF(L8="","NG","OK"), "-") -> OK | AC8: =IF(OR($Q$4=リスト!$B$3,$Q$4=リスト!$B$4), IF(M8="","NG","OK"), "-") -> OK | AD8: =IF(OR($Q$4=リスト!$B$3,$Q$4=リスト!$B$4,$Q$4=リスト!$B$5), IF(N8="","NG","OK"), "-") -> OK | AE8: - | AF8: - | AG8: - | AH8: =IF(OR($Q$4=リスト!$B$4,$Q$4=リスト!$B$5,$Q$4=リスト!$B$6), IF(E8<>"","NG","OK"), "-") -> - | AI8: =IF(OR($Q$4=リスト!$B$5,$Q$4=リスト!$B$6), IF(F8<>"","NG","OK"), "-") -> - | AJ8: =IF($Q$4=リスト!$B$6, IF(G8<>"","NG","OK"), "-") -> - | AK8: =IF(OR($Q$4=リスト!$B$4,$Q$4=リスト!$B$5,$Q$4=リスト!$B$6), IF(L8<>"","NG","OK"), "-") -> - | AL8: =IF(OR($Q$4=リスト!$B$5,$Q$4=リスト!$B$6), IF(M8<>"","NG","OK"), "-") -> - | AM8: =IF($Q$4=リスト!$B$6, IF(N8<>"","NG","OK"), "-") -> -
C9: 棚卸資産 | E9: 23000000 | F9: 24000000 | G9: 25000000 | J9: 1年以内返済長期借入金 | L9: 12000000 | M9: 12000000 | N9: 12000000 | S9: =IF(E9="", "-", IFERROR(IF(AND(ISNUMBER(E9),E9=INT(E9),LEN(ABS(E9))<=12),"OK","NG"),"NG")) -> OK | T9: =IF(F9="", "-", IFERROR(IF(AND(ISNUMBER(F9),F9=INT(F9),LEN(ABS(F9))<=12),"OK","NG"),"NG")) -> OK | U9: =IF(G9="", "-", IFERROR(IF(AND(ISNUMBER(G9),G9=INT(G9),LEN(ABS(G9))<=12),"OK","NG"),"NG")) -> OK | V9: =IF(L9="", "-", IFERROR(IF(AND(ISNUMBER(L9),L9=INT(L9),LEN(ABS(L9))<=12),"OK","NG"),"NG")) -> OK | W9: =IF(M9="", "-", IFERROR(IF(AND(ISNUMBER(M9),M9=INT(M9),LEN(ABS(M9))<=12),"OK","NG"),"NG")) -> OK | X9: =IF(N9="", "-", IFERROR(IF(AND(ISNUMBER(N9),N9=INT(N9),LEN(ABS(N9))<=12),"OK","NG"),"NG")) -> OK | Y9: =IF($Q$4=リスト!$B$3, IF(E9="","NG","OK"), "-") -> OK | Z9: =IF(OR($Q$4=リスト!$B$3,$Q$4=リスト!$B$4), IF(F9="","NG","OK"), "-") -> OK | AA9: =IF(OR($Q$4=リスト!$B$3,$Q$4=リスト!$B$4,$Q$4=リスト!$B$5), IF(G9="","NG","OK"), "-") -> OK | AB9: =IF($Q$4=リスト!$B$3, IF(L9="","NG","OK"), "-") -> OK | AC9: =IF(OR($Q$4=リスト!$B$3,$Q$4=リスト!$B$4), IF(M9="","NG","OK"), "-") -> OK | AD9: =IF(OR($Q$4=リスト!$B$3,$Q$4=リスト!$B$4,$Q$4=リスト!$B$5), IF(N9="","NG","OK"), "-") -> OK | AE9: - | AF9: - | AG9: - | AH9: =IF(OR($Q$4=リスト!$B$4,$Q$4=リスト!$B$5,$Q$4=リスト!$B$6), IF(E9<>"","NG","OK"), "-") -> - | AI9: =IF(OR($Q$4=リスト!$B$5,$Q$4=リスト!$B$6), IF(F9<>"","NG","OK"), "-") -> - | AJ9: =IF($Q$4=リスト!$B$6, IF(G9<>"","NG","OK"), "-") -> - | AK9: =IF(OR($Q$4=リスト!$B$4,$Q$4=リスト!$B$5,$Q$4=リスト!$B$6), IF(L9<>"","NG","OK"), "-") -> - | AL9: =IF(OR($Q$4=リスト!$B$5,$Q$4=リスト!$B$6), IF(M9<>"","NG","OK"), "-") -> - | AM9: =IF($Q$4=リスト!$B$6, IF(N9<>"","NG","OK"), "-") -> -
C10: その他の流動資産 | E10: 4000000 | F10: 4500000 | G10: 5000000 | J10: その他の流動負債 | L10: 13630000 | M10: 13300000 | N10: 13000000 | S10: =IF(E10="", "-", IFERROR(IF(AND(ISNUMBER(E10),E10=INT(E10),LEN(ABS(E10))<=12),"OK","NG"),"NG")) -> OK | T10: =IF(F10="", "-", IFERROR(IF(AND(ISNUMBER(F10),F10=INT(F10),LEN(ABS(F10))<=12),"OK","NG"),"NG")) -> OK | U10: =IF(G10="", "-", IFERROR(IF(AND(ISNUMBER(G10),G10=INT(G10),LEN(ABS(G10))<=12),"OK","NG"),"NG")) -> OK | V10: =IF(L10="", "-", IFERROR(IF(AND(ISNUMBER(L10),L10=INT(L10),LEN(ABS(L10))<=12),"OK","NG"),"NG")) -> OK | W10: =IF(M10="", "-", IFERROR(IF(AND(ISNUMBER(M10),M10=INT(M10),LEN(ABS(M10))<=12),"OK","NG"),"NG")) -> OK | X10: =IF(N10="", "-", IFERROR(IF(AND(ISNUMBER(N10),N10=INT(N10),LEN(ABS(N10))<=12),"OK","NG"),"NG")) -> OK | Y10: =IF($Q$4=リスト!$B$3, IF(E10="","NG","OK"), "-") -> OK | Z10: =IF(OR($Q$4=リスト!$B$3,$Q$4=リスト!$B$4), IF(F10="","NG","OK"), "-") -> OK | AA10: =IF(OR($Q$4=リスト!$B$3,$Q$4=リスト!$B$4,$Q$4=リスト!$B$5), IF(G10="","NG","OK"), "-") -> OK | AB10: =IF($Q$4=リスト!$B$3, IF(L10="","NG","OK"), "-") -> OK | AC10: =IF(OR($Q$4=リスト!$B$3,$Q$4=リスト!$B$4), IF(M10="","NG","OK"), "-") -> OK | AD10: =IF(OR($Q$4=リスト!$B$3,$Q$4=リスト!$B$4,$Q$4=リスト!$B$5), IF(N10="","NG","OK"), "-") -> OK | AE10: - | AF10: - | AG10: - | AH10: =IF(OR($Q$4=リスト!$B$4,$Q$4=リスト!$B$5,$Q$4=リスト!$B$6), IF(E10<>"","NG","OK"), "-") -> - | AI10: =IF(OR($Q$4=リスト!$B$5,$Q$4=リスト!$B$6), IF(F10<>"","NG","OK"), "-") -> - | AJ10: =IF($Q$4=リスト!$B$6, IF(G10<>"","NG","OK"), "-") -> - | AK10: =IF(OR($Q$4=リスト!$B$4,$Q$4=リスト!$B$5,$Q$4=リスト!$B$6), IF(L10<>"","NG","OK"), "-") -> - | AL10: =IF(OR($Q$4=リスト!$B$5,$Q$4=リスト!$B$6), IF(M10<>"","NG","OK"), "-") -> - | AM10: =IF($Q$4=リスト!$B$6, IF(N10<>"","NG","OK"), "-") -> -
B11: 固定資産 | E11: =SUM(E12,E16,E18) -> 129500000 | F11: =SUM(F12,F16,F18) -> 129500000 | G11: =SUM(G12,G16,G18) -> 130000000 | I11: 固定負債 | L11: 85000000 | M11: 90000000 | N11: 95000000 | S11: =IF(E11="", "-", IFERROR(IF(AND(ISNUMBER(E11),E11=INT(E11),E11>=0,LEN(E11)<=12),"OK","NG"),"NG")) -> OK | T11: =IF(F11="", "-", IFERROR(IF(AND(ISNUMBER(F11),F11=INT(F11),F11>=0,LEN(F11)<=12),"OK","NG"),"NG")) -> OK | U11: =IF(G11="", "-", IFERROR(IF(AND(ISNUMBER(G11),G11=INT(G11),G11>=0,LEN(G11)<=12),"OK","NG"),"NG")) -> OK | V11: =IF(L11="", "-", IFERROR(IF(AND(ISNUMBER(L11),L11=INT(L11),L11>=0,LEN(L11)<=12),"OK","NG"),"NG")) -> OK | W11: =IF(M11="", "-", IFERROR(IF(AND(ISNUMBER(M11),M11=INT(M11),M11>=0,LEN(M11)<=12),"OK","NG"),"NG")) -> OK | X11: =IF(N11="", "-", IFERROR(IF(AND(ISNUMBER(N11),N11=INT(N11),N11>=0,LEN(N11)<=12),"OK","NG"),"NG")) -> OK | Y11: - | Z11: - | AA11: - | AB11: =IF($Q$4=リスト!$B$3, IF(L11="","NG","OK"), "-") -> OK | AC11: =IF(OR($Q$4=リスト!$B$3,$Q$4=リスト!$B$4), IF(M11="","NG","OK"), "-") -> OK | AD11: =IF(OR($Q$4=リスト!$B$3,$Q$4=リスト!$B$4,$Q$4=リスト!$B$5), IF(N11="","NG","OK"), "-") -> OK | AE11: - | AF11: - | AG11: - | AH11: - | AI11: - | AJ11: - | AK11: =IF(OR($Q$4=リスト!$B$4,$Q$4=リスト!$B$5,$Q$4=リスト!$B$6), IF(L11<>"","NG","OK"), "-") -> - | AL11: =IF(OR($Q$4=リスト!$B$5,$Q$4=リスト!$B$6), IF(M11<>"","NG","OK"), "-") -> - | AM11: =IF($Q$4=リスト!$B$6, IF(N11<>"","NG","OK"), "-") -> -
C12: 有形固定資産 | E12: 120000000 | F12: 118500000 | G12: 118500000 | J12: うち 長期借入金 | L12: 78000000 | M12: 84000000 | N12: 88000000 | S12: =IF(E12="", "-", IFERROR(IF(AND(ISNUMBER(E12),E12=INT(E12),LEN(ABS(E12))<=12),"OK","NG"),"NG")) -> OK | T12: =IF(F12="", "-", IFERROR(IF(AND(ISNUMBER(F12),F12=INT(F12),LEN(ABS(F12))<=12),"OK","NG"),"NG")) -> OK | U12: =IF(G12="", "-", IFERROR(IF(AND(ISNUMBER(G12),G12=INT(G12),LEN(ABS(G12))<=12),"OK","NG"),"NG")) -> OK | V12: =IF(L12="", "-", IFERROR(IF(AND(ISNUMBER(L12),L12=INT(L12),LEN(ABS(L12))<=12),"OK","NG"),"NG")) -> OK | W12: =IF(M12="", "-", IFERROR(IF(AND(ISNUMBER(M12),M12=INT(M12),LEN(ABS(M12))<=12),"OK","NG"),"NG")) -> OK | X12: =IF(N12="", "-", IFERROR(IF(AND(ISNUMBER(N12),N12=INT(N12),LEN(ABS(N12))<=12),"OK","NG"),"NG")) -> OK | Y12: =IF($Q$4=リスト!$B$3, IF(E12="","NG","OK"), "-") -> OK | Z12: =IF(OR($Q$4=リスト!$B$3,$Q$4=リスト!$B$4), IF(F12="","NG","OK"), "-") -> OK | AA12: =IF(OR($Q$4=リスト!$B$3,$Q$4=リスト!$B$4,$Q$4=リスト!$B$5), IF(G12="","NG","OK"), "-") -> OK | AB12: =IF($Q$4=リスト!$B$3, IF(L12="","NG","OK"), "-") -> OK | AC12: =IF(OR($Q$4=リスト!$B$3,$Q$4=リスト!$B$4), IF(M12="","NG","OK"), "-") -> OK | AD12: =IF(OR($Q$4=リスト!$B$3,$Q$4=リスト!$B$4,$Q$4=リスト!$B$5), IF(N12="","NG","OK"), "-") -> OK | AE12: - | AF12: - | AG12: - | AH12: =IF(OR($Q$4=リスト!$B$4,$Q$4=リスト!$B$5,$Q$4=リスト!$B$6), IF(E12<>"","NG","OK"), "-") -> - | AI12: =IF(OR($Q$4=リスト!$B$5,$Q$4=リスト!$B$6), IF(F12<>"","NG","OK"), "-") -> - | AJ12: =IF($Q$4=リスト!$B$6, IF(G12<>"","NG","OK"), "-") -> - | AK12: =IF(OR($Q$4=リスト!$B$4,$Q$4=リスト!$B$5,$Q$4=リスト!$B$6), IF(L12<>"","NG","OK"), "-") -> - | AL12: =IF(OR($Q$4=リスト!$B$5,$Q$4=リスト!$B$6), IF(M12<>"","NG","OK"), "-") -> - | AM12: =IF($Q$4=リスト!$B$6, IF(N12<>"","NG","OK"), "-") -> -
D13: うち 建物及び構築物 | E13: 58000000 | F13: 56000000 | G13: 54000000 | J13: うち 社債 | L13: 0 | M13: 0 | N13: 0 | S13: =IF(E13="", "-", IFERROR(IF(AND(ISNUMBER(E13),E13=INT(E13),LEN(ABS(E13))<=12),"OK","NG"),"NG")) -> OK | T13: =IF(F13="", "-", IFERROR(IF(AND(ISNUMBER(F13),F13=INT(F13),LEN(ABS(F13))<=12),"OK","NG"),"NG")) -> OK | U13: =IF(G13="", "-", IFERROR(IF(AND(ISNUMBER(G13),G13=INT(G13),LEN(ABS(G13))<=12),"OK","NG"),"NG")) -> OK | V13: =IF(L13="", "-", IFERROR(IF(AND(ISNUMBER(L13),L13=INT(L13),LEN(ABS(L13))<=12),"OK","NG"),"NG")) -> OK | W13: =IF(M13="", "-", IFERROR(IF(AND(ISNUMBER(M13),M13=INT(M13),LEN(ABS(M13))<=12),"OK","NG"),"NG")) -> OK | X13: =IF(N13="", "-", IFERROR(IF(AND(ISNUMBER(N13),N13=INT(N13),LEN(ABS(N13))<=12),"OK","NG"),"NG")) -> OK | Y13: =IF($Q$4=リスト!$B$3, IF(E13="","NG","OK"), "-") -> OK | Z13: =IF(OR($Q$4=リスト!$B$3,$Q$4=リスト!$B$4), IF(F13="","NG","OK"), "-") -> OK | AA13: =IF(OR($Q$4=リスト!$B$3,$Q$4=リスト!$B$4,$Q$4=リスト!$B$5), IF(G13="","NG","OK"), "-") -> OK | AB13: =IF($Q$4=リスト!$B$3, IF(L13="","NG","OK"), "-") -> OK | AC13: =IF(OR($Q$4=リスト!$B$3,$Q$4=リスト!$B$4), IF(M13="","NG","OK"), "-") -> OK | AD13: =IF(OR($Q$4=リスト!$B$3,$Q$4=リスト!$B$4,$Q$4=リスト!$B$5), IF(N13="","NG","OK"), "-") -> OK | AE13: - | AF13: - | AG13: - | AH13: =IF(OR($Q$4=リスト!$B$4,$Q$4=リスト!$B$5,$Q$4=リスト!$B$6), IF(E13<>"","NG","OK"), "-") -> - | AI13: =IF(OR($Q$4=リスト!$B$5,$Q$4=リスト!$B$6), IF(F13<>"","NG","OK"), "-") -> - | AJ13: =IF($Q$4=リスト!$B$6, IF(G13<>"","NG","OK"), "-") -> - | AK13: =IF(OR($Q$4=リスト!$B$4,$Q$4=リスト!$B$5,$Q$4=リスト!$B$6), IF(L13<>"","NG","OK"), "-") -> - | AL13: =IF(OR($Q$4=リスト!$B$5,$Q$4=リスト!$B$6), IF(M13<>"","NG","OK"), "-") -> - | AM13: =IF($Q$4=リスト!$B$6, IF(N13<>"","NG","OK"), "-") -> -
D14: うち 機械装置等 | E14: 32000000 | F14: 32500000 | G14: 34500000 | I14: その他(流動負債、固定負債を除くその他の負債) | L14: * | M14: * | N14: * | S14: =IF(E14="", "-", IFERROR(IF(AND(ISNUMBER(E14),E14=INT(E14),LEN(ABS(E14))<=12),"OK","NG"),"NG")) -> OK | T14: =IF(F14="", "-", IFERROR(IF(AND(ISNUMBER(F14),F14=INT(F14),LEN(ABS(F14))<=12),"OK","NG"),"NG")) -> OK | U14: =IF(G14="", "-", IFERROR(IF(AND(ISNUMBER(G14),G14=INT(G14),LEN(ABS(G14))<=12),"OK","NG"),"NG")) -> OK | V14: - | W14: - | X14: - | Y14: =IF($Q$4=リスト!$B$3, IF(E14="","NG","OK"), "-") -> OK | Z14: =IF(OR($Q$4=リスト!$B$3,$Q$4=リスト!$B$4), IF(F14="","NG","OK"), "-") -> OK | AA14: =IF(OR($Q$4=リスト!$B$3,$Q$4=リスト!$B$4,$Q$4=リスト!$B$5), IF(G14="","NG","OK"), "-") -> OK | AB14: - | AC14: - | AD14: - | AE14: - | AF14: - | AG14: - | AH14: =IF(OR($Q$4=リスト!$B$4,$Q$4=リスト!$B$5,$Q$4=リスト!$B$6), IF(E14<>"","NG","OK"), "-") -> - | AI14: =IF(OR($Q$4=リスト!$B$5,$Q$4=リスト!$B$6), IF(F14<>"","NG","OK"), "-") -> - | AJ14: =IF($Q$4=リスト!$B$6, IF(G14<>"","NG","OK"), "-") -> - | AK14: - | AL14: - | AM14: -
D15: うち 土地 | E15: 30000000 | F15: 30000000 | G15: 30000000 | I15: 負債の総合計 | L15: =L5+L11 -> 173630000 | M15: =M5+M11 -> 176800000 | N15: =N5+N11 -> 180000000 | S15: =IF(E15="", "-", IFERROR(IF(AND(ISNUMBER(E15),E15=INT(E15),LEN(ABS(E15))<=12),"OK","NG"),"NG")) -> OK | T15: =IF(F15="", "-", IFERROR(IF(AND(ISNUMBER(F15),F15=INT(F15),LEN(ABS(F15))<=12),"OK","NG"),"NG")) -> OK | U15: =IF(G15="", "-", IFERROR(IF(AND(ISNUMBER(G15),G15=INT(G15),LEN(ABS(G15))<=12),"OK","NG"),"NG")) -> OK | V15: =IF(L15="", "-", IFERROR(IF(AND(ISNUMBER(L15),L15=INT(L15),L15>=0,LEN(L15)<=12),"OK","NG"),"NG")) -> OK | W15: =IF(M15="", "-", IFERROR(IF(AND(ISNUMBER(M15),M15=INT(M15),M15>=0,LEN(M15)<=12),"OK","NG"),"NG")) -> OK | X15: =IF(N15="", "-", IFERROR(IF(AND(ISNUMBER(N15),N15=INT(N15),N15>=0,LEN(N15)<=12),"OK","NG"),"NG")) -> OK | Y15: =IF($Q$4=リスト!$B$3, IF(E15="","NG","OK"), "-") -> OK | Z15: =IF(OR($Q$4=リスト!$B$3,$Q$4=リスト!$B$4), IF(F15="","NG","OK"), "-") -> OK | AA15: =IF(OR($Q$4=リスト!$B$3,$Q$4=リスト!$B$4,$Q$4=リスト!$B$5), IF(G15="","NG","OK"), "-") -> OK | AB15: =IF($Q$4=リスト!$B$3, IF(L15="","NG","OK"), "-") -> OK | AC15: =IF(OR($Q$4=リスト!$B$3,$Q$4=リスト!$B$4), IF(M15="","NG","OK"), "-") -> OK | AD15: =IF(OR($Q$4=リスト!$B$3,$Q$4=リスト!$B$4,$Q$4=リスト!$B$5), IF(N15="","NG","OK"), "-") -> OK | AE15: - | AF15: - | AG15: - | AH15: =IF(OR($Q$4=リスト!$B$4,$Q$4=リスト!$B$5,$Q$4=リスト!$B$6), IF(E15<>"","NG","OK"), "-") -> - | AI15: =IF(OR($Q$4=リスト!$B$5,$Q$4=リスト!$B$6), IF(F15<>"","NG","OK"), "-") -> - | AJ15: =IF($Q$4=リスト!$B$6, IF(G15<>"","NG","OK"), "-") -> - | AK15: =IF(OR($Q$4=リスト!$B$4,$Q$4=リスト!$B$5,$Q$4=リスト!$B$6), IF(L15<>"","NG","OK"), "-") -> - | AL15: =IF(OR($Q$4=リスト!$B$5,$Q$4=リスト!$B$6), IF(M15<>"","NG","OK"), "-") -> - | AM15: =IF($Q$4=リスト!$B$6, IF(N15<>"","NG","OK"), "-") -> -
C16: 無形固定資産 | E16: 2500000 | F16: 3500000 | G16: 3500000 | I16: 純資産の部 | S16: =IF(E16="", "-", IFERROR(IF(AND(ISNUMBER(E16),E16=INT(E16),LEN(ABS(E16))<=12),"OK","NG"),"NG")) -> OK | T16: =IF(F16="", "-", IFERROR(IF(AND(ISNUMBER(F16),F16=INT(F16),LEN(ABS(F16))<=12),"OK","NG"),"NG")) -> OK | U16: =IF(G16="", "-", IFERROR(IF(AND(ISNUMBER(G16),G16=INT(G16),LEN(ABS(G16))<=12),"OK","NG"),"NG")) -> OK | V16: - | W16: - | X16: - | Y16: =IF($Q$4=リスト!$B$3, IF(E16="","NG","OK"), "-") -> OK | Z16: =IF(OR($Q$4=リスト!$B$3,$Q$4=リスト!$B$4), IF(F16="","NG","OK"), "-") -> OK | AA16: =IF(OR($Q$4=リスト!$B$3,$Q$4=リスト!$B$4,$Q$4=リスト!$B$5), IF(G16="","NG","OK"), "-") -> OK | AB16: - | AC16: - | AD16: - | AE16: - | AF16: - | AG16: - | AH16: =IF(OR($Q$4=リスト!$B$4,$Q$4=リスト!$B$5,$Q$4=リスト!$B$6), IF(E16<>"","NG","OK"), "-") -> - | AI16: =IF(OR($Q$4=リスト!$B$5,$Q$4=リスト!$B$6), IF(F16<>"","NG","OK"), "-") -> - | AJ16: =IF($Q$4=リスト!$B$6, IF(G16<>"","NG","OK"), "-") -> - | AK16: - | AL16: - | AM16: -
D17: うち ソフトウェア | E17: 2500000 | F17: 3500000 | G17: 3500000 | I17: 株主資本 | L17: 73870000 | M17: 78700000 | N17: 85000000 | S17: =IF(E17="", "-", IFERROR(IF(AND(ISNUMBER(E17),E17=INT(E17),LEN(ABS(E17))<=12),"OK","NG"),"NG")) -> OK | T17: =IF(F17="", "-", IFERROR(IF(AND(ISNUMBER(F17),F17=INT(F17),LEN(ABS(F17))<=12),"OK","NG"),"NG")) -> OK | U17: =IF(G17="", "-", IFERROR(IF(AND(ISNUMBER(G17),G17=INT(G17),LEN(ABS(G17))<=12),"OK","NG"),"NG")) -> OK | V17: =IF(L17="", "-", IFERROR(IF(AND(ISNUMBER(L17),L17=INT(L17),LEN(ABS(L17))<=12),"OK","NG"),"NG")) -> OK | W17: =IF(M17="", "-", IFERROR(IF(AND(ISNUMBER(M17),M17=INT(M17),LEN(ABS(M17))<=12),"OK","NG"),"NG")) -> OK | X17: =IF(N17="", "-", IFERROR(IF(AND(ISNUMBER(N17),N17=INT(N17),LEN(ABS(N17))<=12),"OK","NG"),"NG")) -> OK | Y17: =IF($Q$4=リスト!$B$3, IF(E17="","NG","OK"), "-") -> OK | Z17: =IF(OR($Q$4=リスト!$B$3,$Q$4=リスト!$B$4), IF(F17="","NG","OK"), "-") -> OK | AA17: =IF(OR($Q$4=リスト!$B$3,$Q$4=リスト!$B$4,$Q$4=リスト!$B$5), IF(G17="","NG","OK"), "-") -> OK | AB17: =IF($Q$4=リスト!$B$3, IF(L17="","NG","OK"), "-") -> OK | AC17: =IF(OR($Q$4=リスト!$B$3,$Q$4=リスト!$B$4), IF(M17="","NG","OK"), "-") -> OK | AD17: =IF(OR($Q$4=リスト!$B$3,$Q$4=リスト!$B$4,$Q$4=リスト!$B$5), IF(N17="","NG","OK"), "-") -> OK | AE17: - | AF17: - | AG17: - | AH17: =IF(OR($Q$4=リスト!$B$4,$Q$4=リスト!$B$5,$Q$4=リスト!$B$6), IF(E17<>"","NG","OK"), "-") -> - | AI17: =IF(OR($Q$4=リスト!$B$5,$Q$4=リスト!$B$6), IF(F17<>"","NG","OK"), "-") -> - | AJ17: =IF($Q$4=リスト!$B$6, IF(G17<>"","NG","OK"), "-") -> - | AK17: =IF(OR($Q$4=リスト!$B$4,$Q$4=リスト!$B$5,$Q$4=リスト!$B$6), IF(L17<>"","NG","OK"), "-") -> - | AL17: =IF(OR($Q$4=リスト!$B$5,$Q$4=リスト!$B$6), IF(M17<>"","NG","OK"), "-") -> - | AM17: =IF($Q$4=リスト!$B$6, IF(N17<>"","NG","OK"), "-") -> -
C18: その他の固定資産 | E18: 7000000 | F18: 7500000 | G18: 8000000 | J18: うち 資本金 | L18: 10000000 | M18: 10000000 | N18: 10000000 | S18: =IF(E18="", "-", IFERROR(IF(AND(ISNUMBER(E18),E18=INT(E18),LEN(ABS(E18))<=12),"OK","NG"),"NG")) -> OK | T18: =IF(F18="", "-", IFERROR(IF(AND(ISNUMBER(F18),F18=INT(F18),LEN(ABS(F18))<=12),"OK","NG"),"NG")) -> OK | U18: =IF(G18="", "-", IFERROR(IF(AND(ISNUMBER(G18),G18=INT(G18),LEN(ABS(G18))<=12),"OK","NG"),"NG")) -> OK | V18: =IF(L18="", "-", IFERROR(IF(AND(ISNUMBER(L18),L18=INT(L18),L18>=0,LEN(L18)<=12),"OK","NG"),"NG")) -> OK | W18: =IF(M18="", "-", IFERROR(IF(AND(ISNUMBER(M18),M18=INT(M18),M18>=0,LEN(M18)<=12),"OK","NG"),"NG")) -> OK | X18: =IF(N18="", "-", IFERROR(IF(AND(ISNUMBER(N18),N18=INT(N18),N18>=0,LEN(N18)<=12),"OK","NG"),"NG")) -> OK | Y18: =IF($Q$4=リスト!$B$3, IF(E18="","NG","OK"), "-") -> OK | Z18: =IF(OR($Q$4=リスト!$B$3,$Q$4=リスト!$B$4), IF(F18="","NG","OK"), "-") -> OK | AA18: =IF(OR($Q$4=リスト!$B$3,$Q$4=リスト!$B$4,$Q$4=リスト!$B$5), IF(G18="","NG","OK"), "-") -> OK | AB18: =IF($Q$4=リスト!$B$3, IF(L18="","NG","OK"), "-") -> OK | AC18: =IF(OR($Q$4=リスト!$B$3,$Q$4=リスト!$B$4), IF(M18="","NG","OK"), "-") -> OK | AD18: =IF(OR($Q$4=リスト!$B$3,$Q$4=リスト!$B$4,$Q$4=リスト!$B$5), IF(N18="","NG","OK"), "-") -> OK | AE18: - | AF18: - | AG18: - | AH18: =IF(OR($Q$4=リスト!$B$4,$Q$4=リスト!$B$5,$Q$4=リスト!$B$6), IF(E18<>"","NG","OK"), "-") -> - | AI18: =IF(OR($Q$4=リスト!$B$5,$Q$4=リスト!$B$6), IF(F18<>"","NG","OK"), "-") -> - | AJ18: =IF($Q$4=リスト!$B$6, IF(G18<>"","NG","OK"), "-") -> - | AK18: =IF(OR($Q$4=リスト!$B$4,$Q$4=リスト!$B$5,$Q$4=リスト!$B$6), IF(L18<>"","NG","OK"), "-") -> - | AL18: =IF(OR($Q$4=リスト!$B$5,$Q$4=リスト!$B$6), IF(M18<>"","NG","OK"), "-") -> - | AM18: =IF($Q$4=リスト!$B$6, IF(N18<>"","NG","OK"), "-") -> -
B19: その他(流動資産、固定資産を除くその他資産) | E19: 0 | F19: 0 | G19: 0 | J19: うち 利益剰余金 | L19: 63870000 | M19: 68700000 | N19: 75000000 | S19: =IF(E19="", "-", IFERROR(IF(AND(ISNUMBER(E19),E19=INT(E19),LEN(ABS(E19))<=12),"OK","NG"),"NG")) -> OK | T19: =IF(F19="", "-", IFERROR(IF(AND(ISNUMBER(F19),F19=INT(F19),LEN(ABS(F19))<=12),"OK","NG"),"NG")) -> OK | U19: =IF(G19="", "-", IFERROR(IF(AND(ISNUMBER(G19),G19=INT(G19),LEN(ABS(G19))<=12),"OK","NG"),"NG")) -> OK | V19: =IF(L19="", "-", IFERROR(IF(AND(ISNUMBER(L19),L19=INT(L19),LEN(ABS(L19))<=12),"OK","NG"),"NG")) -> OK | W19: =IF(M19="", "-", IFERROR(IF(AND(ISNUMBER(M19),M19=INT(M19),LEN(ABS(M19))<=12),"OK","NG"),"NG")) -> OK | X19: =IF(N19="", "-", IFERROR(IF(AND(ISNUMBER(N19),N19=INT(N19),LEN(ABS(N19))<=12),"OK","NG"),"NG")) -> OK | Y19: =IF($Q$4=リスト!$B$3, IF(E19="","NG","OK"), "-") -> OK | Z19: =IF(OR($Q$4=リスト!$B$3,$Q$4=リスト!$B$4), IF(F19="","NG","OK"), "-") -> OK | AA19: =IF(OR($Q$4=リスト!$B$3,$Q$4=リスト!$B$4,$Q$4=リスト!$B$5), IF(G19="","NG","OK"), "-") -> OK | AB19: =IF($Q$4=リスト!$B$3, IF(L19="","NG","OK"), "-") -> OK | AC19: =IF(OR($Q$4=リスト!$B$3,$Q$4=リスト!$B$4), IF(M19="","NG","OK"), "-") -> OK | AD19: =IF(OR($Q$4=リスト!$B$3,$Q$4=リスト!$B$4,$Q$4=リスト!$B$5), IF(N19="","NG","OK"), "-") -> OK | AE19: - | AF19: - | AG19: - | AH19: =IF(OR($Q$4=リスト!$B$4,$Q$4=リスト!$B$5,$Q$4=リスト!$B$6), IF(E19<>"","NG","OK"), "-") -> - | AI19: =IF(OR($Q$4=リスト!$B$5,$Q$4=リスト!$B$6), IF(F19<>"","NG","OK"), "-") -> - | AJ19: =IF($Q$4=リスト!$B$6, IF(G19<>"","NG","OK"), "-") -> - | AK19: =IF(OR($Q$4=リスト!$B$4,$Q$4=リスト!$B$5,$Q$4=リスト!$B$6), IF(L19<>"","NG","OK"), "-") -> - | AL19: =IF(OR($Q$4=リスト!$B$5,$Q$4=リスト!$B$6), IF(M19<>"","NG","OK"), "-") -> - | AM19: =IF($Q$4=リスト!$B$6, IF(N19<>"","NG","OK"), "-") -> -
I20: その他(株主資本を除く純資産) | L20: 0 | M20: 0 | N20: 0 | S20: - | T20: - | U20: - | V20: =IF(L20="", "-", IFERROR(IF(AND(ISNUMBER(L20),L20=INT(L20),LEN(ABS(L20))<=12),"OK","NG"),"NG")) -> OK | W20: =IF(M20="", "-", IFERROR(IF(AND(ISNUMBER(M20),M20=INT(M20),LEN(ABS(M20))<=12),"OK","NG"),"NG")) -> OK | X20: =IF(N20="", "-", IFERROR(IF(AND(ISNUMBER(N20),N20=INT(N20),LEN(ABS(N20))<=12),"OK","NG"),"NG")) -> OK | Y20: - | Z20: - | AA20: - | AB20: =IF($Q$4=リスト!$B$3, IF(L20="","NG","OK"), "-") -> OK | AC20: =IF(OR($Q$4=リスト!$B$3,$Q$4=リスト!$B$4), IF(M20="","NG","OK"), "-") -> OK | AD20: =IF(OR($Q$4=リスト!$B$3,$Q$4=リスト!$B$4,$Q$4=リスト!$B$5), IF(N20="","NG","OK"), "-") -> OK | AE20: - | AF20: - | AG20: - | AH20: - | AI20: - | AJ20: - | AK20: =IF(OR($Q$4=リスト!$B$4,$Q$4=リスト!$B$5,$Q$4=リスト!$B$6), IF(L20<>"","NG","OK"), "-") -> - | AL20: =IF(OR($Q$4=リスト!$B$5,$Q$4=リスト!$B$6), IF(M20<>"","NG","OK"), "-") -> - | AM20: =IF($Q$4=リスト!$B$6, IF(N20<>"","NG","OK"), "-") -> -
I21: 純資産の総合計 | L21: =SUM(L17,L20) -> 73870000 | M21: =SUM(M17,M20) -> 78700000 | N21: =SUM(N17,N20) -> 85000000 | S21: - | T21: - | U21: - | V21: =IF(L21="", "-", IFERROR(IF(AND(ISNUMBER(L21),L21=INT(L21),LEN(ABS(L21))<=12),"OK","NG"),"NG")) -> OK | W21: =IF(M21="", "-", IFERROR(IF(AND(ISNUMBER(M21),M21=INT(M21),LEN(ABS(M21))<=12),"OK","NG"),"NG")) -> OK | X21: =IF(N21="", "-", IFERROR(IF(AND(ISNUMBER(N21),N21=INT(N21),LEN(ABS(N21))<=12),"OK","NG"),"NG")) -> OK | Y21: - | Z21: - | AA21: - | AB21: - | AC21: - | AD21: - | AE21: - | AF21: - | AG21: - | AH21: - | AI21: - | AJ21: - | AK21: - | AL21: - | AM21: -
B22: 資産の総合計 | E22: =SUM(E5,E11,E19) -> 247500000 | F22: =SUM(F5,F11,F19) -> 255500000 | G22: =SUM(G5,G11,G19) -> 265000000 | I22: 負債・純資産の総合計 | L22: =SUM(L15,L21) -> 247500000 | M22: =SUM(M15,M21) -> 255500000 | N22: =SUM(N15,N21) -> 265000000 | S22: =IF(E22="", "-", IFERROR(IF(AND(ISNUMBER(E22),E22=INT(E22),E22>=0,LEN(E22)<=12),"OK","NG"),"NG")) -> OK | T22: =IF(F22="", "-", IFERROR(IF(AND(ISNUMBER(F22),F22=INT(F22),F22>=0,LEN(F22)<=12),"OK","NG"),"NG")) -> OK | U22: =IF(G22="", "-", IFERROR(IF(AND(ISNUMBER(G22),G22=INT(G22),G22>=0,LEN(G22)<=12),"OK","NG"),"NG")) -> OK | V22: =IF(L22="", "-", IFERROR(IF(AND(ISNUMBER(L22),L22=INT(L22),L22>=0,LEN(L22)<=12),"OK","NG"),"NG")) -> OK | W22: =IF(M22="", "-", IFERROR(IF(AND(ISNUMBER(M22),M22=INT(M22),M22>=0,LEN(M22)<=12),"OK","NG"),"NG")) -> OK | X22: =IF(N22="", "-", IFERROR(IF(AND(ISNUMBER(N22),N22=INT(N22),N22>=0,LEN(N22)<=12),"OK","NG"),"NG")) -> OK | Y22: - | Z22: - | AA22: - | AB22: - | AC22: - | AD22: - | AE22: =IF(E22<>L22,"NG","OK") -> OK | AF22: =IF(F22<>M22,"NG","OK") -> OK | AG22: =IF(G22<>N22,"NG","OK") -> OK | AH22: - | AI22: - | AJ22: - | AK22: - | AL22: - | AM22: -
B24: *1 | D24: 受取手形には、割引手形を含めた金額を入力してください。
B25: *2 | D25: 支払手形には、設備支払手形は含めません。

Sheet 【解説】PL損益計算書・収益計画
F2: 直近の事業年度の 2期前 | G2: 直近の事業年度の 1期前 | H2: 直近の事業年度 | I2: 申請時の事業年度 | J2: 補助事業終了年度 (基準年度) | K2: 1年度目 | L2: 2年度目 | M2: 3年度目 | N2: 4年度目 | O2: 5年度目 | Q2: 補助対象事業枠 | R2: =【解説】BS貸借対照表!Q3 -> 革新的新製品・サービス枠 | T2: 形式 チェック | X2: 必須 チェック | AB2: 不要箇所 チェック
C3: 金額項目の単位：円 | F3: 45170 | G3: 45536 | H3: 45901 | I3: 46631 | J3: 46997 | K3: =IF($J$3<>"",EDATE($J$3,12),"") -> 47362 | L3: =IF($J$3<>"",EDATE($J$3,24),"") -> 47727 | M3: =IF($J$3<>"",EDATE($J$3,36),"") -> 48092 | N3: =IF($J$3<>"",EDATE($J$3,48),"") -> 48458 | O3: =IF($J$3<>"",EDATE($J$3,60),"") -> 48823 | Q3: 決算書等の提出可能期数 | R3: =【解説】BS貸借対照表!Q4 -> 3期分 | T3: - | U3: - | V3: - | W3: - | X3: =IF($R$3=リスト!$B$3, IF(OR($F3="", $G3="", $H3=""), "NG", "OK"), IF($R$3=リスト!$B$4, IF(OR($G3="", $H3=""), "NG", "OK"), IF($R$3=リスト!$B$5, IF($H3="", "NG", "OK"), "-"))) -> OK | Y3: =IF(I3="", "NG", "OK") -> OK | Z3: =IF(J3="", "NG", "OK") -> OK | AA3: =IF(OR($R$5="", $R$6=""), "NG", "OK") -> OK | AB3: =IF($R$3=リスト!$B$4, IF($F3<>"", "NG", "OK"), IF($R$3=リスト!$B$5, IF(OR($F3<>"", $G3<>""), "NG", "OK"), IF($R$3=リスト!$B$6, IF(OR($F3<>"", $G3<>"", $H3<>""), "NG", "OK"), "-"))) -> -
C4: PL損益計算書 | Q4: (直近の事業年度) 決算期間の月数 | R4: =【解説】BS貸借対照表!Q5 -> 12か月 | T4: - | U4: - | V4: - | W4: - | X4: - | Y4: - | Z4: - | AA4: - | AB4: =IF($Q$3=リスト!$B$4, IF(COUNTA(F6,F9,F11:F12,F18,F20,F22:F23,F29:F30,F32:F33,F35,F46:F51,F56:F60)>0,"NG","OK"), IF($Q$3=リスト!$B$5, IF(COUNTA(F6:G6,F9:G9,F11:G12,F18:G18,F20:G20,F22:G23,F29:G30,F32:G33,F35:G35,F46:G51,F56:G60)>0,"NG","OK"), IF($Q$3=リスト!$B$6, IF(COUNTA(F6:H6,F9:H9,F11:H12,F18:H18,F20:H20,F22:H23,F29:H30,F32:H33,F35:H35,F46:H51,F56:H60)>0,"NG","OK"), "-"))) -> -
C5: 売上高 | F5: =F6+F7 -> 330000000 | G5: =G6+G7 -> 340000000 | H5: =H6+H7 -> 350000000 | I5: =I6+I7 -> 353000000 | J5: =J6+J7 -> 361000000 | K5: =K6+K7 -> 369000000 | L5: =L6+L7 -> 376000000 | M5: =M6+M7 -> 383000000 | ... O5: =O6+O7 -> 0 | Q5: 事業計画期間 | R5: 3年間 | T5: =IF($R$3=リスト!$B$3, IFERROR(IF(AND( ISNUMBER(F5), F5=INT(F5), F5>=0, LEN(F5)<=12, ISNUMBER(G5), G5=INT(G5), G5>=0, LEN(G5)<=12, ISNUMBER(H5), H5=INT(H5), H5>=0, LEN(H5)<=12), "OK","NG"),"NG"), IF($R$3=リスト!$B$4, IFERROR(IF(AND( ISNUMBER(G5), G5=INT(G5), G5>=0, LEN(G5)<=12, ISNUMBER(H5), H5=INT(H5), H5>=0, LEN(H5)<=12), "OK","NG"),"NG"), IF($R$3=リスト!$B$5, IFERROR(IF(AND( ISNUMBER(H5), H5=INT(H5), H5>=0, LEN(H5)<=12), "OK","NG"),"NG"), "-"))) -> OK | U5: =IFERROR(IF(AND( ISNUMBER(I5),I5=INT(I5),I5>=0,LEN(I5)<=12), "OK","NG"),"NG" ) -> OK | V5: =IFERROR(IF(AND( ISNUMBER(J5),J5=INT(J5),J5>=0,LEN(J5)<=12), "OK","NG"),"NG" ) -> OK | W5: =IFERROR(IF($R$5=リスト!$J$3, IF(AND(ISNUMBER(K5),K5=INT(K5),K5>=0,LEN(K5)<=12, ISNUMBER(L5),L5=INT(L5),L5>=0,LEN(L5)<=12, ISNUMBER(M5),M5=INT(M5),M5>=0,LEN(M5)<=12), "OK","NG"), IF($R$5=リスト!$J$4, IF(AND(ISNUMBER(K5),K5=INT(K5),K5>=0,LEN(K5)<=12, ISNUMBER(L5),L5=INT(L5),L5>=0,LEN(L5)<=12, ISNUMBER(M5),M5=INT(M5),M5>=0,LEN(M5)<=12, ISNUMBER(N5),N5=INT(N5),N5>=0,LEN(N5)<=12), "OK","NG"), IF($R$5=リスト!$J$5, IF(AND(ISNUMBER(K5),K5=INT(K5),K5>=0,LEN(K5)<=12, ISNUMBER(L5),L5=INT(L5),L5>=0,LEN(L5)<=12, ISNUMBER(M5),M5=INT(M5),M5>=0,LEN(M5)<=12, ISNUMBER(N5),N5=INT(N5),N5>=0,LEN(N5)<=12, ISNUMBER(O5),O5=INT(O5),O5>=0,LEN(O5)<=12), "OK","NG"), "NG"))),"NG") -> OK | X5: - | Y5: - | Z5: - | AA5: - | AB5: =IF($R$5=リスト!$J$3, IF(COUNTA(N6:O7,N9:O9,N11:O14,N18:O18,N20:O20,N22:O25,N29:O30,N46:O49,N51:O52,N56:O56)>0,"NG","OK"), IF($R$5=リスト!$J$4, IF(COUNTA(O6:O7,O9,O11:O14,O18,O20,O22:O25,O29:O30,O46:O49,O51:O52,O56)>0,"NG","OK"), "-")) -> OK
D6: 既存事業の売上高 | F6: 330000000 | G6: 340000000 | H6: 350000000 | I6: 353000000 | J6: 356000000 | K6: 359000000 | L6: 362000000 | M6: 365000000 | Q6: 賃上げ特例要件 適用有無 | R6: 適用しない | T6: =IF($R$3=リスト!$B$3, IFERROR(IF(AND( ISNUMBER(F6), F6=INT(F6), F6>=0, LEN(F6)<=12, ISNUMBER(G6), G6=INT(G6), G6>=0, LEN(G6)<=12, ISNUMBER(H6), H6=INT(H6), H6>=0, LEN(H6)<=12), "OK","NG"),"NG"), IF($R$3=リスト!$B$4, IFERROR(IF(AND( ISNUMBER(G6), G6=INT(G6), G6>=0, LEN(G6)<=12, ISNUMBER(H6), H6=INT(H6), H6>=0, LEN(H6)<=12), "OK","NG"),"NG"), IF($R$3=リスト!$B$5, IFERROR(IF(AND( ISNUMBER(H6), H6=INT(H6), H6>=0, LEN(H6)<=12), "OK","NG"),"NG"), "-"))) -> OK | U6: =IFERROR(IF(AND( ISNUMBER(I6),I6=INT(I6),I6>=0,LEN(I6)<=12), "OK","NG"),"NG" ) -> OK | V6: =IFERROR(IF(AND( ISNUMBER(J6),J6=INT(J6),J6>=0,LEN(J6)<=12), "OK","NG"),"NG" ) -> OK | W6: =IFERROR(IF($R$5=リスト!$J$3, IF(AND(ISNUMBER(K6),K6=INT(K6),K6>=0,LEN(K6)<=12, ISNUMBER(L6),L6=INT(L6),L6>=0,LEN(L6)<=12, ISNUMBER(M6),M6=INT(M6),M6>=0,LEN(M6)<=12), "OK","NG"), IF($R$5=リスト!$J$4, IF(AND(ISNUMBER(K6),K6=INT(K6),K6>=0,LEN(K6)<=12, ISNUMBER(L6),L6=INT(L6),L6>=0,LEN(L6)<=12, ISNUMBER(M6),M6=INT(M6),M6>=0,LEN(M6)<=12, ISNUMBER(N6),N6=INT(N6),N6>=0,LEN(N6)<=12), "OK","NG"), IF($R$5=リスト!$J$5, IF(AND(ISNUMBER(K6),K6=INT(K6),K6>=0,LEN(K6)<=12, ISNUMBER(L6),L6=INT(L6),L6>=0,LEN(L6)<=12, ISNUMBER(M6),M6=INT(M6),M6>=0,LEN(M6)<=12, ISNUMBER(N6),N6=INT(N6),N6>=0,LEN(N6)<=12, ISNUMBER(O6),O6=INT(O6),O6>=0,LEN(O6)<=12), "OK","NG"), "NG"))),"NG") -> OK | X6: =IF($R$3=リスト!$B$3, IF(OR($F6="", $G6="", $H6=""), "NG", "OK"), IF($R$3=リスト!$B$4, IF(OR($G6="", $H6=""), "NG", "OK"), IF($R$3=リスト!$B$5, IF($H6="", "NG", "OK"), "-"))) -> OK | Y6: =IF(I6="", "NG", "OK") -> OK | Z6: =IF(J6="", "NG", "OK") -> OK | AA6: =IF($R$5=リスト!$J$3, IF(COUNTA($K6:$M6)<3, "NG", "OK"), IF($R$5=リスト!$J$4, IF(COUNTA($K6:$N6)<4, "NG", "OK"), IF($R$5=リスト!$J$5, IF(COUNTA($K6:$O6)<5, "NG", "OK"), "NG"))) -> OK | AB6: -
D7: 補助事業の売上高 | J7: 5000000 | K7: 10000000 | L7: 14000000 | M7: 18000000 | T7: - | U7: - | V7: =IFERROR(IF(AND( ISNUMBER(J7),J7=INT(J7),J7>=0,LEN(J7)<=12), "OK","NG"),"NG" ) -> OK | W7: =IFERROR(IF($R$5=リスト!$J$3, IF(AND(ISNUMBER(K7),K7=INT(K7),K7>=0,LEN(K7)<=12, ISNUMBER(L7),L7=INT(L7),L7>=0,LEN(L7)<=12, ISNUMBER(M7),M7=INT(M7),M7>=0,LEN(M7)<=12), "OK","NG"), IF($R$5=リスト!$J$4, IF(AND(ISNUMBER(K7),K7=INT(K7),K7>=0,LEN(K7)<=12, ISNUMBER(L7),L7=INT(L7),L7>=0,LEN(L7)<=12, ISNUMBER(M7),M7=INT(M7),M7>=0,LEN(M7)<=12, ISNUMBER(N7),N7=INT(N7),N7>=0,LEN(N7)<=12), "OK","NG"), IF($R$5=リスト!$J$5, IF(AND(ISNUMBER(K7),K7=INT(K7),K7>=0,LEN(K7)<=12, ISNUMBER(L7),L7=INT(L7),L7>=0,LEN(L7)<=12, ISNUMBER(M7),M7=INT(M7),M7>=0,LEN(M7)<=12, ISNUMBER(N7),N7=INT(N7),N7>=0,LEN(N7)<=12, ISNUMBER(O7),O7=INT(O7),O7>=0,LEN(O7)<=12), "OK","NG"), "NG"))),"NG") -> OK | X7: - | Y7: - | Z7: =IF($J7="", "NG", "OK") -> OK | AA7: =IF($R$5=リスト!$J$3, IF(COUNTA($K7:$M7)<3, "NG", "OK"), IF($R$5=リスト!$J$4, IF(COUNTA($K7:$N7)<4, "NG", "OK"), IF($R$5=リスト!$J$5, IF(COUNTA($K7:$O7)<5, "NG", "OK"), "NG"))) -> OK | AB7: -
C8: 売上原価 | F8: =F11+F13 -> 257000000 | G8: =G11+G13 -> 264700000 | H8: =H11+H13 -> 272500000 | I8: =I11+I13 -> 274000000 | J8: =J11+J13 -> 280500000 | K8: =K11+K13 -> 286000000 | L8: =L11+L13 -> 289500000 | M8: =M11+M13 -> 292800000 | ... O8: =O11+O13 -> 0 | Q8: 提出可否 | R8: =IF(COUNTIF(T3:AB60, "NG") + COUNTIF(R11:R13, "NG") > 0, "NG", "OK") -> OK | T8: =IF($R$3=リスト!$B$3, IFERROR(IF(AND( ISNUMBER(F8), F8=INT(F8), F8>=0, LEN(F8)<=12, ISNUMBER(G8), G8=INT(G8), G8>=0, LEN(G8)<=12, ISNUMBER(H8), H8=INT(H8), H8>=0, LEN(H8)<=12), "OK","NG"),"NG"), IF($R$3=リスト!$B$4, IFERROR(IF(AND( ISNUMBER(G8), G8=INT(G8), G8>=0, LEN(G8)<=12, ISNUMBER(H8), H8=INT(H8), H8>=0, LEN(H8)<=12), "OK","NG"),"NG"), IF($R$3=リスト!$B$5, IFERROR(IF(AND( ISNUMBER(H8), H8=INT(H8), H8>=0, LEN(H8)<=12), "OK","NG"),"NG"), "-"))) -> OK | U8: =IFERROR(IF(AND( ISNUMBER(I8),I8=INT(I8),I8>=0,LEN(I8)<=12), "OK","NG"),"NG" ) -> OK | V8: =IFERROR(IF(AND( ISNUMBER(J8),J8=INT(J8),J8>=0,LEN(J8)<=12), "OK","NG"),"NG" ) -> OK | W8: =IFERROR(IF($R$5=リスト!$J$3, IF(AND(ISNUMBER(K8),K8=INT(K8),K8>=0,LEN(K8)<=12, ISNUMBER(L8),L8=INT(L8),L8>=0,LEN(L8)<=12, ISNUMBER(M8),M8=INT(M8),M8>=0,LEN(M8)<=12), "OK","NG"), IF($R$5=リスト!$J$4, IF(AND(ISNUMBER(K8),K8=INT(K8),K8>=0,LEN(K8)<=12, ISNUMBER(L8),L8=INT(L8),L8>=0,LEN(L8)<=12, ISNUMBER(M8),M8=INT(M8),M8>=0,LEN(M8)<=12, ISNUMBER(N8),N8=INT(N8),N8>=0,LEN(N8)<=12), "OK","NG"), IF($R$5=リスト!$J$5, IF(AND(ISNUMBER(K8),K8=INT(K8),K8>=0,LEN(K8)<=12, ISNUMBER(L8),L8=INT(L8),L8>=0,LEN(L8)<=12, ISNUMBER(M8),M8=INT(M8),M8>=0,LEN(M8)<=12, ISNUMBER(N8),N8=INT(N8),N8>=0,LEN(N8)<=12, ISNUMBER(O8),O8=INT(O8),O8>=0,LEN(O8)<=12), "OK","NG"), "NG"))),"NG") -> OK | X8: - | Y8: - | Z8: - | AA8: - | AB8: -
D9: うち 労務費*1 | F9: 66800000 | G9: 71200000 | H9: 72200000 | I9: 73700000 | J9: 81815000 | K9: 85540000 | L9: 88970000 | M9: 92520000 | Q9: =IF($R$8="NG","※「はじめに」シートのXXをご確認の上、入力内容に誤りがないかをご確認ください。","") | T9: =IF($R$3=リスト!$B$3, IFERROR(IF(AND( ISNUMBER(F9), F9=INT(F9), F9>=0, LEN(F9)<=12, ISNUMBER(G9), G9=INT(G9), G9>=0, LEN(G9)<=12, ISNUMBER(H9), H9=INT(H9), H9>=0, LEN(H9)<=12), "OK","NG"),"NG"), IF($R$3=リスト!$B$4, IFERROR(IF(AND( ISNUMBER(G9), G9=INT(G9), G9>=0, LEN(G9)<=12, ISNUMBER(H9), H9=INT(H9), H9>=0, LEN(H9)<=12), "OK","NG"),"NG"), IF($R$3=リスト!$B$5, IFERROR(IF(AND( ISNUMBER(H9), H9=INT(H9), H9>=0, LEN(H9)<=12), "OK","NG"),"NG"), "-"))) -> OK | U9: =IFERROR(IF(AND( ISNUMBER(I9),I9=INT(I9),I9>=0,LEN(I9)<=12), "OK","NG"),"NG" ) -> OK | V9: =IFERROR(IF(AND( ISNUMBER(J9),J9=INT(J9),J9>=0,LEN(J9)<=12), "OK","NG"),"NG" ) -> OK | W9: =IFERROR(IF($R$5=リスト!$J$3, IF(AND(ISNUMBER(K9),K9=INT(K9),K9>=0,LEN(K9)<=12, ISNUMBER(L9),L9=INT(L9),L9>=0,LEN(L9)<=12, ISNUMBER(M9),M9=INT(M9),M9>=0,LEN(M9)<=12), "OK","NG"), IF($R$5=リスト!$J$4, IF(AND(ISNUMBER(K9),K9=INT(K9),K9>=0,LEN(K9)<=12, ISNUMBER(L9),L9=INT(L9),L9>=0,LEN(L9)<=12, ISNUMBER(M9),M9=INT(M9),M9>=0,LEN(M9)<=12, ISNUMBER(N9),N9=INT(N9),N9>=0,LEN(N9)<=12), "OK","NG"), IF($R$5=リスト!$J$5, IF(AND(ISNUMBER(K9),K9=INT(K9),K9>=0,LEN(K9)<=12, ISNUMBER(L9),L9=INT(L9),L9>=0,LEN(L9)<=12, ISNUMBER(M9),M9=INT(M9),M9>=0,LEN(M9)<=12, ISNUMBER(N9),N9=INT(N9),N9>=0,LEN(N9)<=12, ISNUMBER(O9),O9=INT(O9),O9>=0,LEN(O9)<=12), "OK","NG"), "NG"))),"NG") -> OK | X9: =IF($R$3=リスト!$B$3, IF(OR($F9="", $G9="", $H9=""), "NG", "OK"), IF($R$3=リスト!$B$4, IF(OR($G9="", $H9=""), "NG", "OK"), IF($R$3=リスト!$B$5, IF($H9="", "NG", "OK"), "-"))) -> OK | Y9: =IF(I9="", "NG", "OK") -> OK | Z9: =IF(J9="", "NG", "OK") -> OK | AA9: =IF($R$5=リスト!$J$3, IF(COUNTA($K9:$M9)<3, "NG", "OK"), IF($R$5=リスト!$J$4, IF(COUNTA($K9:$N9)<4, "NG", "OK"), IF($R$5=リスト!$J$5, IF(COUNTA($K9:$O9)<5, "NG", "OK"), "NG"))) -> OK | AB9: -
D10: うち 減価償却費 | F10: =F12+F14 -> 11000000 | G10: =G12+G14 -> 11500000 | H10: =H12+H14 -> 12000000 | I10: =I12+I14 -> 12500000 | J10: =J12+J14 -> 13500000 | K10: =K12+K14 -> 14150000 | L10: =L12+L14 -> 14350000 | M10: =M12+M14 -> 14450000 | ... O10: =O12+O14 -> 0 | T10: =IF($R$3=リスト!$B$3, IFERROR(IF(AND( ISNUMBER(F10), F10=INT(F10), F10>=0, LEN(F10)<=12, ISNUMBER(G10), G10=INT(G10), G10>=0, LEN(G10)<=12, ISNUMBER(H10), H10=INT(H10), H10>=0, LEN(H10)<=12), "OK","NG"),"NG"), IF($R$3=リスト!$B$4, IFERROR(IF(AND( ISNUMBER(G10), G10=INT(G10), G10>=0, LEN(G10)<=12, ISNUMBER(H10), H10=INT(H10), H10>=0, LEN(H10)<=12), "OK","NG"),"NG"), IF($R$3=リスト!$B$5, IFERROR(IF(AND( ISNUMBER(H10), H10=INT(H10), H10>=0, LEN(H10)<=12), "OK","NG"),"NG"), "-"))) -> OK | U10: =IFERROR(IF(AND( ISNUMBER(I10),I10=INT(I10),I10>=0,LEN(I10)<=12), "OK","NG"),"NG" ) -> OK | V10: =IFERROR(IF(AND( ISNUMBER(J10),J10=INT(J10),J10>=0,LEN(J10)<=12), "OK","NG"),"NG" ) -> OK | W10: =IFERROR(IF($R$5=リスト!$J$3, IF(AND(ISNUMBER(K10),K10=INT(K10),K10>=0,LEN(K10)<=12, ISNUMBER(L10),L10=INT(L10),L10>=0,LEN(L10)<=12, ISNUMBER(M10),M10=INT(M10),M10>=0,LEN(M10)<=12), "OK","NG"), IF($R$5=リスト!$J$4, IF(AND(ISNUMBER(K10),K10=INT(K10),K10>=0,LEN(K10)<=12, ISNUMBER(L10),L10=INT(L10),L10>=0,LEN(L10)<=12, ISNUMBER(M10),M10=INT(M10),M10>=0,LEN(M10)<=12, ISNUMBER(N10),N10=INT(N10),N10>=0,LEN(N10)<=12), "OK","NG"), IF($R$5=リスト!$J$5, IF(AND(ISNUMBER(K10),K10=INT(K10),K10>=0,LEN(K10)<=12, ISNUMBER(L10),L10=INT(L10),L10>=0,LEN(L10)<=12, ISNUMBER(M10),M10=INT(M10),M10>=0,LEN(M10)<=12, ISNUMBER(N10),N10=INT(N10),N10>=0,LEN(N10)<=12, ISNUMBER(O10),O10=INT(O10),O10>=0,LEN(O10)<=12), "OK","NG"), "NG"))),"NG") -> OK | X10: - | Y10: - | Z10: - | AA10: - | AB10: -
D11: 既存事業の売上原価 | F11: 257000000 | G11: 264700000 | H11: 272500000 | I11: 274000000 | J11: 276500000 | K11: 280000000 | L11: 281000000 | M11: 282000000 | Q11: 賃上げ要件 | R11: =IF(R5="", "", IF( CHOOSE(MATCH(R5, {"3年間","4年間","5年間"}, 0), M54, N54, O54) >= 3.5, "OK", "NG")) -> OK | T11: =IF($R$3=リスト!$B$3, IFERROR(IF(AND( ISNUMBER(F11), F11=INT(F11), F11>=0, LEN(F11)<=12, ISNUMBER(G11), G11=INT(G11), G11>=0, LEN(G11)<=12, ISNUMBER(H11), H11=INT(H11), H11>=0, LEN(H11)<=12), "OK","NG"),"NG"), IF($R$3=リスト!$B$4, IFERROR(IF(AND( ISNUMBER(G11), G11=INT(G11), G11>=0, LEN(G11)<=12, ISNUMBER(H11), H11=INT(H11), H11>=0, LEN(H11)<=12), "OK","NG"),"NG"), IF($R$3=リスト!$B$5, IFERROR(IF(AND( ISNUMBER(H11), H11=INT(H11), H11>=0, LEN(H11)<=12), "OK","NG"),"NG"), "-"))) -> OK | U11: =IFERROR(IF(AND( ISNUMBER(I11),I11=INT(I11),I11>=0,LEN(I11)<=12), "OK","NG"),"NG" ) -> OK | V11: =IFERROR(IF(AND( ISNUMBER(J11),J11=INT(J11),J11>=0,LEN(J11)<=12), "OK","NG"),"NG" ) -> OK | W11: =IFERROR(IF($R$5=リスト!$J$3, IF(AND(ISNUMBER(K11),K11=INT(K11),K11>=0,LEN(K11)<=12, ISNUMBER(L11),L11=INT(L11),L11>=0,LEN(L11)<=12, ISNUMBER(M11),M11=INT(M11),M11>=0,LEN(M11)<=12), "OK","NG"), IF($R$5=リスト!$J$4, IF(AND(ISNUMBER(K11),K11=INT(K11),K11>=0,LEN(K11)<=12, ISNUMBER(L11),L11=INT(L11),L11>=0,LEN(L11)<=12, ISNUMBER(M11),M11=INT(M11),M11>=0,LEN(M11)<=12, ISNUMBER(N11),N11=INT(N11),N11>=0,LEN(N11)<=12), "OK","NG"), IF($R$5=リスト!$J$5, IF(AND(ISNUMBER(K11),K11=INT(K11),K11>=0,LEN(K11)<=12, ISNUMBER(L11),L11=INT(L11),L11>=0,LEN(L11)<=12, ISNUMBER(M11),M11=INT(M11),M11>=0,LEN(M11)<=12, ISNUMBER(N11),N11=INT(N11),N11>=0,LEN(N11)<=12, ISNUMBER(O11),O11=INT(O11),O11>=0,LEN(O11)<=12), "OK","NG"), "NG"))),"NG") -> OK | X11: =IF($R$3=リスト!$B$3, IF(OR($F11="", $G11="", $H11=""), "NG", "OK"), IF($R$3=リスト!$B$4, IF(OR($G11="", $H11=""), "NG", "OK"), IF($R$3=リスト!$B$5, IF($H11="", "NG", "OK"), "-"))) -> OK | Y11: =IF(I11="", "NG", "OK") -> OK | Z11: =IF(J11="", "NG", "OK") -> OK | AA11: =IF($R$5=リスト!$J$3, IF(COUNTA($K11:$M11)<3, "NG", "OK"), IF($R$5=リスト!$J$4, IF(COUNTA($K11:$N11)<4, "NG", "OK"), IF($R$5=リスト!$J$5, IF(COUNTA($K11:$O11)<5, "NG", "OK"), "NG"))) -> OK | AB11: -
E12: うち 既存事業の減価償却費 | F12: 11000000 | G12: 11500000 | H12: 12000000 | I12: 12500000 | J12: 13000000 | K12: 13200000 | L12: 13400000 | M12: 13500000 | Q12: 付加価値額要件 | R12: =IF(R5="", "", IF( CHOOSE(MATCH(R5, {"3年間","4年間","5年間"}, 0), M44, N44, O44) >= 4, "OK", "NG")) -> OK | T12: =IF($R$3=リスト!$B$3, IFERROR(IF(AND( ISNUMBER(F12), F12=INT(F12), F12>=0, LEN(F12)<=12, ISNUMBER(G12), G12=INT(G12), G12>=0, LEN(G12)<=12, ISNUMBER(H12), H12=INT(H12), H12>=0, LEN(H12)<=12), "OK","NG"),"NG"), IF($R$3=リスト!$B$4, IFERROR(IF(AND( ISNUMBER(G12), G12=INT(G12), G12>=0, LEN(G12)<=12, ISNUMBER(H12), H12=INT(H12), H12>=0, LEN(H12)<=12), "OK","NG"),"NG"), IF($R$3=リスト!$B$5, IFERROR(IF(AND( ISNUMBER(H12), H12=INT(H12), H12>=0, LEN(H12)<=12), "OK","NG"),"NG"), "-"))) -> OK | U12: =IFERROR(IF(AND( ISNUMBER(I12),I12=INT(I12),I12>=0,LEN(I12)<=12), "OK","NG"),"NG" ) -> OK | V12: =IFERROR(IF(AND( ISNUMBER(J12),J12=INT(J12),J12>=0,LEN(J12)<=12), "OK","NG"),"NG" ) -> OK | W12: =IFERROR(IF($R$5=リスト!$J$3, IF(AND(ISNUMBER(K12),K12=INT(K12),K12>=0,LEN(K12)<=12, ISNUMBER(L12),L12=INT(L12),L12>=0,LEN(L12)<=12, ISNUMBER(M12),M12=INT(M12),M12>=0,LEN(M12)<=12), "OK","NG"), IF($R$5=リスト!$J$4, IF(AND(ISNUMBER(K12),K12=INT(K12),K12>=0,LEN(K12)<=12, ISNUMBER(L12),L12=INT(L12),L12>=0,LEN(L12)<=12, ISNUMBER(M12),M12=INT(M12),M12>=0,LEN(M12)<=12, ISNUMBER(N12),N12=INT(N12),N12>=0,LEN(N12)<=12), "OK","NG"), IF($R$5=リスト!$J$5, IF(AND(ISNUMBER(K12),K12=INT(K12),K12>=0,LEN(K12)<=12, ISNUMBER(L12),L12=INT(L12),L12>=0,LEN(L12)<=12, ISNUMBER(M12),M12=INT(M12),M12>=0,LEN(M12)<=12, ISNUMBER(N12),N12=INT(N12),N12>=0,LEN(N12)<=12, ISNUMBER(O12),O12=INT(O12),O12>=0,LEN(O12)<=12), "OK","NG"), "NG"))),"NG") -> OK | X12: =IF($R$3=リスト!$B$3, IF(OR($F12="", $G12="", $H12=""), "NG", "OK"), IF($R$3=リスト!$B$4, IF(OR($G12="", $H12=""), "NG", "OK"), IF($R$3=リスト!$B$5, IF($H12="", "NG", "OK"), "-"))) -> OK | Y12: =IF(I12="", "NG", "OK") -> OK | Z12: =IF(J12="", "NG", "OK") -> OK | AA12: =IF($R$5=リスト!$J$3, IF(COUNTA($K12:$M12)<3, "NG", "OK"), IF($R$5=リスト!$J$4, IF(COUNTA($K12:$N12)<4, "NG", "OK"), IF($R$5=リスト!$J$5, IF(COUNTA($K12:$O12)<5, "NG", "OK"), "NG"))) -> OK | AB12: -
D13: 補助事業の売上原価 | J13: 4000000 | K13: 6000000 | L13: 8500000 | M13: 10800000 | Q13: 賃上げ特例要件 | R13: =IF(OR(R5="", R6=""), "", IF(R6=リスト!I4, "-", IF(CHOOSE(MATCH(R5, {"3年間","4年間","5年間"}, 0), M54, N54, O54) >= 6, "OK", "NG" ))) -> - | T13: - | U13: - | V13: =IFERROR(IF(AND( ISNUMBER(J13),J13=INT(J13),J13>=0,LEN(J13)<=12), "OK","NG"),"NG" ) -> OK | W13: =IFERROR(IF($R$5=リスト!$J$3, IF(AND(ISNUMBER(K13),K13=INT(K13),K13>=0,LEN(K13)<=12, ISNUMBER(L13),L13=INT(L13),L13>=0,LEN(L13)<=12, ISNUMBER(M13),M13=INT(M13),M13>=0,LEN(M13)<=12), "OK","NG"), IF($R$5=リスト!$J$4, IF(AND(ISNUMBER(K13),K13=INT(K13),K13>=0,LEN(K13)<=12, ISNUMBER(L13),L13=INT(L13),L13>=0,LEN(L13)<=12, ISNUMBER(M13),M13=INT(M13),M13>=0,LEN(M13)<=12, ISNUMBER(N13),N13=INT(N13),N13>=0,LEN(N13)<=12), "OK","NG"), IF($R$5=リスト!$J$5, IF(AND(ISNUMBER(K13),K13=INT(K13),K13>=0,LEN(K13)<=12, ISNUMBER(L13),L13=INT(L13),L13>=0,LEN(L13)<=12, ISNUMBER(M13),M13=INT(M13),M13>=0,LEN(M13)<=12, ISNUMBER(N13),N13=INT(N13),N13>=0,LEN(N13)<=12, ISNUMBER(O13),O13=INT(O13),O13>=0,LEN(O13)<=12), "OK","NG"), "NG"))),"NG") -> OK | X13: - | Y13: - | Z13: =IF($J13="", "NG", "OK") -> OK | AA13: =IF($R$5=リスト!$J$3, IF(COUNTA($K13:$M13)<3, "NG", "OK"), IF($R$5=リスト!$J$4, IF(COUNTA($K13:$N13)<4, "NG", "OK"), IF($R$5=リスト!$J$5, IF(COUNTA($K13:$O13)<5, "NG", "OK"), "NG"))) -> OK | AB13: -
E14: うち 補助事業の減価償却費 | J14: 500000 | K14: 950000 | L14: 950000 | M14: 950000 | T14: - | U14: - | V14: =IFERROR(IF(AND( ISNUMBER(J14),J14=INT(J14),J14>=0,LEN(J14)<=12), "OK","NG"),"NG" ) -> OK | W14: =IFERROR(IF($R$5=リスト!$J$3, IF(AND(ISNUMBER(K14),K14=INT(K14),K14>=0,LEN(K14)<=12, ISNUMBER(L14),L14=INT(L14),L14>=0,LEN(L14)<=12, ISNUMBER(M14),M14=INT(M14),M14>=0,LEN(M14)<=12), "OK","NG"), IF($R$5=リスト!$J$4, IF(AND(ISNUMBER(K14),K14=INT(K14),K14>=0,LEN(K14)<=12, ISNUMBER(L14),L14=INT(L14),L14>=0,LEN(L14)<=12, ISNUMBER(M14),M14=INT(M14),M14>=0,LEN(M14)<=12, ISNUMBER(N14),N14=INT(N14),N14>=0,LEN(N14)<=12), "OK","NG"), IF($R$5=リスト!$J$5, IF(AND(ISNUMBER(K14),K14=INT(K14),K14>=0,LEN(K14)<=12, ISNUMBER(L14),L14=INT(L14),L14>=0,LEN(L14)<=12, ISNUMBER(M14),M14=INT(M14),M14>=0,LEN(M14)<=12, ISNUMBER(N14),N14=INT(N14),N14>=0,LEN(N14)<=12, ISNUMBER(O14),O14=INT(O14),O14>=0,LEN(O14)<=12), "OK","NG"), "NG"))),"NG") -> OK | X14: - | Y14: - | Z14: =IF($J14="", "NG", "OK") -> OK | AA14: =IF($R$5=リスト!$J$3, IF(COUNTA($K14:$M14)<3, "NG", "OK"), IF($R$5=リスト!$J$4, IF(COUNTA($K14:$N14)<4, "NG", "OK"), IF($R$5=リスト!$J$5, IF(COUNTA($K14:$O14)<5, "NG", "OK"), "NG"))) -> OK | AB14: -
C15: 売上総利益 (売上高 - 売上原価) | F15: =F5-F8 -> 73000000 | G15: =G5-G8 -> 75300000 | H15: =H5-H8 -> 77500000 | I15: =I5-I8 -> 79000000 | J15: =J5-J8 -> 80500000 | K15: =K5-K8 -> 83000000 | L15: =L5-L8 -> 86500000 | M15: =M5-M8 -> 90200000 | ... O15: =O5-O8 -> 0 | Q15: 付加価値額 目標値 (%) | R15: =IF($R$5="","", IF($R$5=リスト!$J$3, M44, IF($R$5=リスト!$J$4, N44, IF($R$5=リスト!$J$5, O44, "")))) -> 5 | T15: =IF($R$3=リスト!$B$3, IFERROR(IF(AND( ISNUMBER(F15), F15=INT(F15), LEN(ABS(F15))<=12, ISNUMBER(G15), G15=INT(G15), LEN(ABS(G15))<=12, ISNUMBER(H15), H15=INT(H15), LEN(ABS(H15))<=12), "OK","NG"),"NG"), IF($R$3=リスト!$B$4, IFERROR(IF(AND( ISNUMBER(G15), G15=INT(G15), LEN(ABS(G15))<=12, ISNUMBER(H15), H15=INT(H15), LEN(ABS(H15))<=12), "OK","NG"),"NG"), IF($R$3=リスト!$B$5, IFERROR(IF(AND( ISNUMBER(H15), H15=INT(H15), LEN(ABS(H15))<=12), "OK","NG"),"NG"), "-"))) -> OK | U15: =IFERROR(IF(AND( ISNUMBER(I15),I15=INT(I15),LEN(ABS(I15))<=12), "OK","NG"),"NG" ) -> OK | V15: =IFERROR(IF(AND( ISNUMBER(J15),J15=INT(J15),LEN(ABS(J15))<=12), "OK","NG"),"NG" ) -> OK | W15: =IFERROR(IF($R$5=リスト!$J$3, IF(AND(ISNUMBER(K15),K15=INT(K15),LEN(ABS(K15))<=12, ISNUMBER(L15),L15=INT(L15),LEN(ABS(L15))<=12, ISNUMBER(M15),M15=INT(M15),LEN(ABS(M15))<=12), "OK","NG"), IF($R$5=リスト!$J$4, IF(AND(ISNUMBER(K15),K15=INT(K15),LEN(ABS(K15))<=12, ISNUMBER(L15),L15=INT(L15),LEN(ABS(L15))<=12, ISNUMBER(M15),M15=INT(M15),LEN(ABS(M15))<=12, ISNUMBER(N15),N15=INT(N15),LEN(ABS(N15))<=12), "OK","NG"), IF($R$5=リスト!$J$5, IF(AND(ISNUMBER(K15),K15=INT(K15),LEN(ABS(K15))<=12, ISNUMBER(L15),L15=INT(L15),LEN(ABS(L15))<=12, ISNUMBER(M15),M15=INT(M15),LEN(ABS(M15))<=12, ISNUMBER(N15),N15=INT(N15),LEN(ABS(N15))<=12, ISNUMBER(O15),O15=INT(O15),LEN(ABS(O15))<=12), "OK","NG"), "NG"))),"NG") -> OK | X15: - | Y15: - | Z15: - | AA15: - | AB15: -
D16: うち 補助事業の売上総利益 | J16: =J7-J13 -> 1000000 | K16: =K7-K13 -> 4000000 | L16: =L7-L13 -> 5500000 | M16: =M7-M13 -> 7200000 | N16: =N7-N13 -> 0 | O16: =O7-O13 -> 0 | Q16: (足下の賃上げ)一人当たりの 給与支給総額目標値 (%) | R16: =IF($R$3=リスト!$B$6,"-", IF(AND($R$3=リスト!$B$5,COUNTIF(リスト!$C$4:$C$14,$R$4)>0),"-", IFERROR(ROUNDDOWN((($J$53/$H$53)^(1/ROUND(((YEAR($J$3)-YEAR($H$3))*12+MONTH($J$3)-MONTH($H$3))/12,0))-1)*100,1),"-"))) -> 2.4 | T16: - | U16: - | V16: =IFERROR(IF(AND( ISNUMBER(J16),J16=INT(J16),LEN(ABS(J16))<=12), "OK","NG"),"NG" ) -> OK | W16: =IFERROR(IF($R$5=リスト!$J$3, IF(AND(ISNUMBER(K16),K16=INT(K16),LEN(ABS(K16))<=12, ISNUMBER(L16),L16=INT(L16),LEN(ABS(L16))<=12, ISNUMBER(M16),M16=INT(M16),LEN(ABS(M16))<=12), "OK","NG"), IF($R$5=リスト!$J$4, IF(AND(ISNUMBER(K16),K16=INT(K16),LEN(ABS(K16))<=12, ISNUMBER(L16),L16=INT(L16),LEN(ABS(L16))<=12, ISNUMBER(M16),M16=INT(M16),LEN(ABS(M16))<=12, ISNUMBER(N16),N16=INT(N16),LEN(ABS(N16))<=12), "OK","NG"), IF($R$5=リスト!$J$5, IF(AND(ISNUMBER(K16),K16=INT(K16),LEN(ABS(K16))<=12, ISNUMBER(L16),L16=INT(L16),LEN(ABS(L16))<=12, ISNUMBER(M16),M16=INT(M16),LEN(ABS(M16))<=12, ISNUMBER(N16),N16=INT(N16),LEN(ABS(N16))<=12, ISNUMBER(O16),O16=INT(O16),LEN(ABS(O16))<=12), "OK","NG"), "NG"))),"NG") -> OK | X16: - | Y16: - | Z16: - | AA16: - | AB16: -
C17: 販売費及び一般管理費 | F17: =F22+F24 -> 64000000 | G17: =G22+G24 -> 65500000 | H17: =H22+H24 -> 67000000 | I17: =I22+I24 -> 68300000 | J17: =J22+J24 -> 71500000 | K17: =K22+K24 -> 72500000 | L17: =L22+L24 -> 73275000 | M17: =M22+M24 -> 74200000 | ... O17: =O22+O24 -> 0 | Q17: 一人当たりの 給与支給総額目標値 (%) | R17: =IF($R$5="", "", IF($R$5=リスト!$J$3, M54, IF($R$5=リスト!$J$4, N54, IF($R$5=リスト!$J$5, O54, "" )))) -> 4 | T17: =IF($R$3=リスト!$B$3, IFERROR(IF(AND( ISNUMBER(F17), F17=INT(F17), F17>=0, LEN(F17)<=12, ISNUMBER(G17), G17=INT(G17), G17>=0, LEN(G17)<=12, ISNUMBER(H17), H17=INT(H17), H17>=0, LEN(H17)<=12), "OK","NG"),"NG"), IF($R$3=リスト!$B$4, IFERROR(IF(AND( ISNUMBER(G17), G17=INT(G17), G17>=0, LEN(G17)<=12, ISNUMBER(H17), H17=INT(H17), H17>=0, LEN(H17)<=12), "OK","NG"),"NG"), IF($R$3=リスト!$B$5, IFERROR(IF(AND( ISNUMBER(H17), H17=INT(H17), H17>=0, LEN(H17)<=12), "OK","NG"),"NG"), "-"))) -> OK | U17: =IFERROR(IF(AND( ISNUMBER(I17),I17=INT(I17),I17>=0,LEN(I17)<=12), "OK","NG"),"NG" ) -> OK | V17: =IFERROR(IF(AND( ISNUMBER(J17),J17=INT(J17),J17>=0,LEN(J17)<=12), "OK","NG"),"NG" ) -> OK | W17: =IFERROR(IF($R$5=リスト!$J$3, IF(AND(ISNUMBER(K17),K17=INT(K17),K17>=0,LEN(K17)<=12, ISNUMBER(L17),L17=INT(L17),L17>=0,LEN(L17)<=12, ISNUMBER(M17),M17=INT(M17),M17>=0,LEN(M17)<=12), "OK","NG"), IF($R$5=リスト!$J$4, IF(AND(ISNUMBER(K17),K17=INT(K17),K17>=0,LEN(K17)<=12, ISNUMBER(L17),L17=INT(L17),L17>=0,LEN(L17)<=12, ISNUMBER(M17),M17=INT(M17),M17>=0,LEN(M17)<=12, ISNUMBER(N17),N17=INT(N17),N17>=0,LEN(N17)<=12), "OK","NG"), IF($R$5=リスト!$J$5, IF(AND(ISNUMBER(K17),K17=INT(K17),K17>=0,LEN(K17)<=12, ISNUMBER(L17),L17=INT(L17),L17>=0,LEN(L17)<=12, ISNUMBER(M17),M17=INT(M17),M17>=0,LEN(M17)<=12, ISNUMBER(N17),N17=INT(N17),N17>=0,LEN(N17)<=12, ISNUMBER(O17),O17=INT(O17),O17>=0,LEN(O17)<=12), "OK","NG"), "NG"))),"NG") -> OK | X17: - | Y17: - | Z17: - | AA17: - | AB17: -
D18: うち 人件費*2 | F18: 22000000 | G18: 22700000 | H18: 22800000 | I18: 23300000 | J18: 24000000 | K18: 24300000 | L18: 25000000 | M18: 25800000 | Q18: 事業計画期間1年あたりの 補助事業で新たに製造等する製品等の 売上高見込み額(税抜) | R18: =IF(R5=リスト!$J$3, ROUNDDOWN(SUM(K7:M7)/3, 0), IF(R5=リスト!$J$4, ROUNDDOWN(SUM(K7:N7)/4, 0), IF(R5=リスト!$J$5, ROUNDDOWN(SUM(K7:O7)/5, 0), ""))) -> 14000000 | T18: =IF($R$3=リスト!$B$3, IFERROR(IF(AND( ISNUMBER(F18), F18=INT(F18), F18>=0, LEN(F18)<=12, ISNUMBER(G18), G18=INT(G18), G18>=0, LEN(G18)<=12, ISNUMBER(H18), H18=INT(H18), H18>=0, LEN(H18)<=12), "OK","NG"),"NG"), IF($R$3=リスト!$B$4, IFERROR(IF(AND( ISNUMBER(G18), G18=INT(G18), G18>=0, LEN(G18)<=12, ISNUMBER(H18), H18=INT(H18), H18>=0, LEN(H18)<=12), "OK","NG"),"NG"), IF($R$3=リスト!$B$5, IFERROR(IF(AND( ISNUMBER(H18), H18=INT(H18), H18>=0, LEN(H18)<=12), "OK","NG"),"NG"), "-"))) -> OK | U18: =IFERROR(IF(AND( ISNUMBER(I18),I18=INT(I18),I18>=0,LEN(I18)<=12), "OK","NG"),"NG" ) -> OK | V18: =IFERROR(IF(AND( ISNUMBER(J18),J18=INT(J18),J18>=0,LEN(J18)<=12), "OK","NG"),"NG" ) -> OK | W18: =IFERROR(IF($R$5=リスト!$J$3, IF(AND(ISNUMBER(K18),K18=INT(K18),K18>=0,LEN(K18)<=12, ISNUMBER(L18),L18=INT(L18),L18>=0,LEN(L18)<=12, ISNUMBER(M18),M18=INT(M18),M18>=0,LEN(M18)<=12), "OK","NG"), IF($R$5=リスト!$J$4, IF(AND(ISNUMBER(K18),K18=INT(K18),K18>=0,LEN(K18)<=12, ISNUMBER(L18),L18=INT(L18),L18>=0,LEN(L18)<=12, ISNUMBER(M18),M18=INT(M18),M18>=0,LEN(M18)<=12, ISNUMBER(N18),N18=INT(N18),N18>=0,LEN(N18)<=12), "OK","NG"), IF($R$5=リスト!$J$5, IF(AND(ISNUMBER(K18),K18=INT(K18),K18>=0,LEN(K18)<=12, ISNUMBER(L18),L18=INT(L18),L18>=0,LEN(L18)<=12, ISNUMBER(M18),M18=INT(M18),M18>=0,LEN(M18)<=12, ISNUMBER(N18),N18=INT(N18),N18>=0,LEN(N18)<=12, ISNUMBER(O18),O18=INT(O18),O18>=0,LEN(O18)<=12), "OK","NG"), "NG"))),"NG") -> OK | X18: =IF($R$3=リスト!$B$3, IF(OR($F18="", $G18="", $H18=""), "NG", "OK"), IF($R$3=リスト!$B$4, IF(OR($G18="", $H18=""), "NG", "OK"), IF($R$3=リスト!$B$5, IF($H18="", "NG", "OK"), "-"))) -> OK | Y18: =IF(I18="", "NG", "OK") -> OK | Z18: =IF(J18="", "NG", "OK") -> OK | AA18: =IF($R$5=リスト!$J$3, IF(COUNTA($K18:$M18)<3, "NG", "OK"), IF($R$5=リスト!$J$4, IF(COUNTA($K18:$N18)<4, "NG", "OK"), IF($R$5=リスト!$J$5, IF(COUNTA($K18:$O18)<5, "NG", "OK"), "NG"))) -> OK | AB18: -
D19: うち 減価償却費 | F19: =F23+F25 -> 3000000 | G19: =G23+G25 -> 3000000 | H19: =H23+H25 -> 3000000 | I19: =I23+I25 -> 3000000 | J19: =J23+J25 -> 3200000 | K19: =K23+K25 -> 3500000 | L19: =L23+L25 -> 3550000 | M19: =M23+M25 -> 3600000 | ... O19: =O23+O25 -> 0 | T19: =IF($R$3=リスト!$B$3, IFERROR(IF(AND( ISNUMBER(F19), F19=INT(F19), F19>=0, LEN(F19)<=12, ISNUMBER(G19), G19=INT(G19), G19>=0, LEN(G19)<=12, ISNUMBER(H19), H19=INT(H19), H19>=0, LEN(H19)<=12), "OK","NG"),"NG"), IF($R$3=リスト!$B$4, IFERROR(IF(AND( ISNUMBER(G19), G19=INT(G19), G19>=0, LEN(G19)<=12, ISNUMBER(H19), H19=INT(H19), H19>=0, LEN(H19)<=12), "OK","NG"),"NG"), IF($R$3=リスト!$B$5, IFERROR(IF(AND( ISNUMBER(H19), H19=INT(H19), H19>=0, LEN(H19)<=12), "OK","NG"),"NG"), "-"))) -> OK | U19: =IFERROR(IF(AND( ISNUMBER(I19),I19=INT(I19),I19>=0,LEN(I19)<=12), "OK","NG"),"NG" ) -> OK | V19: =IFERROR(IF(AND( ISNUMBER(J19),J19=INT(J19),J19>=0,LEN(J19)<=12), "OK","NG"),"NG" ) -> OK | W19: =IFERROR(IF($R$5=リスト!$J$3, IF(AND(ISNUMBER(K19),K19=INT(K19),K19>=0,LEN(K19)<=12, ISNUMBER(L19),L19=INT(L19),L19>=0,LEN(L19)<=12, ISNUMBER(M19),M19=INT(M19),M19>=0,LEN(M19)<=12), "OK","NG"), IF($R$5=リスト!$J$4, IF(AND(ISNUMBER(K19),K19=INT(K19),K19>=0,LEN(K19)<=12, ISNUMBER(L19),L19=INT(L19),L19>=0,LEN(L19)<=12, ISNUMBER(M19),M19=INT(M19),M19>=0,LEN(M19)<=12, ISNUMBER(N19),N19=INT(N19),N19>=0,LEN(N19)<=12), "OK","NG"), IF($R$5=リスト!$J$5, IF(AND(ISNUMBER(K19),K19=INT(K19),K19>=0,LEN(K19)<=12, ISNUMBER(L19),L19=INT(L19),L19>=0,LEN(L19)<=12, ISNUMBER(M19),M19=INT(M19),M19>=0,LEN(M19)<=12, ISNUMBER(N19),N19=INT(N19),N19>=0,LEN(N19)<=12, ISNUMBER(O19),O19=INT(O19),O19>=0,LEN(O19)<=12), "OK","NG"), "NG"))),"NG") -> OK | X19: - | Y19: - | Z19: - | AA19: - | AB19: -
D20: うち 研究開発費 | F20: 3000000 | G20: 3500000 | H20: 4000000 | I20: 5000000 | J20: 6000000 | K20: 6500000 | L20: 7000000 | M20: 7500000 | T20: =IF($R$3=リスト!$B$3, IFERROR(IF(AND( ISNUMBER(F20), F20=INT(F20), F20>=0, LEN(F20)<=12, ISNUMBER(G20), G20=INT(G20), G20>=0, LEN(G20)<=12, ISNUMBER(H20), H20=INT(H20), H20>=0, LEN(H20)<=12), "OK","NG"),"NG"), IF($R$3=リスト!$B$4, IFERROR(IF(AND( ISNUMBER(G20), G20=INT(G20), G20>=0, LEN(G20)<=12, ISNUMBER(H20), H20=INT(H20), H20>=0, LEN(H20)<=12), "OK","NG"),"NG"), IF($R$3=リスト!$B$5, IFERROR(IF(AND( ISNUMBER(H20), H20=INT(H20), H20>=0, LEN(H20)<=12), "OK","NG"),"NG"), "-"))) -> OK | U20: =IFERROR(IF(AND( ISNUMBER(I20),I20=INT(I20),I20>=0,LEN(I20)<=12), "OK","NG"),"NG" ) -> OK | V20: =IFERROR(IF(AND( ISNUMBER(J20),J20=INT(J20),J20>=0,LEN(J20)<=12), "OK","NG"),"NG" ) -> OK | W20: =IFERROR(IF($R$5=リスト!$J$3, IF(AND(ISNUMBER(K20),K20=INT(K20),K20>=0,LEN(K20)<=12, ISNUMBER(L20),L20=INT(L20),L20>=0,LEN(L20)<=12, ISNUMBER(M20),M20=INT(M20),M20>=0,LEN(M20)<=12), "OK","NG"), IF($R$5=リスト!$J$4, IF(AND(ISNUMBER(K20),K20=INT(K20),K20>=0,LEN(K20)<=12, ISNUMBER(L20),L20=INT(L20),L20>=0,LEN(L20)<=12, ISNUMBER(M20),M20=INT(M20),M20>=0,LEN(M20)<=12, ISNUMBER(N20),N20=INT(N20),N20>=0,LEN(N20)<=12), "OK","NG"), IF($R$5=リスト!$J$5, IF(AND(ISNUMBER(K20),K20=INT(K20),K20>=0,LEN(K20)<=12, ISNUMBER(L20),L20=INT(L20),L20>=0,LEN(L20)<=12, ISNUMBER(M20),M20=INT(M20),M20>=0,LEN(M20)<=12, ISNUMBER(N20),N20=INT(N20),N20>=0,LEN(N20)<=12, ISNUMBER(O20),O20=INT(O20),O20>=0,LEN(O20)<=12), "OK","NG"), "NG"))),"NG") -> OK | X20: =IF($R$3=リスト!$B$3, IF(OR($F20="", $G20="", $H20=""), "NG", "OK"), IF($R$3=リスト!$B$4, IF(OR($G20="", $H20=""), "NG", "OK"), IF($R$3=リスト!$B$5, IF($H20="", "NG", "OK"), "-"))) -> OK | Y20: =IF(I20="", "NG", "OK") -> OK | Z20: =IF(J20="", "NG", "OK") -> OK | AA20: =IF($R$5=リスト!$J$3, IF(COUNTA($K20:$M20)<3, "NG", "OK"), IF($R$5=リスト!$J$4, IF(COUNTA($K20:$N20)<4, "NG", "OK"), IF($R$5=リスト!$J$5, IF(COUNTA($K20:$O20)<5, "NG", "OK"), "NG"))) -> OK | AB20: -
D21: うち 能力開発費 | F21: * | G21: * | H21: * | T21: - | U21: - | V21: - | W21: - | X21: - | Y21: - | Z21: - | AA21: - | AB21: -
D22: 既存事業の販売費及び一般管理費 | F22: 64000000 | G22: 65500000 | H22: 67000000 | I22: 68300000 | J22: 69000000 | K22: 70300000 | L22: 70975000 | M22: 71800000 | T22: =IF($R$3=リスト!$B$3, IFERROR(IF(AND( ISNUMBER(F22), F22=INT(F22), F22>=0, LEN(F22)<=12, ISNUMBER(G22), G22=INT(G22), G22>=0, LEN(G22)<=12, ISNUMBER(H22), H22=INT(H22), H22>=0, LEN(H22)<=12), "OK","NG"),"NG"), IF($R$3=リスト!$B$4, IFERROR(IF(AND( ISNUMBER(G22), G22=INT(G22), G22>=0, LEN(G22)<=12, ISNUMBER(H22), H22=INT(H22), H22>=0, LEN(H22)<=12), "OK","NG"),"NG"), IF($R$3=リスト!$B$5, IFERROR(IF(AND( ISNUMBER(H22), H22=INT(H22), H22>=0, LEN(H22)<=12), "OK","NG"),"NG"), "-"))) -> OK | U22: =IFERROR(IF(AND( ISNUMBER(I22),I22=INT(I22),I22>=0,LEN(I22)<=12), "OK","NG"),"NG" ) -> OK | V22: =IFERROR(IF(AND( ISNUMBER(J22),J22=INT(J22),J22>=0,LEN(J22)<=12), "OK","NG"),"NG" ) -> OK | W22: =IFERROR(IF($R$5=リスト!$J$3, IF(AND(ISNUMBER(K22),K22=INT(K22),K22>=0,LEN(K22)<=12, ISNUMBER(L22),L22=INT(L22),L22>=0,LEN(L22)<=12, ISNUMBER(M22),M22=INT(M22),M22>=0,LEN(M22)<=12), "OK","NG"), IF($R$5=リスト!$J$4, IF(AND(ISNUMBER(K22),K22=INT(K22),K22>=0,LEN(K22)<=12, ISNUMBER(L22),L22=INT(L22),L22>=0,LEN(L22)<=12, ISNUMBER(M22),M22=INT(M22),M22>=0,LEN(M22)<=12, ISNUMBER(N22),N22=INT(N22),N22>=0,LEN(N22)<=12), "OK","NG"), IF($R$5=リスト!$J$5, IF(AND(ISNUMBER(K22),K22=INT(K22),K22>=0,LEN(K22)<=12, ISNUMBER(L22),L22=INT(L22),L22>=0,LEN(L22)<=12, ISNUMBER(M22),M22=INT(M22),M22>=0,LEN(M22)<=12, ISNUMBER(N22),N22=INT(N22),N22>=0,LEN(N22)<=12, ISNUMBER(O22),O22=INT(O22),O22>=0,LEN(O22)<=12), "OK","NG"), "NG"))),"NG") -> OK | X22: =IF($R$3=リスト!$B$3, IF(OR($F22="", $G22="", $H22=""), "NG", "OK"), IF($R$3=リスト!$B$4, IF(OR($G22="", $H22=""), "NG", "OK"), IF($R$3=リスト!$B$5, IF($H22="", "NG", "OK"), "-"))) -> OK | Y22: =IF(I22="", "NG", "OK") -> OK | Z22: =IF(J22="", "NG", "OK") -> OK | AA22: =IF($R$5=リスト!$J$3, IF(COUNTA($K22:$M22)<3, "NG", "OK"), IF($R$5=リスト!$J$4, IF(COUNTA($K22:$N22)<4, "NG", "OK"), IF($R$5=リスト!$J$5, IF(COUNTA($K22:$O22)<5, "NG", "OK"), "NG"))) -> OK | AB22: -
E23: うち 既存事業の減価償却費 | F23: 3000000 | G23: 3000000 | H23: 3000000 | I23: 3000000 | J23: 3000000 | K23: 3100000 | L23: 3150000 | M23: 3200000 | T23: =IF($R$3=リスト!$B$3, IFERROR(IF(AND( ISNUMBER(F23), F23=INT(F23), F23>=0, LEN(F23)<=12, ISNUMBER(G23), G23=INT(G23), G23>=0, LEN(G23)<=12, ISNUMBER(H23), H23=INT(H23), H23>=0, LEN(H23)<=12), "OK","NG"),"NG"), IF($R$3=リスト!$B$4, IFERROR(IF(AND( ISNUMBER(G23), G23=INT(G23), G23>=0, LEN(G23)<=12, ISNUMBER(H23), H23=INT(H23), H23>=0, LEN(H23)<=12), "OK","NG"),"NG"), IF($R$3=リスト!$B$5, IFERROR(IF(AND( ISNUMBER(H23), H23=INT(H23), H23>=0, LEN(H23)<=12), "OK","NG"),"NG"), "-"))) -> OK | U23: =IFERROR(IF(AND( ISNUMBER(I23),I23=INT(I23),I23>=0,LEN(I23)<=12), "OK","NG"),"NG" ) -> OK | V23: =IFERROR(IF(AND( ISNUMBER(J23),J23=INT(J23),J23>=0,LEN(J23)<=12), "OK","NG"),"NG" ) -> OK | W23: =IFERROR(IF($R$5=リスト!$J$3, IF(AND(ISNUMBER(K23),K23=INT(K23),K23>=0,LEN(K23)<=12, ISNUMBER(L23),L23=INT(L23),L23>=0,LEN(L23)<=12, ISNUMBER(M23),M23=INT(M23),M23>=0,LEN(M23)<=12), "OK","NG"), IF($R$5=リスト!$J$4, IF(AND(ISNUMBER(K23),K23=INT(K23),K23>=0,LEN(K23)<=12, ISNUMBER(L23),L23=INT(L23),L23>=0,LEN(L23)<=12, ISNUMBER(M23),M23=INT(M23),M23>=0,LEN(M23)<=12, ISNUMBER(N23),N23=INT(N23),N23>=0,LEN(N23)<=12), "OK","NG"), IF($R$5=リスト!$J$5, IF(AND(ISNUMBER(K23),K23=INT(K23),K23>=0,LEN(K23)<=12, ISNUMBER(L23),L23=INT(L23),L23>=0,LEN(L23)<=12, ISNUMBER(M23),M23=INT(M23),M23>=0,LEN(M23)<=12, ISNUMBER(N23),N23=INT(N23),N23>=0,LEN(N23)<=12, ISNUMBER(O23),O23=INT(O23),O23>=0,LEN(O23)<=12), "OK","NG"), "NG"))),"NG") -> OK | X23: =IF($R$3=リスト!$B$3, IF(OR($F23="", $G23="", $H23=""), "NG", "OK"), IF($R$3=リスト!$B$4, IF(OR($G23="", $H23=""), "NG", "OK"), IF($R$3=リスト!$B$5, IF($H23="", "NG", "OK"), "-"))) -> OK | Y23: =IF(I23="", "NG", "OK") -> OK | Z23: =IF(J23="", "NG", "OK") -> OK | AA23: =IF($R$5=リスト!$J$3, IF(COUNTA($K23:$M23)<3, "NG", "OK"), IF($R$5=リスト!$J$4, IF(COUNTA($K23:$N23)<4, "NG", "OK"), IF($R$5=リスト!$J$5, IF(COUNTA($K23:$O23)<5, "NG", "OK"), "NG"))) -> OK | AB23: -
D24: 補助事業の販売費及び一般管理費 | J24: 2500000 | K24: 2200000 | L24: 2300000 | M24: 2400000 | T24: - | U24: - | V24: =IFERROR(IF(AND( ISNUMBER(J24),J24=INT(J24),J24>=0,LEN(J24)<=12), "OK","NG"),"NG" ) -> OK | W24: =IFERROR(IF($R$5=リスト!$J$3, IF(AND(ISNUMBER(K24),K24=INT(K24),K24>=0,LEN(K24)<=12, ISNUMBER(L24),L24=INT(L24),L24>=0,LEN(L24)<=12, ISNUMBER(M24),M24=INT(M24),M24>=0,LEN(M24)<=12), "OK","NG"), IF($R$5=リスト!$J$4, IF(AND(ISNUMBER(K24),K24=INT(K24),K24>=0,LEN(K24)<=12, ISNUMBER(L24),L24=INT(L24),L24>=0,LEN(L24)<=12, ISNUMBER(M24),M24=INT(M24),M24>=0,LEN(M24)<=12, ISNUMBER(N24),N24=INT(N24),N24>=0,LEN(N24)<=12), "OK","NG"), IF($R$5=リスト!$J$5, IF(AND(ISNUMBER(K24),K24=INT(K24),K24>=0,LEN(K24)<=12, ISNUMBER(L24),L24=INT(L24),L24>=0,LEN(L24)<=12, ISNUMBER(M24),M24=INT(M24),M24>=0,LEN(M24)<=12, ISNUMBER(N24),N24=INT(N24),N24>=0,LEN(N24)<=12, ISNUMBER(O24),O24=INT(O24),O24>=0,LEN(O24)<=12), "OK","NG"), "NG"))),"NG") -> OK | X24: - | Y24: - | Z24: =IF($J24="", "NG", "OK") -> OK | AA24: =IF($R$5=リスト!$J$3, IF(COUNTA($K24:$M24)<3, "NG", "OK"), IF($R$5=リスト!$J$4, IF(COUNTA($K24:$N24)<4, "NG", "OK"), IF($R$5=リスト!$J$5, IF(COUNTA($K24:$O24)<5, "NG", "OK"), "NG"))) -> OK | AB24: -
E25: うち 補助事業の減価償却費 | J25: 200000 | K25: 400000 | L25: 400000 | M25: 400000 | T25: - | U25: - | V25: =IFERROR(IF(AND( ISNUMBER(J25),J25=INT(J25),J25>=0,LEN(J25)<=12), "OK","NG"),"NG" ) -> OK | W25: =IFERROR(IF($R$5=リスト!$J$3, IF(AND(ISNUMBER(K25),K25=INT(K25),K25>=0,LEN(K25)<=12, ISNUMBER(L25),L25=INT(L25),L25>=0,LEN(L25)<=12, ISNUMBER(M25),M25=INT(M25),M25>=0,LEN(M25)<=12), "OK","NG"), IF($R$5=リスト!$J$4, IF(AND(ISNUMBER(K25),K25=INT(K25),K25>=0,LEN(K25)<=12, ISNUMBER(L25),L25=INT(L25),L25>=0,LEN(L25)<=12, ISNUMBER(M25),M25=INT(M25),M25>=0,LEN(M25)<=12, ISNUMBER(N25),N25=INT(N25),N25>=0,LEN(N25)<=12), "OK","NG"), IF($R$5=リスト!$J$5, IF(AND(ISNUMBER(K25),K25=INT(K25),K25>=0,LEN(K25)<=12, ISNUMBER(L25),L25=INT(L25),L25>=0,LEN(L25)<=12, ISNUMBER(M25),M25=INT(M25),M25>=0,LEN(M25)<=12, ISNUMBER(N25),N25=INT(N25),N25>=0,LEN(N25)<=12, ISNUMBER(O25),O25=INT(O25),O25>=0,LEN(O25)<=12), "OK","NG"), "NG"))),"NG") -> OK | X25: - | Y25: - | Z25: =IF($J25="", "NG", "OK") -> OK | AA25: =IF($R$5=リスト!$J$3, IF(COUNTA($K25:$M25)<3, "NG", "OK"), IF($R$5=リスト!$J$4, IF(COUNTA($K25:$N25)<4, "NG", "OK"), IF($R$5=リスト!$J$5, IF(COUNTA($K25:$O25)<5, "NG", "OK"), "NG"))) -> OK | AB25: -
C26: 営業利益 (売上総利益 - 販売費及び一般管理費) | F26: =F15-F17 -> 9000000 | G26: =G15-G17 -> 9800000 | H26: =H15-H17 -> 10500000 | I26: =I15-I17 -> 10700000 | J26: =J15-J17 -> 9000000 | K26: =K15-K17 -> 10500000 | L26: =L15-L17 -> 13225000 | M26: =M15-M17 -> 16000000 | ... O26: =O15-O17 -> 0 | T26: =IF($R$3=リスト!$B$3, IFERROR(IF(AND( ISNUMBER(F26), F26=INT(F26), LEN(ABS(F26))<=12, ISNUMBER(G26), G26=INT(G26), LEN(ABS(G26))<=12, ISNUMBER(H26), H26=INT(H26), LEN(ABS(H26))<=12), "OK","NG"),"NG"), IF($R$3=リスト!$B$4, IFERROR(IF(AND( ISNUMBER(G26), G26=INT(G26), LEN(ABS(G26))<=12, ISNUMBER(H26), H26=INT(H26), LEN(ABS(H26))<=12), "OK","NG"),"NG"), IF($R$3=リスト!$B$5, IFERROR(IF(AND( ISNUMBER(H26), H26=INT(H26), LEN(ABS(H26))<=12), "OK","NG"),"NG"), "-"))) -> OK | U26: =IFERROR(IF(AND( ISNUMBER(I26),I26=INT(I26),LEN(ABS(I26))<=12), "OK","NG"),"NG" ) -> OK | V26: =IFERROR(IF(AND( ISNUMBER(J26),J26=INT(J26),LEN(ABS(J26))<=12), "OK","NG"),"NG" ) -> OK | W26: =IFERROR(IF($R$5=リスト!$J$3, IF(AND(ISNUMBER(K26),K26=INT(K26),LEN(ABS(K26))<=12, ISNUMBER(L26),L26=INT(L26),LEN(ABS(L26))<=12, ISNUMBER(M26),M26=INT(M26),LEN(ABS(M26))<=12), "OK","NG"), IF($R$5=リスト!$J$4, IF(AND(ISNUMBER(K26),K26=INT(K26),LEN(ABS(K26))<=12, ISNUMBER(L26),L26=INT(L26),LEN(ABS(L26))<=12, ISNUMBER(M26),M26=INT(M26),LEN(ABS(M26))<=12, ISNUMBER(N26),N26=INT(N26),LEN(ABS(N26))<=12), "OK","NG"), IF($R$5=リスト!$J$5, IF(AND(ISNUMBER(K26),K26=INT(K26),LEN(ABS(K26))<=12, ISNUMBER(L26),L26=INT(L26),LEN(ABS(L26))<=12, ISNUMBER(M26),M26=INT(M26),LEN(ABS(M26))<=12, ISNUMBER(N26),N26=INT(N26),LEN(ABS(N26))<=12, ISNUMBER(O26),O26=INT(O26),LEN(ABS(O26))<=12), "OK","NG"), "NG"))),"NG") -> OK | X26: - | Y26: - | Z26: - | AA26: - | AB26: -
D27: 既存事業の営業利益 | F27: =F6-F11-F22 -> 9000000 | G27: =G6-G11-G22 -> 9800000 | H27: =H6-H11-H22 -> 10500000 | I27: =I6-I11-I22 -> 10700000 | J27: =J6-J11-J22 -> 10500000 | K27: =K6-K11-K22 -> 8700000 | L27: =L6-L11-L22 -> 10025000 | M27: =M6-M11-M22 -> 11200000 | ... O27: =O6-O11-O22 -> 0 | T27: =IF($R$3=リスト!$B$3, IFERROR(IF(AND( ISNUMBER(F27), F27=INT(F27), LEN(ABS(F27))<=12, ISNUMBER(G27), G27=INT(G27), LEN(ABS(G27))<=12, ISNUMBER(H27), H27=INT(H27), LEN(ABS(H27))<=12), "OK","NG"),"NG"), IF($R$3=リスト!$B$4, IFERROR(IF(AND( ISNUMBER(G27), G27=INT(G27), LEN(ABS(G27))<=12, ISNUMBER(H27), H27=INT(H27), LEN(ABS(H27))<=12), "OK","NG"),"NG"), IF($R$3=リスト!$B$5, IFERROR(IF(AND( ISNUMBER(H27), H27=INT(H27), LEN(ABS(H27))<=12), "OK","NG"),"NG"), "-"))) -> OK | U27: =IFERROR(IF(AND( ISNUMBER(I27),I27=INT(I27),LEN(ABS(I27))<=12), "OK","NG"),"NG" ) -> OK | V27: =IFERROR(IF(AND( ISNUMBER(J27),J27=INT(J27),LEN(ABS(J27))<=12), "OK","NG"),"NG" ) -> OK | W27: =IFERROR(IF($R$5=リスト!$J$3, IF(AND(ISNUMBER(K27),K27=INT(K27),LEN(ABS(K27))<=12, ISNUMBER(L27),L27=INT(L27),LEN(ABS(L27))<=12, ISNUMBER(M27),M27=INT(M27),LEN(ABS(M27))<=12), "OK","NG"), IF($R$5=リスト!$J$4, IF(AND(ISNUMBER(K27),K27=INT(K27),LEN(ABS(K27))<=12, ISNUMBER(L27),L27=INT(L27),LEN(ABS(L27))<=12, ISNUMBER(M27),M27=INT(M27),LEN(ABS(M27))<=12, ISNUMBER(N27),N27=INT(N27),LEN(ABS(N27))<=12), "OK","NG"), IF($R$5=リスト!$J$5, IF(AND(ISNUMBER(K27),K27=INT(K27),LEN(ABS(K27))<=12, ISNUMBER(L27),L27=INT(L27),LEN(ABS(L27))<=12, ISNUMBER(M27),M27=INT(M27),LEN(ABS(M27))<=12, ISNUMBER(N27),N27=INT(N27),LEN(ABS(N27))<=12, ISNUMBER(O27),O27=INT(O27),LEN(ABS(O27))<=12), "OK","NG"), "NG"))),"NG") -> OK | X27: - | Y27: - | Z27: - | AA27: - | AB27: -
D28: 補助事業の営業利益 | J28: =J7-J13-J24 -> -1500000 | K28: =K7-K13-K24 -> 1800000 | L28: =L7-L13-L24 -> 3200000 | M28: =M7-M13-M24 -> 4800000 | N28: =N7-N13-N24 -> 0 | O28: =O7-O13-O24 -> 0 | T28: - | U28: - | V28: =IFERROR(IF(AND( ISNUMBER(J28),J28=INT(J28),LEN(ABS(J28))<=12), "OK","NG"),"NG" ) -> OK | W28: =IFERROR(IF($R$5=リスト!$J$3, IF(AND(ISNUMBER(K28),K28=INT(K28),LEN(ABS(K28))<=12, ISNUMBER(L28),L28=INT(L28),LEN(ABS(L28))<=12, ISNUMBER(M28),M28=INT(M28),LEN(ABS(M28))<=12), "OK","NG"), IF($R$5=リスト!$J$4, IF(AND(ISNUMBER(K28),K28=INT(K28),LEN(ABS(K28))<=12, ISNUMBER(L28),L28=INT(L28),LEN(ABS(L28))<=12, ISNUMBER(M28),M28=INT(M28),LEN(ABS(M28))<=12, ISNUMBER(N28),N28=INT(N28),LEN(ABS(N28))<=12), "OK","NG"), IF($R$5=リスト!$J$5, IF(AND(ISNUMBER(K28),K28=INT(K28),LEN(ABS(K28))<=12, ISNUMBER(L28),L28=INT(L28),LEN(ABS(L28))<=12, ISNUMBER(M28),M28=INT(M28),LEN(ABS(M28))<=12, ISNUMBER(N28),N28=INT(N28),LEN(ABS(N28))<=12, ISNUMBER(O28),O28=INT(O28),LEN(ABS(O28))<=12), "OK","NG"), "NG"))),"NG") -> OK | X28: - | Y28: - | Z28: - | AA28: - | AB28: -
C29: 営業外収益 | F29: 1500000 | G29: 1500000 | H29: 1800000 | I29: 1800000 | J29: 1800000 | K29: 1900000 | L29: 2000000 | M29: 2000000 | T29: =IF($R$3=リスト!$B$3, IFERROR(IF(AND( ISNUMBER(F29), F29=INT(F29), F29>=0, LEN(F29)<=12, ISNUMBER(G29), G29=INT(G29), G29>=0, LEN(G29)<=12, ISNUMBER(H29), H29=INT(H29), H29>=0, LEN(H29)<=12), "OK","NG"),"NG"), IF($R$3=リスト!$B$4, IFERROR(IF(AND( ISNUMBER(G29), G29=INT(G29), G29>=0, LEN(G29)<=12, ISNUMBER(H29), H29=INT(H29), H29>=0, LEN(H29)<=12), "OK","NG"),"NG"), IF($R$3=リスト!$B$5, IFERROR(IF(AND( ISNUMBER(H29), H29=INT(H29), H29>=0, LEN(H29)<=12), "OK","NG"),"NG"), "-"))) -> OK | U29: =IFERROR(IF(AND( ISNUMBER(I29),I29=INT(I29),I29>=0,LEN(I29)<=12), "OK","NG"),"NG" ) -> OK | V29: =IFERROR(IF(AND( ISNUMBER(J29),J29=INT(J29),J29>=0,LEN(J29)<=12), "OK","NG"),"NG" ) -> OK | W29: =IFERROR(IF($R$5=リスト!$J$3, IF(AND(ISNUMBER(K29),K29=INT(K29),K29>=0,LEN(K29)<=12, ISNUMBER(L29),L29=INT(L29),L29>=0,LEN(L29)<=12, ISNUMBER(M29),M29=INT(M29),M29>=0,LEN(M29)<=12), "OK","NG"), IF($R$5=リスト!$J$4, IF(AND(ISNUMBER(K29),K29=INT(K29),K29>=0,LEN(K29)<=12, ISNUMBER(L29),L29=INT(L29),L29>=0,LEN(L29)<=12, ISNUMBER(M29),M29=INT(M29),M29>=0,LEN(M29)<=12, ISNUMBER(N29),N29=INT(N29),N29>=0,LEN(N29)<=12), "OK","NG"), IF($R$5=リスト!$J$5, IF(AND(ISNUMBER(K29),K29=INT(K29),K29>=0,LEN(K29)<=12, ISNUMBER(L29),L29=INT(L29),L29>=0,LEN(L29)<=12, ISNUMBER(M29),M29=INT(M29),M29>=0,LEN(M29)<=12, ISNUMBER(N29),N29=INT(N29),N29>=0,LEN(N29)<=12, ISNUMBER(O29),O29=INT(O29),O29>=0,LEN(O29)<=12), "OK","NG"), "NG"))),"NG") -> OK | X29: =IF($R$3=リスト!$B$3, IF(OR($F29="", $G29="", $H29=""), "NG", "OK"), IF($R$3=リスト!$B$4, IF(OR($G29="", $H29=""), "NG", "OK"), IF($R$3=リスト!$B$5, IF($H29="", "NG", "OK"), "-"))) -> OK | Y29: =IF(I29="", "NG", "OK") -> OK | Z29: =IF(J29="", "NG", "OK") -> OK | AA29: =IF($R$5=リスト!$J$3, IF(COUNTA($K29:$M29)<3, "NG", "OK"), IF($R$5=リスト!$J$4, IF(COUNTA($K29:$N29)<4, "NG", "OK"), IF($R$5=リスト!$J$5, IF(COUNTA($K29:$O29)<5, "NG", "OK"), "NG"))) -> OK | AB29: -
C30: 営業外費用 | F30: 3500000 | G30: 3400000 | H30: 3300000 | I30: 3300000 | J30: 3600000 | K30: 3500000 | L30: 3300000 | M30: 3100000 | T30: =IF($R$3=リスト!$B$3, IFERROR(IF(AND( ISNUMBER(F30), F30=INT(F30), F30>=0, LEN(F30)<=12, ISNUMBER(G30), G30=INT(G30), G30>=0, LEN(G30)<=12, ISNUMBER(H30), H30=INT(H30), H30>=0, LEN(H30)<=12), "OK","NG"),"NG"), IF($R$3=リスト!$B$4, IFERROR(IF(AND( ISNUMBER(G30), G30=INT(G30), G30>=0, LEN(G30)<=12, ISNUMBER(H30), H30=INT(H30), H30>=0, LEN(H30)<=12), "OK","NG"),"NG"), IF($R$3=リスト!$B$5, IFERROR(IF(AND( ISNUMBER(H30), H30=INT(H30), H30>=0, LEN(H30)<=12), "OK","NG"),"NG"), "-"))) -> OK | U30: =IFERROR(IF(AND( ISNUMBER(I30),I30=INT(I30),I30>=0,LEN(I30)<=12), "OK","NG"),"NG" ) -> OK | V30: =IFERROR(IF(AND( ISNUMBER(J30),J30=INT(J30),J30>=0,LEN(J30)<=12), "OK","NG"),"NG" ) -> OK | W30: =IFERROR(IF($R$5=リスト!$J$3, IF(AND(ISNUMBER(K30),K30=INT(K30),K30>=0,LEN(K30)<=12, ISNUMBER(L30),L30=INT(L30),L30>=0,LEN(L30)<=12, ISNUMBER(M30),M30=INT(M30),M30>=0,LEN(M30)<=12), "OK","NG"), IF($R$5=リスト!$J$4, IF(AND(ISNUMBER(K30),K30=INT(K30),K30>=0,LEN(K30)<=12, ISNUMBER(L30),L30=INT(L30),L30>=0,LEN(L30)<=12, ISNUMBER(M30),M30=INT(M30),M30>=0,LEN(M30)<=12, ISNUMBER(N30),N30=INT(N30),N30>=0,LEN(N30)<=12), "OK","NG"), IF($R$5=リスト!$J$5, IF(AND(ISNUMBER(K30),K30=INT(K30),K30>=0,LEN(K30)<=12, ISNUMBER(L30),L30=INT(L30),L30>=0,LEN(L30)<=12, ISNUMBER(M30),M30=INT(M30),M30>=0,LEN(M30)<=12, ISNUMBER(N30),N30=INT(N30),N30>=0,LEN(N30)<=12, ISNUMBER(O30),O30=INT(O30),O30>=0,LEN(O30)<=12), "OK","NG"), "NG"))),"NG") -> OK | X30: =IF($R$3=リスト!$B$3, IF(OR($F30="", $G30="", $H30=""), "NG", "OK"), IF($R$3=リスト!$B$4, IF(OR($G30="", $H30=""), "NG", "OK"), IF($R$3=リスト!$B$5, IF($H30="", "NG", "OK"), "-"))) -> OK | Y30: =IF(I30="", "NG", "OK") -> OK | Z30: =IF(J30="", "NG", "OK") -> OK | AA30: =IF($R$5=リスト!$J$3, IF(COUNTA($K30:$M30)<3, "NG", "OK"), IF($R$5=リスト!$J$4, IF(COUNTA($K30:$N30)<4, "NG", "OK"), IF($R$5=リスト!$J$5, IF(COUNTA($K30:$O30)<5, "NG", "OK"), "NG"))) -> OK | AB30: -
C31: 経常利益 (営業利益 + 営業外収益 - 営業外費用) | F31: =F26+F29-F30 -> 7000000 | G31: =G26+G29-G30 -> 7900000 | H31: =H26+H29-H30 -> 9000000 | I31: =I26+I29-I30 -> 9200000 | J31: =J26+J29-J30 -> 7200000 | K31: =K26+K29-K30 -> 8900000 | L31: =L26+L29-L30 -> 11925000 | M31: =M26+M29-M30 -> 14900000 | ... O31: =O26+O29-O30 -> 0 | T31: =IF($R$3=リスト!$B$3, IFERROR(IF(AND( ISNUMBER(F31), F31=INT(F31), LEN(ABS(F31))<=12, ISNUMBER(G31), G31=INT(G31), LEN(ABS(G31))<=12, ISNUMBER(H31), H31=INT(H31), LEN(ABS(H31))<=12), "OK","NG"),"NG"), IF($R$3=リスト!$B$4, IFERROR(IF(AND( ISNUMBER(G31), G31=INT(G31), LEN(ABS(G31))<=12, ISNUMBER(H31), H31=INT(H31), LEN(ABS(H31))<=12), "OK","NG"),"NG"), IF($R$3=リスト!$B$5, IFERROR(IF(AND( ISNUMBER(H31), H31=INT(H31), LEN(ABS(H31))<=12), "OK","NG"),"NG"), "-"))) -> OK | U31: =IFERROR(IF(AND( ISNUMBER(I31),I31=INT(I31),LEN(ABS(I31))<=12), "OK","NG"),"NG" ) -> OK | V31: =IFERROR(IF(AND( ISNUMBER(J31),J31=INT(J31),LEN(ABS(J31))<=12), "OK","NG"),"NG" ) -> OK | W31: =IFERROR(IF($R$5=リスト!$J$3, IF(AND(ISNUMBER(K31),K31=INT(K31),LEN(ABS(K31))<=12, ISNUMBER(L31),L31=INT(L31),LEN(ABS(L31))<=12, ISNUMBER(M31),M31=INT(M31),LEN(ABS(M31))<=12), "OK","NG"), IF($R$5=リスト!$J$4, IF(AND(ISNUMBER(K31),K31=INT(K31),LEN(ABS(K31))<=12, ISNUMBER(L31),L31=INT(L31),LEN(ABS(L31))<=12, ISNUMBER(M31),M31=INT(M31),LEN(ABS(M31))<=12, ISNUMBER(N31),N31=INT(N31),LEN(ABS(N31))<=12), "OK","NG"), IF($R$5=リスト!$J$5, IF(AND(ISNUMBER(K31),K31=INT(K31),LEN(ABS(K31))<=12, ISNUMBER(L31),L31=INT(L31),LEN(ABS(L31))<=12, ISNUMBER(M31),M31=INT(M31),LEN(ABS(M31))<=12, ISNUMBER(N31),N31=INT(N31),LEN(ABS(N31))<=12, ISNUMBER(O31),O31=INT(O31),LEN(ABS(O31))<=12), "OK","NG"), "NG"))),"NG") -> OK | X31: - | Y31: - | Z31: - | AA31: - | AB31: -
C32: 特別利益 | F32: 0 | G32: 0 | H32: 0 | T32: =IF($R$3=リスト!$B$3, IFERROR(IF(AND( ISNUMBER(F32), F32=INT(F32), F32>=0, LEN(F32)<=12, ISNUMBER(G32), G32=INT(G32), G32>=0, LEN(G32)<=12, ISNUMBER(H32), H32=INT(H32), H32>=0, LEN(H32)<=12), "OK","NG"),"NG"), IF($R$3=リスト!$B$4, IFERROR(IF(AND( ISNUMBER(G32), G32=INT(G32), G32>=0, LEN(G32)<=12, ISNUMBER(H32), H32=INT(H32), H32>=0, LEN(H32)<=12), "OK","NG"),"NG"), IF($R$3=リスト!$B$5, IFERROR(IF(AND( ISNUMBER(H32), H32=INT(H32), H32>=0, LEN(H32)<=12), "OK","NG"),"NG"), "-"))) -> OK | U32: - | V32: - | W32: - | X32: =IF($R$3=リスト!$B$3, IF(OR($F32="", $G32="", $H32=""), "NG", "OK"), IF($R$3=リスト!$B$4, IF(OR($G32="", $H32=""), "NG", "OK"), IF($R$3=リスト!$B$5, IF($H32="", "NG", "OK"), "-"))) -> OK | Y32: - | Z32: - | AA32: - | AB32: -
C33: 特別損失 | F33: 0 | G33: 1000000 | H33: 0 | T33: =IF($R$3=リスト!$B$3, IFERROR(IF(AND( ISNUMBER(F33), F33=INT(F33), F33>=0, LEN(F33)<=12, ISNUMBER(G33), G33=INT(G33), G33>=0, LEN(G33)<=12, ISNUMBER(H33), H33=INT(H33), H33>=0, LEN(H33)<=12), "OK","NG"),"NG"), IF($R$3=リスト!$B$4, IFERROR(IF(AND( ISNUMBER(G33), G33=INT(G33), G33>=0, LEN(G33)<=12, ISNUMBER(H33), H33=INT(H33), H33>=0, LEN(H33)<=12), "OK","NG"),"NG"), IF($R$3=リスト!$B$5, IFERROR(IF(AND( ISNUMBER(H33), H33=INT(H33), H33>=0, LEN(H33)<=12), "OK","NG"),"NG"), "-"))) -> OK | U33: - | V33: - | W33: - | X33: =IF($R$3=リスト!$B$3, IF(OR($F33="", $G33="", $H33=""), "NG", "OK"), IF($R$3=リスト!$B$4, IF(OR($G33="", $H33=""), "NG", "OK"), IF($R$3=リスト!$B$5, IF($H33="", "NG", "OK"), "-"))) -> OK | Y33: - | Z33: - | AA33: - | AB33: -
C34: 税引前当期純利益 (経常利益 + 特別利益 - 特別損失) | F34: =F31+F32-F33 -> 7000000 | G34: =G31+G32-G33 -> 6900000 | H34: =H31+H32-H33 -> 9000000 | T34: =IF($R$3=リスト!$B$3, IFERROR(IF(AND( ISNUMBER(F34), F34=INT(F34), LEN(ABS(F34))<=12, ISNUMBER(G34), G34=INT(G34), LEN(ABS(G34))<=12, ISNUMBER(H34), H34=INT(H34), LEN(ABS(H34))<=12), "OK","NG"),"NG"), IF($R$3=リスト!$B$4, IFERROR(IF(AND( ISNUMBER(G34), G34=INT(G34), LEN(ABS(G34))<=12, ISNUMBER(H34), H34=INT(H34), LEN(ABS(H34))<=12), "OK","NG"),"NG"), IF($R$3=リスト!$B$5, IFERROR(IF(AND( ISNUMBER(H34), H34=INT(H34), LEN(ABS(H34))<=12), "OK","NG"),"NG"), "-"))) -> OK | U34: - | V34: - | W34: - | X34: - | Y34: - | Z34: - | AA34: - | AB34: -
C35: 法人税、事業税等 | F35: 2100000 | G35: 2070000 | H35: 2700000 | T35: =IF($R$3=リスト!$B$3, IFERROR(IF(AND( ISNUMBER(F35), F35=INT(F35), LEN(ABS(F35))<=12, ISNUMBER(G35), G35=INT(G35), LEN(ABS(G35))<=12, ISNUMBER(H35), H35=INT(H35), LEN(ABS(H35))<=12), "OK","NG"),"NG"), IF($R$3=リスト!$B$4, IFERROR(IF(AND( ISNUMBER(G35), G35=INT(G35), LEN(ABS(G35))<=12, ISNUMBER(H35), H35=INT(H35), LEN(ABS(H35))<=12), "OK","NG"),"NG"), IF($R$3=リスト!$B$5, IFERROR(IF(AND( ISNUMBER(H35), H35=INT(H35), LEN(ABS(H35))<=12), "OK","NG"),"NG"), "-"))) -> OK | U35: - | V35: - | W35: - | X35: =IF($R$3=リスト!$B$3, IF(OR($F35="", $G35="", $H35=""), "NG", "OK"), IF($R$3=リスト!$B$4, IF(OR($G35="", $H35=""), "NG", "OK"), IF($R$3=リスト!$B$5, IF($H35="", "NG", "OK"), "-"))) -> OK | Y35: - | Z35: - | AA35: - | AB35: -
C36: 当期純利益 (税引前当期純利益 - 法人税、事業税等) | F36: =F34-F35 -> 4900000 | G36: =G34-G35 -> 4830000 | H36: =H34-H35 -> 6300000 | T36: =IF($R$3=リスト!$B$3, IFERROR(IF(AND( ISNUMBER(F36), F36=INT(F36), LEN(ABS(F36))<=12, ISNUMBER(G36), G36=INT(G36), LEN(ABS(G36))<=12, ISNUMBER(H36), H36=INT(H36), LEN(ABS(H36))<=12), "OK","NG"),"NG"), IF($R$3=リスト!$B$4, IFERROR(IF(AND( ISNUMBER(G36), G36=INT(G36), LEN(ABS(G36))<=12, ISNUMBER(H36), H36=INT(H36), LEN(ABS(H36))<=12), "OK","NG"),"NG"), IF($R$3=リスト!$B$5, IFERROR(IF(AND( ISNUMBER(H36), H36=INT(H36), LEN(ABS(H36))<=12), "OK","NG"),"NG"), "-"))) -> OK | U36: - | V36: - | W36: - | X36: - | Y36: - | Z36: - | AA36: - | AB36: -
C37: 付加価値情報 | T37: - | U37: - | V37: - | W37: - | X37: - | Y37: - | Z37: - | AA37: - | AB37: -
C38: 営業利益 (売上総利益 - 販売費及び一般管理費) | F38: =F26 -> 9000000 | G38: =G26 -> 9800000 | H38: =H26 -> 10500000 | I38: =I26 -> 10700000 | J38: =J26 -> 9000000 | K38: =K26 -> 10500000 | L38: =L26 -> 13225000 | M38: =M26 -> 16000000 | ... O38: =O26 -> 0 | T38: =IF($R$3=リスト!$B$3, IFERROR(IF(AND( ISNUMBER(F38), F38=INT(F38), LEN(ABS(F38))<=12, ISNUMBER(G38), G38=INT(G38), LEN(ABS(G38))<=12, ISNUMBER(H38), H38=INT(H38), LEN(ABS(H38))<=12), "OK","NG"),"NG"), IF($R$3=リスト!$B$4, IFERROR(IF(AND( ISNUMBER(G38), G38=INT(G38), LEN(ABS(G38))<=12, ISNUMBER(H38), H38=INT(H38), LEN(ABS(H38))<=12), "OK","NG"),"NG"), IF($R$3=リスト!$B$5, IFERROR(IF(AND( ISNUMBER(H38), H38=INT(H38), LEN(ABS(H38))<=12), "OK","NG"),"NG"), "-"))) -> OK | U38: =IFERROR(IF(AND( ISNUMBER(I38),I38=INT(I38),LEN(ABS(I38))<=12), "OK","NG"),"NG" ) -> OK | V38: =IFERROR(IF(AND( ISNUMBER(J38),J38=INT(J38),LEN(ABS(J38))<=12), "OK","NG"),"NG" ) -> OK | W38: =IFERROR(IF($R$5=リスト!$J$3, IF(AND(ISNUMBER(K38),K38=INT(K38),LEN(ABS(K38))<=12, ISNUMBER(L38),L38=INT(L38),LEN(ABS(L38))<=12, ISNUMBER(M38),M38=INT(M38),LEN(ABS(M38))<=12), "OK","NG"), IF($R$5=リスト!$J$4, IF(AND(ISNUMBER(K38),K38=INT(K38),LEN(ABS(K38))<=12, ISNUMBER(L38),L38=INT(L38),LEN(ABS(L38))<=12, ISNUMBER(M38),M38=INT(M38),LEN(ABS(M38))<=12, ISNUMBER(N38),N38=INT(N38),LEN(ABS(N38))<=12), "OK","NG"), IF($R$5=リスト!$J$5, IF(AND(ISNUMBER(K38),K38=INT(K38),LEN(ABS(K38))<=12, ISNUMBER(L38),L38=INT(L38),LEN(ABS(L38))<=12, ISNUMBER(M38),M38=INT(M38),LEN(ABS(M38))<=12, ISNUMBER(N38),N38=INT(N38),LEN(ABS(N38))<=12, ISNUMBER(O38),O38=INT(O38),LEN(ABS(O38))<=12), "OK","NG"), "NG"))),"NG") -> OK | X38: - | Y38: - | Z38: - | AA38: - | AB38: -
C39: 人件費 (売上原価の労務費 ＋ 販売費及び一般管理費の人件費) | F39: =F9+F18 -> 88800000 | G39: =G9+G18 -> 93900000 | H39: =H9+H18 -> 95000000 | I39: =I9+I18 -> 97000000 | J39: =J9+J18 -> 105815000 | K39: =K9+K18 -> 109840000 | L39: =L9+L18 -> 113970000 | M39: =M9+M18 -> 118320000 | ... O39: =O9+O18 -> 0 | T39: =IF($R$3=リスト!$B$3, IFERROR(IF(AND( ISNUMBER(F39), F39=INT(F39), F39>=0, LEN(F39)<=12, ISNUMBER(G39), G39=INT(G39), G39>=0, LEN(G39)<=12, ISNUMBER(H39), H39=INT(H39), H39>=0, LEN(H39)<=12), "OK","NG"),"NG"), IF($R$3=リスト!$B$4, IFERROR(IF(AND( ISNUMBER(G39), G39=INT(G39), G39>=0, LEN(G39)<=12, ISNUMBER(H39), H39=INT(H39), H39>=0, LEN(H39)<=12), "OK","NG"),"NG"), IF($R$3=リスト!$B$5, IFERROR(IF(AND( ISNUMBER(H39), H39=INT(H39), H39>=0, LEN(H39)<=12), "OK","NG"),"NG"), "-"))) -> OK | U39: =IFERROR(IF(AND( ISNUMBER(I39),I39=INT(I39),I39>=0,LEN(I39)<=12), "OK","NG"),"NG" ) -> OK | V39: =IFERROR(IF(AND( ISNUMBER(J39),J39=INT(J39),J39>=0,LEN(J39)<=12), "OK","NG"),"NG" ) -> OK | W39: =IFERROR(IF($R$5=リスト!$J$3, IF(AND(ISNUMBER(K39),K39=INT(K39),K39>=0,LEN(K39)<=12, ISNUMBER(L39),L39=INT(L39),L39>=0,LEN(L39)<=12, ISNUMBER(M39),M39=INT(M39),M39>=0,LEN(M39)<=12), "OK","NG"), IF($R$5=リスト!$J$4, IF(AND(ISNUMBER(K39),K39=INT(K39),K39>=0,LEN(K39)<=12, ISNUMBER(L39),L39=INT(L39),L39>=0,LEN(L39)<=12, ISNUMBER(M39),M39=INT(M39),M39>=0,LEN(M39)<=12, ISNUMBER(N39),N39=INT(N39),N39>=0,LEN(N39)<=12), "OK","NG"), IF($R$5=リスト!$J$5, IF(AND(ISNUMBER(K39),K39=INT(K39),K39>=0,LEN(K39)<=12, ISNUMBER(L39),L39=INT(L39),L39>=0,LEN(L39)<=12, ISNUMBER(M39),M39=INT(M39),M39>=0,LEN(M39)<=12, ISNUMBER(N39),N39=INT(N39),N39>=0,LEN(N39)<=12, ISNUMBER(O39),O39=INT(O39),O39>=0,LEN(O39)<=12), "OK","NG"), "NG"))),"NG") -> OK | X39: - | Y39: - | Z39: - | AA39: - | AB39: -
C40: 減価償却費 (売上原価の減価償却費 + 販管費の減価償却費) | F40: =F10+F19 -> 14000000 | G40: =G10+G19 -> 14500000 | H40: =H10+H19 -> 15000000 | I40: =I10+I19 -> 15500000 | J40: =J10+J19 -> 16700000 | K40: =K10+K19 -> 17650000 | L40: =L10+L19 -> 17900000 | M40: =M10+M19 -> 18050000 | ... O40: =O10+O19 -> 0 | T40: =IF($R$3=リスト!$B$3, IFERROR(IF(AND( ISNUMBER(F40), F40=INT(F40), F40>=0, LEN(F40)<=12, ISNUMBER(G40), G40=INT(G40), G40>=0, LEN(G40)<=12, ISNUMBER(H40), H40=INT(H40), H40>=0, LEN(H40)<=12), "OK","NG"),"NG"), IF($R$3=リスト!$B$4, IFERROR(IF(AND( ISNUMBER(G40), G40=INT(G40), G40>=0, LEN(G40)<=12, ISNUMBER(H40), H40=INT(H40), H40>=0, LEN(H40)<=12), "OK","NG"),"NG"), IF($R$3=リスト!$B$5, IFERROR(IF(AND( ISNUMBER(H40), H40=INT(H40), H40>=0, LEN(H40)<=12), "OK","NG"),"NG"), "-"))) -> OK | U40: =IFERROR(IF(AND( ISNUMBER(I40),I40=INT(I40),I40>=0,LEN(I40)<=12), "OK","NG"),"NG" ) -> OK | V40: =IFERROR(IF(AND( ISNUMBER(J40),J40=INT(J40),J40>=0,LEN(J40)<=12), "OK","NG"),"NG" ) -> OK | W40: =IFERROR(IF($R$5=リスト!$J$3, IF(AND(ISNUMBER(K40),K40=INT(K40),K40>=0,LEN(K40)<=12, ISNUMBER(L40),L40=INT(L40),L40>=0,LEN(L40)<=12, ISNUMBER(M40),M40=INT(M40),M40>=0,LEN(M40)<=12), "OK","NG"), IF($R$5=リスト!$J$4, IF(AND(ISNUMBER(K40),K40=INT(K40),K40>=0,LEN(K40)<=12, ISNUMBER(L40),L40=INT(L40),L40>=0,LEN(L40)<=12, ISNUMBER(M40),M40=INT(M40),M40>=0,LEN(M40)<=12, ISNUMBER(N40),N40=INT(N40),N40>=0,LEN(N40)<=12), "OK","NG"), IF($R$5=リスト!$J$5, IF(AND(ISNUMBER(K40),K40=INT(K40),K40>=0,LEN(K40)<=12, ISNUMBER(L40),L40=INT(L40),L40>=0,LEN(L40)<=12, ISNUMBER(M40),M40=INT(M40),M40>=0,LEN(M40)<=12, ISNUMBER(N40),N40=INT(N40),N40>=0,LEN(N40)<=12, ISNUMBER(O40),O40=INT(O40),O40>=0,LEN(O40)<=12), "OK","NG"), "NG"))),"NG") -> OK | X40: - | Y40: - | Z40: - | AA40: - | AB40: -
D41: 既存事業の減価償却費 | F41: =F12+F23 -> 14000000 | G41: =G12+G23 -> 14500000 | H41: =H12+H23 -> 15000000 | I41: =I12+I23 -> 15500000 | J41: =J12+J23 -> 16000000 | K41: =K12+K23 -> 16300000 | L41: =L12+L23 -> 16550000 | M41: =M12+M23 -> 16700000 | ... O41: =O12+O23 -> 0 | T41: =IF($R$3=リスト!$B$3, IFERROR(IF(AND( ISNUMBER(F41), F41=INT(F41), F41>=0, LEN(F41)<=12, ISNUMBER(G41), G41=INT(G41), G41>=0, LEN(G41)<=12, ISNUMBER(H41), H41=INT(H41), H41>=0, LEN(H41)<=12), "OK","NG"),"NG"), IF($R$3=リスト!$B$4, IFERROR(IF(AND( ISNUMBER(G41), G41=INT(G41), G41>=0, LEN(G41)<=12, ISNUMBER(H41), H41=INT(H41), H41>=0, LEN(H41)<=12), "OK","NG"),"NG"), IF($R$3=リスト!$B$5, IFERROR(IF(AND( ISNUMBER(H41), H41=INT(H41), H41>=0, LEN(H41)<=12), "OK","NG"),"NG"), "-"))) -> OK | U41: =IFERROR(IF(AND( ISNUMBER(I41),I41=INT(I41),I41>=0,LEN(I41)<=12), "OK","NG"),"NG" ) -> OK | V41: =IFERROR(IF(AND( ISNUMBER(J41),J41=INT(J41),J41>=0,LEN(J41)<=12), "OK","NG"),"NG" ) -> OK | W41: =IFERROR(IF($R$5=リスト!$J$3, IF(AND(ISNUMBER(K41),K41=INT(K41),K41>=0,LEN(K41)<=12, ISNUMBER(L41),L41=INT(L41),L41>=0,LEN(L41)<=12, ISNUMBER(M41),M41=INT(M41),M41>=0,LEN(M41)<=12), "OK","NG"), IF($R$5=リスト!$J$4, IF(AND(ISNUMBER(K41),K41=INT(K41),K41>=0,LEN(K41)<=12, ISNUMBER(L41),L41=INT(L41),L41>=0,LEN(L41)<=12, ISNUMBER(M41),M41=INT(M41),M41>=0,LEN(M41)<=12, ISNUMBER(N41),N41=INT(N41),N41>=0,LEN(N41)<=12), "OK","NG"), IF($R$5=リスト!$J$5, IF(AND(ISNUMBER(K41),K41=INT(K41),K41>=0,LEN(K41)<=12, ISNUMBER(L41),L41=INT(L41),L41>=0,LEN(L41)<=12, ISNUMBER(M41),M41=INT(M41),M41>=0,LEN(M41)<=12, ISNUMBER(N41),N41=INT(N41),N41>=0,LEN(N41)<=12, ISNUMBER(O41),O41=INT(O41),O41>=0,LEN(O41)<=12), "OK","NG"), "NG"))),"NG") -> OK | X41: - | Y41: - | Z41: - | AA41: - | AB41: -
D42: 補助事業の減価償却費 | J42: =J14+J25 -> 700000 | K42: =K14+K25 -> 1350000 | L42: =L14+L25 -> 1350000 | M42: =M14+M25 -> 1350000 | N42: =N14+N25 -> 0 | O42: =O14+O25 -> 0 | T42: - | U42: - | V42: =IFERROR(IF(AND( ISNUMBER(J42),J42=INT(J42),J42>=0,LEN(J42)<=12), "OK","NG"),"NG" ) -> OK | W42: =IFERROR(IF($R$5=リスト!$J$3, IF(AND(ISNUMBER(K42),K42=INT(K42),K42>=0,LEN(K42)<=12, ISNUMBER(L42),L42=INT(L42),L42>=0,LEN(L42)<=12, ISNUMBER(M42),M42=INT(M42),M42>=0,LEN(M42)<=12), "OK","NG"), IF($R$5=リスト!$J$4, IF(AND(ISNUMBER(K42),K42=INT(K42),K42>=0,LEN(K42)<=12, ISNUMBER(L42),L42=INT(L42),L42>=0,LEN(L42)<=12, ISNUMBER(M42),M42=INT(M42),M42>=0,LEN(M42)<=12, ISNUMBER(N42),N42=INT(N42),N42>=0,LEN(N42)<=12), "OK","NG"), IF($R$5=リスト!$J$5, IF(AND(ISNUMBER(K42),K42=INT(K42),K42>=0,LEN(K42)<=12, ISNUMBER(L42),L42=INT(L42),L42>=0,LEN(L42)<=12, ISNUMBER(M42),M42=INT(M42),M42>=0,LEN(M42)<=12, ISNUMBER(N42),N42=INT(N42),N42>=0,LEN(N42)<=12, ISNUMBER(O42),O42=INT(O42),O42>=0,LEN(O42)<=12), "OK","NG"), "NG"))),"NG") -> OK | X42: - | Y42: - | Z42: - | AA42: - | AB42: -
C43: 付加価値額 (営業利益＋人件費＋減価償却費) | F43: =F38+F39+F40 -> 111800000 | G43: =G38+G39+G40 -> 118200000 | H43: =H38+H39+H40 -> 120500000 | I43: =I38+I39+I40 -> 123200000 | J43: =J38+J39+J40 -> 131515000 | K43: =K38+K39+K40 -> 137990000 | L43: =L38+L39+L40 -> 145095000 | M43: =M38+M39+M40 -> 152370000 | ... O43: =O38+O39+O40 -> 0 | T43: =IF($R$3=リスト!$B$3, IFERROR(IF(AND( ISNUMBER(F43), F43=INT(F43), LEN(ABS(F43))<=12, ISNUMBER(G43), G43=INT(G43), LEN(ABS(G43))<=12, ISNUMBER(H43), H43=INT(H43), LEN(ABS(H43))<=12), "OK","NG"),"NG"), IF($R$3=リスト!$B$4, IFERROR(IF(AND( ISNUMBER(G43), G43=INT(G43), LEN(ABS(G43))<=12, ISNUMBER(H43), H43=INT(H43), LEN(ABS(H43))<=12), "OK","NG"),"NG"), IF($R$3=リスト!$B$5, IFERROR(IF(AND( ISNUMBER(H43), H43=INT(H43), LEN(ABS(H43))<=12), "OK","NG"),"NG"), "-"))) -> OK | U43: =IFERROR(IF(AND( ISNUMBER(I43),I43=INT(I43),LEN(ABS(I43))<=12), "OK","NG"),"NG" ) -> OK | V43: =IFERROR(IF(AND( ISNUMBER(J43),J43=INT(J43),LEN(ABS(J43))<=12), "OK","NG"),"NG" ) -> OK | W43: =IFERROR(IF($R$5=リスト!$J$3, IF(AND(ISNUMBER(K43),K43=INT(K43),LEN(ABS(K43))<=12, ISNUMBER(L43),L43=INT(L43),LEN(ABS(L43))<=12, ISNUMBER(M43),M43=INT(M43),LEN(ABS(M43))<=12), "OK","NG"), IF($R$5=リスト!$J$4, IF(AND(ISNUMBER(K43),K43=INT(K43),LEN(ABS(K43))<=12, ISNUMBER(L43),L43=INT(L43),LEN(ABS(L43))<=12, ISNUMBER(M43),M43=INT(M43),LEN(ABS(M43))<=12, ISNUMBER(N43),N43=INT(N43),LEN(ABS(N43))<=12), "OK","NG"), IF($R$5=リスト!$J$5, IF(AND(ISNUMBER(K43),K43=INT(K43),LEN(ABS(K43))<=12, ISNUMBER(L43),L43=INT(L43),LEN(ABS(L43))<=12, ISNUMBER(M43),M43=INT(M43),LEN(ABS(M43))<=12, ISNUMBER(N43),N43=INT(N43),LEN(ABS(N43))<=12, ISNUMBER(O43),O43=INT(O43),LEN(ABS(O43))<=12), "OK","NG"), "NG"))),"NG") -> OK | X43: - | Y43: - | Z43: - | AA43: - | AB43: -
C44: 付加価値額の年平均成長率 (％) | K44: =IF(K43=0,0, IFERROR(ROUNDDOWN(((K43/$J$43)^(1/LEFT(K$2,1))-1)*100,1),0)) -> 4.9 | L44: =IF(L43=0,0, IFERROR(ROUNDDOWN(((L43/$J$43)^(1/LEFT(L$2,1))-1)*100,1),0)) -> 5 | M44: =IF(M43=0,0, IFERROR(ROUNDDOWN(((M43/$J$43)^(1/LEFT(M$2,1))-1)*100,1),0)) -> 5 | N44: =IF(N43=0,0, IFERROR(ROUNDDOWN(((N43/$J$43)^(1/LEFT(N$2,1))-1)*100,1),0)) -> 0 | O44: =IF(O43=0,0, IFERROR(ROUNDDOWN(((O43/$J$43)^(1/LEFT(O$2,1))-1)*100,1),0)) -> 0 | T44: - | U44: - | V44: - | W44: - | X44: - | Y44: - | Z44: - | AA44: - | AB44: -
C45: 雇用・賃金情報 | T45: - | U45: - | V45: - | W45: - | X45: - | Y45: - | Z45: - | AA45: - | AB45: -
C46: 役員数 (人) | F46: 3 | G46: 3 | H46: 3 | I46: 3 | J46: 3 | K46: 3 | L46: 3 | M46: 3 | T46: =IF($R$3=リスト!$B$3, IFERROR(IF(AND( ISNUMBER(F46), F46>=0, LEN(INT(F46))<=3, F46=ROUND(F46,0), ISNUMBER(G46), G46>=0, LEN(INT(G46))<=3, G46=ROUND(G46,0), ISNUMBER(H46), H46>=0, LEN(INT(H46))<=3, H46=ROUND(H46,0)), "OK","NG"),"NG"), IF($R$3=リスト!$B$4, IFERROR(IF(AND( ISNUMBER(G46), G46>=0, LEN(INT(G46))<=3, G46=ROUND(G46,0), ISNUMBER(H46), H46>=0, LEN(INT(H46))<=3, H46=ROUND(H46,0)), "OK","NG"),"NG"), IF($R$3=リスト!$B$5, IFERROR(IF(AND( ISNUMBER(H46), H46>=0, LEN(INT(H46))<=3, H46=ROUND(H46,0)), "OK","NG"),"NG"), "-"))) -> OK | U46: =IFERROR(IF(AND( ISNUMBER(I46),I46>=0,LEN(INT(I46))<=3,I46=ROUND(I46,0)), "OK","NG"),"NG" ) -> OK | V46: =IFERROR(IF(AND( ISNUMBER(J46),J46>=0,LEN(INT(J46))<=3,J46=ROUND(J46,0)), "OK","NG"),"NG" ) -> OK | W46: =IFERROR(IF($R$5=リスト!$J$3, IF(AND(ISNUMBER(K46),K46>=0,LEN(INT(K46))<=3,K46=ROUND(K46,0), ISNUMBER(L46),L46>=0,LEN(INT(L46))<=3,L46=ROUND(L46,0), ISNUMBER(M46),M46>=0,LEN(INT(M46))<=3,M46=ROUND(M46,0)), "OK","NG"), IF($R$5=リスト!$J$4, IF(AND(ISNUMBER(K46),K46>=0,LEN(INT(K46))<=3,K46=ROUND(K46,0), ISNUMBER(L46),L46>=0,LEN(INT(L46))<=3,L46=ROUND(L46,0), ISNUMBER(M46),M46>=0,LEN(INT(M46))<=3,M46=ROUND(M46,0), ISNUMBER(N46),N46>=0,LEN(INT(N46))<=3,N46=ROUND(N46,0)), "OK","NG"), IF($R$5=リスト!$J$5, IF(AND(ISNUMBER(K46),K46>=0,LEN(INT(K46))<=3,K46=ROUND(K46,0), ISNUMBER(L46),L46>=0,LEN(INT(L46))<=3,L46=ROUND(L46,0), ISNUMBER(M46),M46>=0,LEN(INT(M46))<=3,M46=ROUND(M46,0), ISNUMBER(N46),N46>=0,LEN(INT(N46))<=3,N46=ROUND(N46,0), ISNUMBER(O46),O46>=0,LEN(INT(O46))<=3,O46=ROUND(O46,0)), "OK","NG"), "NG"))),"NG") -> OK | X46: =IF($R$3=リスト!$B$3, IF(OR($F46="", $G46="", $H46=""), "NG", "OK"), IF($R$3=リスト!$B$4, IF(OR($G46="", $H46=""), "NG", "OK"), IF($R$3=リスト!$B$5, IF($H46="", "NG", "OK"), "-"))) -> OK | Y46: =IF(I46="", "NG", "OK") -> OK | Z46: =IF(J46="", "NG", "OK") -> OK | AA46: =IF($R$5=リスト!$J$3, IF(COUNTA($K46:$M46)<3, "NG", "OK"), IF($R$5=リスト!$J$4, IF(COUNTA($K46:$N46)<4, "NG", "OK"), IF($R$5=リスト!$J$5, IF(COUNTA($K46:$O46)<5, "NG", "OK"), "NG"))) -> OK | AB46: -
C47: 役員報酬 (販売費及び一般管理費のうち) | F47: 18000000 | G47: 18000000 | H47: 18000000 | I47: 18000000 | J47: 18500000 | K47: 19000000 | L47: 19500000 | M47: 20000000 | T47: =IF($R$3=リスト!$B$3, IFERROR(IF(AND( ISNUMBER(F47), F47=INT(F47), F47>=0, LEN(F47)<=12, ISNUMBER(G47), G47=INT(G47), G47>=0, LEN(G47)<=12, ISNUMBER(H47), H47=INT(H47), H47>=0, LEN(H47)<=12), "OK","NG"),"NG"), IF($R$3=リスト!$B$4, IFERROR(IF(AND( ISNUMBER(G47), G47=INT(G47), G47>=0, LEN(G47)<=12, ISNUMBER(H47), H47=INT(H47), H47>=0, LEN(H47)<=12), "OK","NG"),"NG"), IF($R$3=リスト!$B$5, IFERROR(IF(AND( ISNUMBER(H47), H47=INT(H47), H47>=0, LEN(H47)<=12), "OK","NG"),"NG"), "-"))) -> OK | U47: =IFERROR(IF(AND( ISNUMBER(I47),I47=INT(I47),I47>=0,LEN(I47)<=12), "OK","NG"),"NG" ) -> OK | V47: =IFERROR(IF(AND( ISNUMBER(J47),J47=INT(J47),J47>=0,LEN(J47)<=12), "OK","NG"),"NG" ) -> OK | W47: =IFERROR(IF($R$5=リスト!$J$3, IF(AND(ISNUMBER(K47),K47=INT(K47),K47>=0,LEN(K47)<=12, ISNUMBER(L47),L47=INT(L47),L47>=0,LEN(L47)<=12, ISNUMBER(M47),M47=INT(M47),M47>=0,LEN(M47)<=12), "OK","NG"), IF($R$5=リスト!$J$4, IF(AND(ISNUMBER(K47),K47=INT(K47),K47>=0,LEN(K47)<=12, ISNUMBER(L47),L47=INT(L47),L47>=0,LEN(L47)<=12, ISNUMBER(M47),M47=INT(M47),M47>=0,LEN(M47)<=12, ISNUMBER(N47),N47=INT(N47),N47>=0,LEN(N47)<=12), "OK","NG"), IF($R$5=リスト!$J$5, IF(AND(ISNUMBER(K47),K47=INT(K47),K47>=0,LEN(K47)<=12, ISNUMBER(L47),L47=INT(L47),L47>=0,LEN(L47)<=12, ISNUMBER(M47),M47=INT(M47),M47>=0,LEN(M47)<=12, ISNUMBER(N47),N47=INT(N47),N47>=0,LEN(N47)<=12, ISNUMBER(O47),O47=INT(O47),O47>=0,LEN(O47)<=12), "OK","NG"), "NG"))),"NG") -> OK | X47: =IF($R$3=リスト!$B$3, IF(OR($F47="", $G47="", $H47=""), "NG", "OK"), IF($R$3=リスト!$B$4, IF(OR($G47="", $H47=""), "NG", "OK"), IF($R$3=リスト!$B$5, IF($H47="", "NG", "OK"), "-"))) -> OK | Y47: =IF(I47="", "NG", "OK") -> OK | Z47: =IF(J47="", "NG", "OK") -> OK | AA47: =IF($R$5=リスト!$J$3, IF(COUNTA($K47:$M47)<3, "NG", "OK"), IF($R$5=リスト!$J$4, IF(COUNTA($K47:$N47)<4, "NG", "OK"), IF($R$5=リスト!$J$5, IF(COUNTA($K47:$O47)<5, "NG", "OK"), "NG"))) -> OK | AB47: -
